Workbook
Name _Toc467769469: '2PORH'!#REF!
Name _Toc467769470: '3PSMV'!#REF!
Name _Toc467769471: '4UsoAguas'!#REF!
Name _Toc467769472: '5PUEAA'!#REF!
Name _Toc467769473: '6POMCASejec'!#REF!
Name _Toc467769474: '7Clima'!#REF!
Name _Toc467769475: '8Suelo'!#REF!
Name _Toc467769476: '9RUNAP'!$B$6
Name _Toc467769477: '10Paramos'!#REF!
Name _Toc467769478: '11Forest'!#REF!
Name _Toc467769479: '12PlanesAP'!#REF!
Name _Toc467769480: '13Amenaz'!#REF!
Name _Toc467769481: '14Invasor'!#REF!
Name _Toc467769482: '15Restaura'!#REF!
Name _Toc467769483: '16MIZC'!#REF!
Name _Toc467769484: '17PGIRS'!#REF!
Name _Toc467769485: '18Sector'!#REF!
Name _Toc467769486: '19GAU'!#REF!
Name _Toc467769487: '20Negoc'!#REF!
Name _Toc467769488: '21TiempoT'!#REF!
Name _Toc467769489: '22Autor'!#REF!
Name _Toc467769490: '23Sanc'!#REF!
Name _Toc467769491: '24POT'!#REF!
Name _Toc467769492: '25Redes'!#REF!
Name _Toc467769493: '26SIAC'!#REF!
Name _Toc467769494: '27Educa'!#REF!
Name Lista_CAR: 'Datos Generales'!$H$5:$H$37
Name REPORTE: Formulas!$F$33:$F$34
Name SI: Formulas!$D$33:$D$34
Name Vigencias: 'Datos Generales'!$H$39:$H$46

Sheet Datos Generales
A2: ANEXOS INFORME DE SEGUIMIENTO AL PLAN DE ACCIÓN 2020-2023
B5: Nombre de la Corporación | H5: Corporación Autónoma Regional del Alto Magdalena - CAM
B6: Periodo a reportar | H6: Corporación Autónoma Regional de Cundinamarca – CAR
B7: Nombre de la persona responsable del reporte | H7: Corporación Autónoma Regional del Canal del Dique – CARDIQUE
B8: Dependencia | H8: Corporación Autónoma Regional de Sucre – CARSUCRE
B9: Cargo | H9: Corporación Autónoma Regional de Santander – CAS
B10: Correo electrónico | H10: Corporación para el Desarrollo Sostenible del Norte y el Oriente Amazónico – CDA
B11: Teléfono | H11: Corporación Autónoma Regional para la Defensa de la Meseta de Bucaramanga – CDMB
H12: Corporación Autónoma Regional para el Desarrollo Sostenible del Chocó – CODECHOCÓ
H13: Corporación para el Desarrollo Sostenible del Archipiélago de San Andrés, Providencia y Santa Catalina – CORALINA
H14: Corporación Autónoma Regional del Centro de Antioquia – CORANTIOQUIA
H15: Corporación para el Desarrollo Sostenible del Área de Manejo Especial de La Macarena – CORMACARENA
H16: Corporación Autónoma Regional de las Cuencas de los Ríos Negro y Nare – CORNARE
H17: Corporación Autónoma Regional del Magdalena – CORPAMAG
H18: Corporación para el Desarrollo Sostenible del Sur de la Amazonia – CORPOAMAZONIA
H19: Corporación Autónoma Regional de Boyacá – CORPOBOYACÁ
H20: Corporación Autónoma Regional de Caldas – CORPOCALDAS
H21: Corporación Autónoma Regional del Cesar – CORPOCESAR
H22: Corporación Autónoma Regional de Chivor – CORPOCHIVOR
H23: Corporación Autónoma Regional de La Guajira – CORPOGUAJIRA
... H58: 2025-II

Sheet Anexo 1 Matriz Inf Gestión
A2: =+'Datos Generales'!C5 -> 0
A3: MATRIZ DE SEGUIMIENTO DEL PLAN DE ACCIÓN ANEXO No. 1. AVANCE EN LAS METAS FÍSICAS Y FINANCIERAS DEL PLAN DE ACCIÓN
A4: PERIODO REPORTADO: | B4: ='Datos Generales'!C6 -> 0
A5: (1) PROGRAMAS - PROYECTOS DEL PLAN DE ACCIÓN 2020-2023 (inserte filas cuando sea necesario) | B5: COMPORTAMIENTO META FISICA PLAN DE ACCION | L5: META FINANCIERA PLAN DE ACCION | U5: (20) OBSERVACIONES | V5: (27) PROGRAMA DE INVERSIÓN PUBLICA A LA QUE APORTA | W5: (28) IMG AL QUE APORTA | X5: (29) ODS AL QUE LE APORTA
B6: (2) UNIDAD DE MEDIDA | C6: (3) META FISICA ANUAL (Según unidad de medida) | D6: (4) AVANCE DE LA META FISICA (Según unidad de medida y Periodo Evaluado) | E6: (5) PORCENTAJE DE AVANCE FISICO % (Periodo Evaluado) ((4/3)*100) | F6: (5-A) DESCRIPCIÓN DEL AVANCE (Se puede describir en texto lo que se desea aclarar del avance númerico respectivo) | G6: (6) PORCENTAJE DE AVANCE PROCESO DE GESTION DE LA META FISICA (aplica unicamente para el informe del primer semestre) | H6: (7) META FISICA DEL PLAN (Según unidad de medida) | I6: (8) ACUMULADO DE LA META FISICA (Según unidad de medida) | J6: (9) PORCENTAJE DE AVANCE FISICO ACUMULADO % ((8/7)*100) | K6: (10) PONDERACIONES DE PROGRAMAS Y PROYECTOS (OPCIONAL DE ACUERDO AL PLAN DE ACCIÓN) | L6: (11) META FINANCIERA ANUAL ($) | M6: (12) AVANCE DE LA META FINANCIERA (Recursos comprometidos periodo Evaluado) ($) | N6: (13) PORCENTAJE DEL AVANCE FINANCIERO % (Periodo Evaluado) ((12/11)*100) | O6: (14) AVANCE DE LOS RECURSOS OBLIGADOS $ | P6: (15) PORCENTAJE DE AVANCE DE LOS RECURSOS OBLIGADOS ((14/12)*100) | Q6: (16) RESERVA PRESUPUESTAL $ (12-14) | R6: (17) META FINANCIERA DEL PLAN ($) | S6: (18) ACUMULADO DE LA META FINANCIERA $ | T6: (19) PORCENTAJE DE AVANCE FINANCIERO ACUMULADO % ((18/17)*100)
N7: =+M7/L7 -> #DIV/0! | P7: =+O7/M7 -> #DIV/0! | Q7: =+M7-O7 -> 0
N8: =+M8/L8 -> #DIV/0! | P8: =+O8/M8 -> #DIV/0! | Q8: =+M8-O8 -> 0
N9: =+M9/L9 -> #DIV/0! | P9: =+O9/M9 -> #DIV/0! | Q9: =+M9-O9 -> 0
N10: =+M10/L10 -> #DIV/0! | P10: =+O10/M10 -> #DIV/0! | Q10: =+M10-O10 -> 0
N11: =+M11/L11 -> #DIV/0! | P11: =+O11/M11 -> #DIV/0! | Q11: =+M11-O11 -> 0
N12: =+M12/L12 -> #DIV/0! | P12: =+O12/M12 -> #DIV/0! | Q12: =+M12-O12 -> 0
N13: =+M13/L13 -> #DIV/0! | P13: =+O13/M13 -> #DIV/0! | Q13: =+M13-O13 -> 0
N14: =+M14/L14 -> #DIV/0! | P14: =+O14/M14 -> #DIV/0! | Q14: =+M14-O14 -> 0
N15: =+M15/L15 -> #DIV/0! | P15: =+O15/M15 -> #DIV/0! | Q15: =+M15-O15 -> 0
N16: =+M16/L16 -> #DIV/0! | P16: =+O16/M16 -> #DIV/0! | Q16: =+M16-O16 -> 0
N17: =+M17/L17 -> #DIV/0! | P17: =+O17/M17 -> #DIV/0! | Q17: =+M17-O17 -> 0
N18: =+M18/L18 -> #DIV/0! | P18: =+O18/M18 -> #DIV/0! | Q18: =+M18-O18 -> 0
... N33: =+M33/L33 -> #DIV/0! | P33: =+O33/M33 -> #DIV/0! | Q33: =+M33-O33 -> 0
A34: Proyecto No 2.n. | N34: =+M34/L34 -> #DIV/0! | P34: =+O34/M34 -> #DIV/0! | Q34: =+M34-O34 -> 0
A35: Actividad No 2.n.1 | N35: =+M35/L35 -> #DIV/0! | P35: =+O35/M35 -> #DIV/0! | Q35: =+M35-O35 -> 0
N36: =+M36/L36 -> #DIV/0! | P36: =+O36/M36 -> #DIV/0! | Q36: =+M36-O36 -> 0
A37: Actividad No 2.n.n | N37: =+M37/L37 -> #DIV/0! | P37: =+O37/M37 -> #DIV/0! | Q37: =+M37-O37 -> 0
A38: :::::::: | N38: =+M38/L38 -> #DIV/0! | P38: =+O38/M38 -> #DIV/0! | Q38: =+M38-O38 -> 0
A39: PROGRAMA No N | N39: =+M39/L39 -> #DIV/0! | P39: =+O39/M39 -> #DIV/0! | Q39: =+M39-O39 -> 0
A40: Proyecto No N.1. | N40: =+M40/L40 -> #DIV/0! | P40: =+O40/M40 -> #DIV/0! | Q40: =+M40-O40 -> 0
A41: Actividad No N.1.1 | N41: =+M41/L41 -> #DIV/0! | P41: =+O41/M41 -> #DIV/0! | Q41: =+M41-O41 -> 0
N42: =+M42/L42 -> #DIV/0! | P42: =+O42/M42 -> #DIV/0! | Q42: =+M42-O42 -> 0
A43: Actividad No N.1.n | N43: =+M43/L43 -> #DIV/0! | P43: =+O43/M43 -> #DIV/0! | Q43: =+M43-O43 -> 0
A44: :::::::: | N44: =+M44/L44 -> #DIV/0! | P44: =+O44/M44 -> #DIV/0! | Q44: =+M44-O44 -> 0
A45: Proyecto No N.2. | N45: =+M45/L45 -> #DIV/0! | P45: =+O45/M45 -> #DIV/0! | Q45: =+M45-O45 -> 0
A46: Actividad No N.2.1 | N46: =+M46/L46 -> #DIV/0! | P46: =+O46/M46 -> #DIV/0! | Q46: =+M46-O46 -> 0
N47: =+M47/L47 -> #DIV/0! | P47: =+O47/M47 -> #DIV/0! | Q47: =+M47-O47 -> 0
A48: Actividad No N.2.n | N48: =+M48/L48 -> #DIV/0! | P48: =+O48/M48 -> #DIV/0! | Q48: =+M48-O48 -> 0
A49: :::::::: | N49: =+M49/L49 -> #DIV/0! | P49: =+O49/M49 -> #DIV/0! | Q49: =+M49-O49 -> 0
A50: Proyecto No N.n. | N50: =+M50/L50 -> #DIV/0! | P50: =+O50/M50 -> #DIV/0! | Q50: =+M50-O50 -> 0
A51: Actividad No N.n.1 | N51: =+M51/L51 -> #DIV/0! | P51: =+O51/M51 -> #DIV/0! | Q51: =+M51-O51 -> 0
N52: =+M52/L52 -> #DIV/0! | P52: =+O52/M52 -> #DIV/0! | Q52: =+M52-O52 -> 0
A53: Actividad No N.n.n | N53: =+M53/L53 -> #DIV/0! | P53: =+O53/M53 -> #DIV/0! | Q53: =+M53-O53 -> 0
A54: :::::::: | N54: =+M54/L54 -> #DIV/0! | P54: =+O54/M54 -> #DIV/0! | Q54: =+M54-O54 -> 0
A55: (18) TOTAL METAS FISICAS Y FINANCIERAS* | E55: =+(E7*$K$7) -> 0 | G55: =+(G7*$K$7) -> 0 | J55: =+(J7*$K$7) -> 0 | L55: =+L7 -> 0 | M55: =+M7 -> 0 | N55: =+M55/L55 -> #DIV/0! | P55: =+O55/M55 -> #DIV/0! | Q55: =+M55-O55 -> 0 | R55: =+R7 -> 0 | S55: =+S7 -> 0 | T55: =+S55/R55 -> #DIV/0!
A56: *El total de las metas fisicas y financieras sera el resultado de una sumatoria, promedios aritmetico o ponderados segun el caso y solo se aplica para las columnas relacionadas con porcentajes de avance y metas financieras.

Sheet Hoja1
A1: 3201 – Fortalecimiento del desempeño ambiental de los sectores productivos. | B1: Porcentaje de avance en la formulación y/o ajuste de los Planes de Ordenación y Manejo de Cuencas (POMCAS), Planes de Manejo de Acuíferos (PMA) y Planes de Manejo de Microcuencas (PMM)
A2: 3202 – Conservación de la biodiversidad y sus servicios ecosistémicos. | B2: Porcentaje de cuerpos de agua con planes de ordenamiento del recurso hídrico (PORH) adoptados
A3: 3203 – Gestión integral del recurso hídrico. | B3: Porcentaje de Planes de Saneamiento y Manejo de Vertimientos (PSMV) con seguimiento
A4: 3204 – Gestión de la información y el conocimiento ambiental. | B4: Porcentaje de cuerpos de agua con reglamentación del uso de las aguas
A5: 3205 – Ordenamiento ambiental territorial. | B5: Porcentaje de Programas de Uso Eficiente y Ahorro del Agua (PUEAA) con seguimiento
A6: 3206 – Gestión del cambio climático para un desarrollo bajo en carbono y resiliente al clima. | B6: Porcentaje de Planes de Ordenación y Manejo de Cuencas (POMCAS), Planes de Manejo de Acuíferos (PMA) y Planes de Manejo de Microcuencas (PMM) en ejecución
A7: 3207 – Gestión integral de mares, costas y recursos acuáticos. | B7: Porcentaje de entes territoriales asesorados en la incorporación, planificación y ejecución de acciones relacionadas con cambio climático en el marco de los instrumentos de planificación territorial
A8: 3208 – Educación Ambiental. | B8: Porcentaje de suelos degradados en recuperación o rehabilitación
A9: 3299 – Fortalecimiento de la gestión y dirección del Sector Ambiente y Desarrollo Sostenible. | B9: Porcentaje de la superficie de áreas protegidas regionales declaradas, homologadas o recategorizadas, inscritas en el RUNAP
A10: No Aplica | B10: Porcentaje de páramos delimitados por el MADS, con zonificación y régimen de usos adoptados por la CAR
B11: Porcentaje de avance en la formulación del Plan de Ordenación Forestal
B12: Porcentaje de áreas protegidas con planes de manejo en ejecución
B13: Porcentaje de especies amenazadas con medidas de conservación y manejo en ejecución
B14: Porcentaje de especies invasoras con medidas de prevención, control y manejo en ejecución
B15: Porcentaje de áreas de ecosistemas en restauración, rehabilitación y reforestación
B16: Implementación de acciones en manejo integrado de zonas costeras
B17: Porcentaje de Planes de Gestión Integral de Residuos Sólidos (PGIRS) con seguimiento a metas de aprovechamiento
B18: Porcentaje de sectores con acompañamiento para la reconversión hacia sistemas sostenibles de producción
B19: Porcentaje de ejecución de acciones en Gestión Ambiental Urbana
B20: Implementación del Programa Regional de Negocios Verdes por la autoridad ambiental
B21: Tiempo promedio de trámite para la resolución de autorizaciones ambientales otorgadas por la corporación
B22: Porcentaje de autorizaciones ambientales con seguimiento
... B28: No Aplica

Sheet Anexo 2 Protocolo Inf Gestión
A2: ANEXO No. 2.PROTOCOLO O GUÍA DE DILIGENCIAMIENTO
A3: MATRIZ DE SEGUIMIENTO A LA GESTIÓN Y DE AVANCE EN LAS METAS FÍSICAS Y FINANCIERAS DEL PLAN DE ACCIÓN
A4: ITEM | B4: DEFINICIONES
A5: (1) PROGRAMAS - PROYECTOS DEL Plan de Acción 2020-2023 | B5: Enuncie el nombre del total de los programas y proyectos aprobados en el Plan de Acción, utilizando la misma estructura jerárquica del Plan. Se plantea una estructura inicial de Programas con proyectos relacionados, no obstante esta estructura es solo indicativa. Inserte filas cuando sea necesario ingresar mas programas y proyectos. Recuerde que jerárquicamente los programas están integrados por proyectos y estos por actividades y la matriz pretende conocer hasta la escala de proyectos.
A6: (2) UNIDAD DE MEDIDA | B6: Relacione la unidad de medida por medio de la cual se determina la meta y el avance de la meta física, ejemplo hectáreas reforestadas, hectáreas con POMCA, PGIRS Apoyados, etc. Generalice una unidad de medida por cada proyecto, para el caso de programa no es necesario definir la unidad de medida.
A7: (3) META FÍSICA ANUAL | B7: Identifique el valor de la meta anual programada para el año que se este evaluando, con relación al programa o proyecto reportado en la columna (1). Ejemplo: hectáreas reforestadas, microcuencas con plan de ordenamiento formulado, # de vertimientos reglamentados, etc.
A8: (4) AVANCE DE LA META FISICA (Según unidad de medida y Periodo Evaluado) | B8: Reporte el avance acumulado para el periodo evaluado, en la ejecución física de la respectiva meta anual programada en la columna (3). Ejemplo: 35 hectáreas reforestadas, 3 microcuencas con plan de ordenamiento formulado, etc. Si no se presenta avance en el programa o proyecto, se deberá diligenciar la matriz con ceros (0,0) y en ningún caso dejar celdas en blanco.
A9: (5) PORCENTAJE DE AVANCE FISICO (Periodo Evaluado) | B9: Calcule el porcentaje del avance anual de la Meta física programada. Divida el valor de la columna (4) con el valor de la columna (3) y multiplique por 100. Para el caso, cuando el resultado del avance de una meta física de un programa o proyecto se reporte como el promedio ponderado o aritmético de las metas de los proyectos relacionados con dicho programa o proyecto, es importante indicar esta condición en la columna 10. Si no se presenta avance en el programa o proyecto, se deberá diligenciar la matriz con ceros (0,0) y en ningún caso dejar celdas en blanco.
A10: (5-A) DESCRIPCIÓN DEL AVANCE | B10: En esta columna para el informe a corte junio 30 puede describir en texto lo que se desea justificar, describir y aclarar del avance del programa, proyecto, actividad, para el informe a 31 de diciembre indicar la cantidad y donde establecio el producto recibido (municipio)
A11: (6) PORCENTAJE DE AVANCE PROCESO DE GESTION DE LA META FISICA (aplica unicamente para el informe del primer semestre) | B11: Cuando el avance de la meta física prevista para cada proyecto no es cuantificable, para el corte del periodo evaluado, reporte en porcentaje, el equivalente a la gestión realizada. Esta columna solamente aplica para el primer semestre de cada año, dado que en el informe anualizado se debe contar con algún tipo de producto o parte de este, de acuerdo con la meta planteada, por lo tanto en el informe anualizado esta columna debera ser diligenciada con NA. correspondiente
A12: (7) META FÍSICA DEL PLAN | B12: Identifique el valor (en numero) de la meta del plan de acción con relación al programa y/o proyecto reportado en la columna (1). Ejemplo: hectáreas reforestadas, microcuencas con plan de ordenamiento formulado, # de vertimientos reglamentados, etc.
A13: (8) ACUMULADO DE LA META FISICA | B13: Reporte el avance acumulado de la meta física que se obtenga desde la aprobación del Plan de Acción, incluyendo el periodo evaluado. Ejemplo 100 Ha reforestadas (2020), más 140 Ha reforestadas (2021), para un acumulado de 240 Ha (2020+2021)
A14: (9) PORCENTAJE DE AVANCE FISICO ACUMULADO | B14: Calcule el porcentaje del avance de la Meta física acumulada. Divida el valor de la columna (8) con el valor de la columna (7) y multiplique por 100.
A15: (10) PONDERACIONES DE PROGRAMAS (OPCIONAL DE ACUERDO AL Plan de Acción) | B15: Si el Plan de Acción contempla ponderaciones de programas o proyectos, relacione aquí las ponderaciones o pesos dados a cada programa, de acuerdo al porcentaje o valor asignado.
... A26: (18) TOTAL DE METAS FISICAS Y FINANCIERAS | B26: Sume los recursos de las metas financieras del plan, anual y de avance del periodo para cada proyecto, en las columnas respectivas (11, 12, 14 y 15). Es importante cuidarse de no sumar subtotales de los programas con las metas financieras de los proyectos, para evitar sumas dobles de un mismo proyecto. Calcule el % de avance total de los programas mediante el promedio de cada uno de los porcentajes de avance de los programas. Es importante recordar que no es aplicable para metas financieras realizar ponderaciones. Para el caso de las metas físicas, se deben totalizar las columnas 5 y 9, calculando el promedio de los porcentajes de avance de cada programa, es decir, el porcentaje de avance de las metas físicas del Plan de Acción en el periodo evaluado y el acumulado, así: sume el porcentaje de avance de cada programa y dividalo en el número de programas, con los datos respectivos, en las columnas 5 y 9 (Si es el caso, tenga en cuenta las ponderaciones que estén estipuladas en el Plan de Acción, las cuales debe quedar registradas en la columna 10).

Sheet Informe Ingresos
A2: INFORME DE EJECUCION PRESUPUESTAL DE INGRESOS
A3: CORPORACIÓN AUTÓMA REGIONAL DE XXXXX
A4: RECURSOS VIGENCIA :
A5: (1) ESTRUCTURA RENTISTICA | J5: (2) CONCEPTO | K5: (3) PROYECTADO PLAN FINANCIERO | L5: MODIFICACIONES | N5: (6) APROPIACIÓN FINAL (3+4-5) | O5: DISTRIBUCIÓN | S5: (11) DERECHOS POR COBRAR | T5: (12) RECAUDO EFECTIVO | U5: (13) % DE RECAUDO | V5: (14) OBSERVACIONES | W5: DEFINICIÓN | X5: SOPORTE LEGAL
A6: NIVEL ESTRUCTURAL | B6: NIVEL RENTISTICO | C6: SUBNIVEL RENTISTICO | D6: CONCEPTO | E6: NIVEL 1 | F6: NIVEL 2 | G6: NIVEL 3 | H6: NIVEL 4 | I6: NIVEL 5 | L6: (4) ADICIÓN | M6: (5) REDUCCIÓN | O6: (7) FUNCIONAMIENTO | P6: (8) INVERSIÓN | Q6: (9) FCA | R6: (10) SERVICIO A LA DEUDA
A7: 1 | J7: Ingresos | K7: =+K8+K141 -> #REF! | L7: =+L8+L141 -> #REF! | M7: =+M8+M141 -> #REF! | N7: =K7+L7-M7 -> #REF! | O7: =+O8+O141 -> 0 | P7: =+P8+P141 -> 0 | Q7: =+Q8+Q141 -> 0 | R7: =+R8+R141 -> #REF! | S7: =+S8+S141 -> #REF! | T7: =+T8+T141 -> #REF! | U7: =T7/S7 -> #REF! | W7: Los ingresos son recursos monetarios recaudados en una vigencia fiscal por quienes corresponda administrarlos según la ley. Se consideran ingresos las entradas de caja efectivas, en moneda nacional, que incrementan las disponibilidades para el gasto. Así, se deben cumplir las siguientes condiciones para reconocer una transacción como ingreso: 1. Afectación efectiva de caja. Los ingresos se reconocen bajo el principio de caja. Es decir, cuando hay desembolso de los recursos a favor de las entidades beneficiarias. 2. La afectación de caja se produce en moneda nacional. 3. Respaldo de un gasto. No se reconocen como ingresos aquellas entradas efectivas de caja que no están habilitadas para realizar gastos. | X7: - | Y7: -
A8: 1 | B8: 01 | J8: Ingresos Corrientes | K8: =+K9+K29 -> 0 | L8: =+L9+L29 -> 0 | M8: =+M9+M29 -> 0 | N8: =K8+L8-M8 -> 0 | O8: =+O9+O29 -> 0 | P8: =+P9+P29 -> 0 | Q8: =+Q9+Q29 -> 0 | R8: =+R9+R29 -> 0 | S8: =+S9+S29 -> 1530000000 | T8: =+T9+T29 -> 1906507046 | U8: =T8/S8 -> 1.246083 | W8: Se reconocen por su regularidad, además se caracterizan porque: i) su base de cálculo y su trayectoria histórica permiten estimar con cierto grado de certidumbre el volumen de ingresos; ii) si bien pueden constituir una base aproximada, esta sirve de referente para la elaboración del presupuesto anual. | Y8: -
A9: 1 | B9: 01 | C9: 01 | J9: Ingresos tributarios | K9: =+K10 -> 0 | L9: =+L10 -> 0 | M9: =+M10 -> 0 | N9: =K9+L9-M9 -> 0 | O9: =+O10 -> 0 | P9: =+P10 -> 0 | Q9: =+Q10 -> 0 | R9: =+R10 -> 0 | S9: =+S10 -> 0 | T9: =+T10 -> 0 | U9: =T9/S9 -> #DIV/0! | W9: Son aquellos establecidos como impuestos y estampillas por la ley. Estos representan la obligación de hacer un pago, sin que exista una retribución particular por parte del Estado. | X9: Corte Constitucional, Sentencia C-545/1994. | Y9: -
A10: 1 | B10: 01 | C10: 01 | D10: 01 | J10: Impuestos directos | K10: =+K11+K14 -> 0 | L10: =+L11+L14 -> 0 | M10: =+M11+M14 -> 0 | N10: =K10+L10-M10 -> 0 | O10: =+O11+O14 -> 0 | P10: =+P11+P14 -> 0 | Q10: =+Q11+Q14 -> 0 | R10: =+R11+R14 -> 0 | S10: =+S11+S14 -> 0 | T10: =+T11+T14 -> 0 | U10: =T10/S10 -> #DIV/0! | W10: Son aquellos que gravan directamente los ingresos o el patrimonio de las personas naturales y jurídicas, es decir, recaen sobre la capacidad económica de los sujetos. En los impuestos directos se identifica al contribuyente respectivo, y se conoce su capacidad de pago, mediante las informaciones relativas a sus rentas y patrimonio. | X10: Corte Constitucional, Sentencia C- 426/2005. | Y10: -
A11: 1 | B11: 01 | C11: 01 | D11: 01 | E11: 01 | J11: Sobretasa ambiental - Peajes | K11: =+K12+K13 -> 0 | L11: =+L12+L13 -> 0 | M11: =+M12+M13 -> 0 | N11: =K11+L11-M11 -> 0 | O11: =+O12+O13 -> 0 | P11: =+P12+P13 -> 0 | Q11: =+Q12+Q13 -> 0 | R11: =+R12+R13 -> 0 | S11: =+S12+S13 -> 0 | T11: =+T12+T13 -> 0 | U11: =T11/S11 -> #DIV/0! | W11: la Sobretasa Ambiental se creó como un mecanismo de compensación a la afectación y deterioro derivado de las vías del orden nacional actualmente construidas y que llegaren a construirse, próximas o situadas en Areas de Conservación y Protección Municipal, sitios de Ramsar o Humedales de Importancia Internacional definidos en la Ley 357 de 1997 y Reservas de Biosfera, así como sus respectivas Zonas de Amortiguación de conformidad con los criterios técnicos que para el efecto establezca el Ministerio de Ambiente, Vivienda y Desarrollo Territorial. | X11: Ley 981 de 2005 modificada por Ley 1718 de 2014 y Ley 1753 de 2015 | Y11: -
A12: 1 | B12: 01 | C12: 01 | D12: 01 | E12: 01 | F12: 01 | J12: Sobretasa ambiental - Peajes (vigencia actual) | N12: =K12+L12-M12 -> 0 | U12: =T12/S12 -> #DIV/0! | Y12: -
A13: 1 | B13: 01 | C13: 01 | D13: 01 | E13: 01 | F13: 02 | J13: Sobretasa ambiental - Peajes (vigencia anterior) | N13: =K13+L13-M13 -> 0 | U13: =T13/S13 -> #DIV/0! | Y13: -
A14: 1 | B14: 01 | C14: 01 | D14: 01 | E14: 02 | J14: Participación de intereses de mora sobre la sobretasa ambiental-peajes | K14: =+K15+K16 -> 0 | L14: =+L15+L16 -> 0 | M14: =+M15+M16 -> 0 | N14: =K14+L14-M14 -> 0 | O14: =+O15+O16 -> 0 | P14: =+P15+P16 -> 0 | Q14: =+Q15+Q16 -> 0 | R14: =+R15+R16 -> 0 | S14: =+S15+S16 -> 0 | T14: =+T15+T16 -> 0 | U14: =T14/S14 -> #DIV/0! | W14: Son las transferencias de recursos de los intereses recaudados por la mora en el pago de la sobretasa ambiental. Los intereses que se causen por mora en el pago del Impuesto Predial Unificado, también se causan para el pago y transferencia de la sobretasa ambiental. | X14: Decreto Reglamentario 1339 de 1994, artículo 2. | Y14: -
A15: 1 | B15: 01 | C15: 01 | D15: 01 | E15: 02 | F15: 01 | J15: Participación de intereses de mora sobre la sobretasa ambiental-peajes (vigencia actual) | N15: =K15+L15-M15 -> 0 | U15: =T15/S15 -> #DIV/0! | Y15: -
A16: 1 | B16: 01 | C16: 01 | D16: 01 | E16: 02 | F16: 02 | J16: Participación de intereses de mora sobre la sobretasa ambiental-peajes (vigencia anterior) | N16: =K16+L16-M16 -> 0 | U16: =T16/S16 -> #DIV/0! | Y16: -
A17: 1 | B17: 01 | C17: 01 | D17: 01 | E17: 01 | F17: 01 | G17: 01 | J17: Participación de la sobretasa ambiental - Corporaciones Autónomas Regionales | K17: =+K18+K19 -> 0 | L17: =+L18+L19 -> 0 | M17: =+M18+M19 -> 0 | N17: =K17+L17-M17 -> 0 | O17: =+O18+O19 -> 0 | P17: =+P18+P19 -> 0 | Q17: =+Q18+Q19 -> 0 | R17: =+R18+R19 -> 0 | S17: =+S18+S19 -> 0 | T17: =+T18+T19 -> 0 | U17: =T17/S17 -> #DIV/0! | W17: Son las transferencias de recursos de la sobretasa ambiental para las Corporaciones Autónomas Regionales (Art. 1. Decreto 1339 de 1994). De acuerdo con el Artículo 44 de la Ley 99 de 1993, el giro de estos recursos debe realizarse de forma trimestral y excepcionalmente, por anualidades antes del 30 de marzo de cada año siguiente al periodo de recaudo. | X17: Ley 99 de 1993, art. 44; Decreto 1339 de 1994, art.1 | Y17: -
A18: 1 | B18: 01 | C18: 01 | D18: 01 | E18: 01 | F18: 01 | G18: 01 | H18: 01 | J18: Participación de la sobretasa ambiental - Corporaciones Autónomas Regionales (vigencia actual) | N18: =K18+L18-M18 -> 0 | U18: =T18/S18 -> #DIV/0! | Y18: -
A19: 1 | B19: 01 | C19: 01 | D19: 01 | E19: 01 | F19: 01 | G19: 01 | H19: 02 | J19: Participación de la sobretasa ambiental - Corporaciones Autónomas Regionales (vigencia anterior) | N19: =K19+L19-M19 -> 0 | U19: =T19/S19 -> #DIV/0! | Y19: -
A20: 1 | B20: 01 | C20: 01 | D20: 01 | E20: 01 | F20: 01 | G20: 02 | J20: Participación del porcentaje ambiental - Corporaciones Autónomas Regionales | K20: =+K21+K22 -> 0 | L20: =+L21+L22 -> 0 | M20: =+M21+M22 -> 0 | N20: =K20+L20-M20 -> 0 | O20: =+O21+O22 -> 0 | P20: =+P21+P22 -> 0 | Q20: =+Q21+Q22 -> 0 | R20: =+R21+R22 -> 0 | S20: =+S21+S22 -> 0 | T20: =+T21+T22 -> 0 | U20: =T20/S20 -> #DIV/0!
A21: 1 | B21: 01 | C21: 01 | D21: 01 | E21: 01 | F21: 01 | G21: 02 | H21: 01 | J21: Participación del porcentaje ambiental - Corporaciones Autónomas Regionales (vigencia actual) | N21: =K21+L21-M21 -> 0 | U21: =T21/S21 -> #DIV/0!
A22: 1 | B22: 01 | C22: 01 | D22: 01 | E22: 01 | F22: 01 | G22: 02 | H22: 02 | J22: Participación del porcentaje ambiental - Corporaciones Autónomas Regionales (vigencia anterior) | N22: =K22+L22-M22 -> 0 | U22: =T22/S22 -> #DIV/0!
A23: 1 | B23: 01 | C23: 01 | D23: 01 | E23: 01 | F23: 01 | G23: 03 | J23: Participación de intereses de mora sobre la sobretasa ambiental | K23: =+K24+K25 -> 0 | L23: =+L24+L25 -> 0 | M23: =+M24+M25 -> 0 | N23: =K23+L23-M23 -> 0 | O23: =+O24+O25 -> 0 | P23: =+P24+P25 -> 0 | Q23: =+Q24+Q25 -> 0 | R23: =+R24+R25 -> 0 | S23: =+S24+S25 -> 0 | T23: =+T24+T25 -> 0 | U23: =T23/S23 -> #DIV/0! | W23: Son las transferencias de recursos de los intereses recaudados por la mora en el pago de la sobretasa ambiental. Los intereses que se causen por mora en el pago del Impuesto Predial Unificado, también se causan para el pago y transferencia de la sobretasa ambiental. | X23: Decreto Reglamentario 1339 de 1994, artículo 2. | Y23: -
A24: 1 | B24: 01 | C24: 01 | D24: 01 | E24: 01 | F24: 01 | G24: 03 | H24: 01 | J24: Participación de intereses de mora sobre la sobretasa ambiental (vigencia actual) | N24: =K24+L24-M24 -> 0 | U24: =T24/S24 -> #DIV/0! | Y24: -
A25: 1 | B25: 01 | C25: 01 | D25: 01 | E25: 01 | F25: 01 | G25: 03 | H25: 02 | J25: Participación de intereses de mora sobre la sobretasa ambiental (vigencia anterior) | N25: =K25+L25-M25 -> 0 | U25: =T25/S25 -> #DIV/0! | Y25: -
A26: 1 | B26: 01 | C26: 01 | D26: 01 | E26: 01 | F26: 01 | G26: 04 | J26: Participación de intereses de mora sobre el porcentaje ambiental | K26: =+K27+K28 -> 0 | L26: =+L27+L28 -> 0 | M26: =+M27+M28 -> 0 | N26: =K26+L26-M26 -> 0 | O26: =+O27+O28 -> 0 | P26: =+P27+P28 -> 0 | Q26: =+Q27+Q28 -> 0 | R26: =+R27+R28 -> 0 | S26: =+S27+S28 -> 0 | T26: =+T27+T28 -> 0 | U26: =T26/S26 -> #DIV/0!
A27: 1 | B27: 01 | C27: 01 | D27: 01 | E27: 01 | F27: 01 | G27: 04 | H27: 01 | J27: Participación de intereses de mora sobre el porcentaje ambiental (vigencia actual) | N27: =K27+L27-M27 -> 0 | U27: =T27/S27 -> #DIV/0!
A28: 1 | B28: 01 | C28: 01 | D28: 01 | E28: 01 | F28: 01 | G28: 04 | H28: 02 | J28: Participación de intereses de mora sobre el porcentaje ambiental (vigencia anterior) | N28: =K28+L28-M28 -> 0 | U28: =T28/S28 -> #DIV/0!
A29: 1 | B29: 01 | C29: 02 | J29: Ingresos no tributarios | K29: =+K30+K45+K88+K96+K122 -> 0 | L29: =+L30+L45+L88+L96+L122 -> 0 | M29: =+M30+M45+M88+M96+M122 -> 0 | N29: =K29+L29-M29 -> 0 | O29: =+O30+O45+O88+O96+O122 -> 0 | P29: =+P30+P45+P88+P96+P122 -> 0 | Q29: =+Q30+Q45+Q88+Q96+Q122 -> 0 | R29: =+R30+R45+R88+R96+R122 -> 0 | S29: =+S30+S45+S88+S96+S122 -> 1530000000 | T29: =+T30+T45+T88+T96+T122 -> 1906507046 | U29: =T29/S29 -> 1.246083 | W29: Son los ingresos corrientes que por ley no están definidos como impuestos y comprenderán las tasas y las multas. Los ingresos no tributarios se clasifican en: 1) Contribuciones 2) Tasas y derechos administrativos 3) Multas, sanciones e intereses de mora 4) Derechos económicos por uso de recursos naturales 5) Venta de bienes y servicios 6) Transferencias corrientes 7) Participación y derechos de monopolio | X29: Decreto 111 de 1996, art. 27 | Y29: -
A30: 1 | B30: 01 | C30: 02 | D30: 01 | J30: Contribuciones | K30: =+K31 -> 0 | L30: =+L31 -> 0 | M30: =+M31 -> 0 | N30: =K30+L30-M30 -> 0 | O30: =+O31 -> 0 | P30: =+P31 -> 0 | Q30: =+Q31 -> 0 | R30: =+R31 -> 0 | S30: =+S31 -> 0 | T30: =+T31 -> 1903045563 | U30: =T30/S30 -> #DIV/0! | W30: Las contribuciones son “las cargas fiscales al patrimonio particular, sustentadas en la potestad tributaria del Estado”. Las contribuciones corresponden a “la recuperación de los costos de los servicios que les presten o participación en los beneficios que les proporcionen”. El principio de legalidad del tributo se extiende a las contribuciones, razón por cual y como establece la Constitución Política, el método de definición de costos y beneficios y su forma de reparto deben ser definidos por Ley. Asimismo, la ley, ordenanza o acuerdo, debe definir los sujetos pasivos y activos, y la base gravable aplicable a la contribución. Sin embargo, la ley puede dar potestad administrativa a las autoridades para que fijen la tarifa que cobren a los contribuyentes. La unica excepción al principio de legalidad del tributo son las contribuciones especiales, las cuales no están definidas como contribuciones, pero de acuerdo con sentencia emitida por la Corte Constitucional, se ajusta a su definición. | X30: Corte Constitucional, Sentencia C-545/1994. Constitución política Art. 338 | Y30: -
A31: 1 | B31: 01 | C31: 02 | D31: 01 | E31: 01 | J31: Contribuciones diversas | K31: =+K32 -> 0 | L31: =+L32 -> 0 | M31: =+M32 -> 0 | N31: =K31+L31-M31 -> 0 | O31: =+O32 -> 0 | P31: =+P32 -> 0 | Q31: =+Q32 -> 0 | R31: =+R32 -> 0 | S31: =+S32 -> 0 | T31: =+T32 -> 1903045563 | U31: =T31/S31 -> #DIV/0! | W31: Las contribuciones diversas comprenden los ingresos por concepto de las demás contribuciones que no se clasifican dentro de las demás categorías de contribuciones descritas anteriormente, es decir, a las contribuciones sociales 1-01-02-01-001, contribuciones inherentes a la nómina 1-01-02-01-002, contribuciones especiales 1-01-02-01-003, contribuciones parafiscales, agropecuarias y pesqueras 1-01-02-01-004. | X31: - | Y31: -
A32: 1 | B32: 01 | C32: 02 | D32: 01 | E32: 01 | F32: 01 | J32: Contribución sector eléctrico | K32: =+K33+K36+K39+K42 -> 0 | L32: =+L33+L36+L39+L42 -> 0 | M32: =+M33+M36+M39+M42 -> 0 | N32: =K32+L32-M32 -> 0 | O32: =+O33+O36+O39+O42 -> 0 | P32: =+P33+P36+P39+P42 -> 0 | Q32: =+Q33+Q36+Q39+Q42 -> 0 | R32: =+R33+R36+R39+R42 -> 0 | S32: =+S33+S36+S39+S42 -> 0 | T32: =+T33+T36+T39+T42 -> 1903045563 | U32: =T32/S32 -> #DIV/0! | W32: Son los recursos por contribución del sector eléctrico a las que se refiere el artículo 45 de la Ley 99 de 1993. De acuerdo con este artículo, las empresas generadoras de energía hidroeléctrica cuya potencia nominal supera los 10.000 kilovatios, deben transferir el 6% de las ventas brutas de energia por generación propia de acuerdo con las distribuciones establecidas por la ley. En el caso de centrales térmicas el porcentaje de los recursos a transferir es del 4%. Los destinatarios de estos recursos son: las Corporaciones Autonómas Regionales o los Parques Nacionales Naturales que tengan jurisdicción en el área donde se encuentra localizada la cuenca hidrográfica y del área de influencia del proyecto o el área donde este ubicada la central térmica; y los municipios y distritos localizados de la cuenca que surte el embalse de las generadoras de energía hidroeléctrica o el municipio donde este ubicada la central térmica. COMPLEMENTAR PLAN DE DESARROLLO ART.289 DE 2019 | X32: Ley 99 de 1993, art. 45 | Y32: -
A33: 1 | B33: 01 | C33: 02 | D33: 01 | E33: 01 | F33: 01 | G33: 01 | J33: Contribución sector eléctrico - Hidroeléctrica | K33: =SUM(K34:K35) -> 0 | L33: =SUM(L34:L35) -> 0 | M33: =SUM(M34:M35) -> 0 | N33: =K33+L33-M33 -> 0 | O33: =SUM(O34:O35) -> 0 | P33: =SUM(P34:P35) -> 0 | Q33: =SUM(Q34:Q35) -> 0 | R33: =SUM(R34:R35) -> 0 | S33: =SUM(S34:S35) -> 0 | T33: =SUM(T34:T35) -> 0 | U33: =T33/S33 -> #DIV/0! | Y33: -
A34: 1 | B34: 01 | C34: 02 | D34: 01 | E34: 01 | F34: 01 | G34: 01 | H34: 01 | J34: Contribución sector eléctrico - Hidroeléctrica (vigencia actual) | N34: =K34+L34-M34 -> 0 | U34: =T34/S34 -> #DIV/0! | Y34: -
A35: 1 | B35: 01 | C35: 02 | D35: 01 | E35: 01 | F35: 01 | G35: 01 | H35: 02 | J35: Contribución sector eléctrico - Hidroeléctrica (vigencia anterior) | N35: =K35+L35-M35 -> 0 | U35: =T35/S35 -> #DIV/0! | Y35: -
A36: 1 | B36: 01 | C36: 02 | D36: 01 | E36: 01 | F36: 01 | G36: 02 | J36: Contribución sector eléctrico - Termoeléctrica | K36: =SUM(K37:K38) -> 0 | L36: =SUM(L37:L38) -> 0 | M36: =SUM(M37:M38) -> 0 | N36: =K36+L36-M36 -> 0 | O36: =SUM(O37:O38) -> 0 | P36: =SUM(P37:P38) -> 0 | Q36: =SUM(Q37:Q38) -> 0 | R36: =SUM(R37:R38) -> 0 | S36: =SUM(S37:S38) -> 0 | T36: =SUM(T37:T38) -> 1903045563 | U36: =T36/S36 -> #DIV/0! | Y36: -
A37: 1 | B37: 01 | C37: 02 | D37: 01 | E37: 01 | F37: 01 | G37: 02 | H37: 01 | J37: Contribución sector eléctrico - Termoeléctrica (vigencia actual) | N37: =K37+L37-M37 -> 0 | O37: =+N37*10% -> 0 | P37: =+N37*70% -> 0 | Q37: =+N37*20% -> 0 | T37: 1903045563 | U37: =T37/S37 -> #DIV/0! | Y37: -
A38: 1 | B38: 01 | C38: 02 | D38: 01 | E38: 01 | F38: 01 | G38: 02 | H38: 02 | J38: Contribución sector eléctrico - Termoeléctrica (vigencia anterior) | N38: =K38+L38-M38 -> 0 | U38: =T38/S38 -> #DIV/0! | Y38: -
A39: 1 | B39: 01 | C39: 02 | D39: 01 | E39: 01 | F39: 01 | G39: 03 | J39: Contribución sector eléctrico - Energia Alternativa | K39: =SUM(K40:K41) -> 0 | L39: =SUM(L40:L41) -> 0 | M39: =SUM(M40:M41) -> 0 | N39: =K39+L39-M39 -> 0 | O39: =SUM(O40:O41) -> 0 | P39: =SUM(P40:P41) -> 0 | Q39: =SUM(Q40:Q41) -> 0 | R39: =SUM(R40:R41) -> 0 | S39: =SUM(S40:S41) -> 0 | T39: =SUM(T40:T41) -> 0 | U39: =T39/S39 -> #DIV/0! | Y39: -
A40: 1 | B40: 01 | C40: 02 | D40: 01 | E40: 01 | F40: 01 | G40: 03 | H40: 01 | J40: Contribución sector eléctrico - Energia Alternativa (vigencia actual) | N40: =K40+L40-M40 -> 0 | U40: =T40/S40 -> #DIV/0! | Y40: -
A41: 1 | B41: 01 | C41: 02 | D41: 01 | E41: 01 | F41: 01 | G41: 03 | H41: 02 | J41: Contribución sector eléctrico - Energia Alternativa (vigencia anterior) | N41: =K41+L41-M41 -> 0 | U41: =T41/S41 -> #DIV/0! | Y41: -
A42: 1 | B42: 01 | C42: 02 | D42: 01 | E42: 01 | F42: 01 | G42: 04 | J42: Participación de intereses de mora sobre contribución sector eléctrico | K42: =SUM(K43:K44) -> 0 | L42: =SUM(L43:L44) -> 0 | M42: =SUM(M43:M44) -> 0 | N42: =K42+L42-M42 -> 0 | O42: =SUM(O43:O44) -> 0 | P42: =SUM(P43:P44) -> 0 | Q42: =SUM(Q43:Q44) -> 0 | R42: =SUM(R43:R44) -> 0 | S42: =SUM(S43:S44) -> 0 | T42: =SUM(T43:T44) -> 0 | U42: =T42/S42 -> #DIV/0! | Y42: -
A43: 1 | B43: 01 | C43: 02 | D43: 01 | E43: 01 | F43: 01 | G43: 04 | H43: 01 | J43: Participación de intereses de mora sobre contribución sector eléctrico (vigencia actual) | N43: =K43+L43-M43 -> 0 | U43: =T43/S43 -> #DIV/0! | Y43: -
A44: 1 | B44: 01 | C44: 02 | D44: 01 | E44: 01 | F44: 01 | G44: 04 | H44: 02 | J44: Participación de intereses de mora sobre contribución sector eléctrico (vigencia anterior) | N44: =K44+L44-M44 -> 0 | U44: =T44/S44 -> #DIV/0! | Y44: -
A45: 1 | B45: 01 | C45: 02 | D45: 02 | J45: Tasas y derechos administrativos | K45: =+K46+K63 -> 0 | L45: =+L46+L63 -> 0 | M45: =+M46+M63 -> 0 | N45: =K45+L45-M45 -> 0 | O45: =+O46+O63 -> 0 | P45: =+P46+P63 -> 0 | Q45: =+Q46+Q63 -> 0 | R45: =+R46+R63 -> 0 | S45: =+S46+S63 -> 1530000000 | T45: =+T46+T63 -> 3461483 | U45: =T45/S45 -> 0.0022624072 | Y45: -
A46: 1 | B46: 01 | C46: 02 | D46: 02 | E46: 01 | J46: Tasas | K46: =+K47 -> 0 | L46: =+L47 -> 0 | M46: =+M47 -> 0 | N46: =K46+L46-M46 -> 0 | O46: =+O47 -> 0 | P46: =+P47 -> 0 | Q46: =+Q47 -> 0 | R46: =+R47 -> 0 | S46: =+S47 -> 1530000000 | T46: =+T47 -> 3461483 | U46: =T46/S46 -> 0.0022624072
A47: 1 | B47: 01 | C47: 02 | D47: 02 | E47: 01 | F47: 01 | J47: Tasas retributivas y compensatorias | K47: =+K48+K51+K54+K57+K60 -> 0 | L47: =+L48+L51+L54+L57+L60 -> 0 | M47: =+M48+M51+M54+M57+M60 -> 0 | N47: =K47+L47-M47 -> 0 | O47: =+O48+O51+O54+O57+O60 -> 0 | P47: =+P48+P51+P54+P57+P60 -> 0 | Q47: =+Q48+Q51+Q54+Q57+Q60 -> 0 | R47: =+R48+R51+R54+R57+R60 -> 0 | S47: =+S48+S51+S54+S57+S60 -> 1530000000 | T47: =+T48+T51+T54+T57+T60 -> 3461483 | U47: =T47/S47 -> 0.0022624072 | Y47: -
A48: 1 | B48: 01 | C48: 02 | D48: 02 | E48: 01 | F48: 01 | G48: 01 | J48: Tasa retributiva | K48: =+K49+K50 -> 0 | L48: =+L49+L50 -> 0 | M48: =+M49+M50 -> 0 | N48: =K48+L48-M48 -> 0 | O48: =+O49+O50 -> 0 | P48: =+P49+P50 -> 0 | Q48: =+Q49+Q50 -> 0 | R48: =+R49+R50 -> 0 | S48: =+S49+S50 -> 1530000000 | T48: =+T49+T50 -> 3461483 | U48: =T48/S48 -> 0.0022624072 | W48: Corresponden a las tasas retributivas por la utilización directa o indirecta de la atmósfera, del agua y del suelo, para introducir o arrojar desechos o desperdicios agrícolas, mineros o industriales, aguas negras o servidas de cualquier origen, humos, vapores y sustancias nocivas que sean resultado de actividades antrópicas o propiciadas por el hombre, o actividades económicas o de servicio, sean o no lucrativas. También a las tasas para compensar los gastos de mantenimiento de la renovabilidad de los recursos naturales renovables. | X48: Ley 99 de 1993, art. 42. Decreto 1390 de 2018. Decreto 1272 de 2016 | Y48: -
A49: 1 | B49: 01 | C49: 02 | D49: 02 | E49: 01 | F49: 01 | G49: 01 | H49: 01 | J49: Tasa retributiva (vigencia actual) | N49: =K49+L49-M49 -> 0 | P49: =+N49 -> 0 | S49: 1530000000 | T49: 3461483 | U49: =T49/S49 -> 0.0022624072 | Y49: -
A50: 1 | B50: 01 | C50: 02 | D50: 02 | E50: 01 | F50: 01 | G50: 01 | H50: 02 | J50: Tasa retributiva (vigencia anterior) | N50: =K50+L50-M50 -> 0 | U50: =T50/S50 -> #DIV/0! | Y50: -
A51: 1 | B51: 01 | C51: 02 | D51: 02 | E51: 01 | F51: 01 | G51: 02 | J51: Tasa por el uso del agua | K51: =+K52+K53 -> 0 | L51: =+L52+L53 -> 0 | M51: =+M52+M53 -> 0 | N51: =K51+L51-M51 -> 0 | O51: =+O52+O53 -> 0 | P51: =+P52+P53 -> 0 | Q51: =+Q52+Q53 -> 0 | R51: =+R52+R53 -> 0 | S51: =+S52+S53 -> 0 | T51: =+T52+T53 -> 0 | U51: =T51/S51 -> #DIV/0! | W51: Recursos recibidos por concepto del uso y aprovechamiento que hacen las personas naturales, jurídicas, públicas o privadas, de las aguas que componen los recursos naturales renovables asociados a cualquier área del Sistema de Parques Nacionales Naturales. Estos recursos, están destinados por Ley al pago de los gastos de protección y renovación de los recursos hídricos. | X51: Ley 99 de 1993, art. 43, reglamentada por el Decreto Ley 155 de 2004 | Y51: -
A52: 1 | B52: 01 | C52: 02 | D52: 02 | E52: 01 | F52: 01 | G52: 02 | H52: 01 | J52: Tasa por el uso del agua (vigencia actual) | N52: =K52+L52-M52 -> 0 | U52: =T52/S52 -> #DIV/0! | Y52: -
A53: 1 | B53: 01 | C53: 02 | D53: 02 | E53: 01 | F53: 01 | G53: 02 | H53: 02 | J53: Tasa por el uso del agua (vigencia anterior) | N53: =K53+L53-M53 -> 0 | U53: =T53/S53 -> #DIV/0! | Y53: -
A54: 1 | B54: 01 | C54: 02 | D54: 02 | E54: 01 | F54: 01 | G54: 03 | J54: Tasa de aprovechamiento Forestal | K54: =+K55+K56 -> 0 | L54: =+L55+L56 -> 0 | M54: =+M55+M56 -> 0 | N54: =K54+L54-M54 -> 0 | O54: =+O55+O56 -> 0 | P54: =+P55+P56 -> 0 | Q54: =+Q55+Q56 -> 0 | R54: =+R55+R56 -> 0 | S54: =+S55+S56 -> 0 | T54: =+T55+T56 -> 0 | U54: =T54/S54 -> #DIV/0! | Y54: -
A55: 1 | B55: 01 | C55: 02 | D55: 02 | E55: 01 | F55: 01 | G55: 03 | H55: 01 | J55: Tasa de aprovechamiento Forestal (vigencia actual) | N55: =K55+L55-M55 -> 0 | U55: =T55/S55 -> #DIV/0! | Y55: -
A56: 1 | B56: 01 | C56: 02 | D56: 02 | E56: 01 | F56: 01 | G56: 03 | H56: 02 | J56: Tasa de aprovechamiento Forestal (vigencia anterior) | N56: =K56+L56-M56 -> 0 | U56: =T56/S56 -> #DIV/0! | Y56: -
A57: 1 | B57: 01 | C57: 02 | D57: 02 | E57: 01 | F57: 01 | G57: 04 | J57: Tasa compensatoria por caza de Fauna Silvestre | K57: =+K58+K59 -> 0 | L57: =+L58+L59 -> 0 | M57: =+M58+M59 -> 0 | N57: =K57+L57-M57 -> 0 | O57: =+O58+O59 -> 0 | P57: =+P58+P59 -> 0 | Q57: =+Q58+Q59 -> 0 | R57: =+R58+R59 -> 0 | S57: =+S58+S59 -> 0 | T57: =+T58+T59 -> 0 | U57: =T57/S57 -> #DIV/0! | W57: se dirige a las autoridades ambientales competentes a que se refiere el artículo 2.2.9.10.1 .3, y a léls personas naturales o jurídicas que cacen la fauna silvestre nativa en el país, en adelante denominadas usuarios | X57: Decreto 1272 de 2016, adiciona un capítulo al Título 9 de la Parte 2 del Libro 2 del Decreto 1076 de 2015, destinarán a la protección y renovación del recurso fauna silvestre, lo cual comprende actividades tales como la formulación e implementación de planes y programas de conservación y de uso sostenible de especies animales silvestres, la repoblación, el control poblacional, estrategias para el control al tráFico ilegal, la restauración de áreas de importancia faunística, entre otras, así como el monitoreo y la elaboración de estudios de investigación básica y aplicada, estas últimas prioritarias para efectos de la inversión de la tasa, teniendo en cuenta las directrices del Ministerio de Ambiente y Desarrollo Sostenible | Y57: -
A58: 1 | B58: 01 | C58: 02 | D58: 02 | E58: 01 | F58: 01 | G58: 04 | H58: 01 | J58: Tasa compensatoria por caza de Fauna Silvestre (vigencia actual) | N58: =K58+L58-M58 -> 0 | U58: =T58/S58 -> #DIV/0! | Y58: -
A59: 1 | B59: 01 | C59: 02 | D59: 02 | E59: 01 | F59: 01 | G59: 04 | H59: 02 | J59: Tasa compensatoria por caza de Fauna Silvestre (vigencia anterior) | N59: =K59+L59-M59 -> 0 | U59: =T59/S59 -> #DIV/0! | Y59: -
A60: 1 | B60: 01 | C60: 02 | D60: 02 | E60: 01 | F60: 01 | G60: 05 | J60: Otras tasas | K60: =+K61+K62 -> 0 | L60: =+L61+L62 -> 0 | M60: =+M61+M62 -> 0 | N60: =K60+L60-M60 -> 0 | O60: =+O61+O62 -> 0 | P60: =+P61+P62 -> 0 | Q60: =+Q61+Q62 -> 0 | R60: =+R61+R62 -> 0 | S60: =+S61+S62 -> 0 | T60: =+T61+T62 -> 0 | U60: =T60/S60 -> #DIV/0! | Y60: -
A61: 1 | B61: 01 | C61: 02 | D61: 02 | E61: 01 | F61: 01 | G61: 05 | H61: 01 | J61: Otras tasas (vigencia actual) | N61: =K61+L61-M61 -> 0 | U61: =T61/S61 -> #DIV/0! | Y61: -
A62: 1 | B62: 01 | C62: 02 | D62: 02 | E62: 01 | F62: 01 | G62: 05 | H62: 02 | J62: Otras tasas (vigencia anterior) | N62: =K62+L62-M62 -> 0 | U62: =T62/S62 -> #DIV/0! | Y62: -
A63: 1 | B63: 01 | C63: 02 | D63: 02 | E63: 02 | J63: Derechos Administrativos | K63: =+K64+K67+K70+K73+K76+K79+K82+K85 -> 0 | L63: =+L64+L67+L70+L73+L76+L79+L82+L85 -> 0 | M63: =+M64+M67+M70+M73+M76+M79+M82+M85 -> 0 | N63: =K63+L63-M63 -> 0 | O63: =+O64+O67+O70+O73+O76+O79+O82+O85 -> 0 | P63: =+P64+P67+P70+P73+P76+P79+P82+P85 -> 0 | Q63: =+Q64+Q67+Q70+Q73+Q76+Q79+Q82+Q85 -> 0 | R63: =+R64+R67+R70+R73+R76+R79+R82+R85 -> 0 | S63: =+S64+S67+S70+S73+S76+S79+S82+S85 -> 0 | T63: =+T64+T67+T70+T73+T76+T79+T82+T85 -> 0 | U63: =T63/S63 -> #DIV/0! | W63: Corresponde a los ingresos por concepto de la venta de bienes y la prestación de servicios que realizan las entidades en desarrollo de sus funciones y competencias legales, independientemente de que las mismas estén o no relacionadas con actividades de producción, o si se venden o no a precios económicamente significativos. Las ventas de bienes y servicios se registran sin deducir los costos de su recaudo (Decreto 111 de 1996, art. 35). | X63: Decreto 111 de 1996, art. 35 | Y63: -
A64: 1 | B64: 01 | C64: 02 | D64: 02 | E64: 02 | F64: 01 | J64: Evaluación de licencias, permisos, concesiones, autorizaciones y demás trámites ambientales | K64: =+K65+K66 -> 0 | L64: =+L65+L66 -> 0 | M64: =+M65+M66 -> 0 | N64: =K64+L64-M64 -> 0 | O64: =+O65+O66 -> 0 | P64: =+P65+P66 -> 0 | Q64: =+Q65+Q66 -> 0 | R64: =+R65+R66 -> 0 | S64: =+S65+S66 -> 0 | T64: =+T65+T66 -> 0 | U64: =T64/S64 -> #DIV/0! | W64: Ley 633 de 2002 | Y64: -
A65: 1 | B65: 01 | C65: 02 | D65: 02 | E65: 02 | F65: 01 | G65: 01 | J65: Evaluación de licencias, permisos, concesiones, autorizaciones y demás trámites ambientales (vigencia actual) | N65: =K65+L65-M65 -> 0 | U65: =T65/S65 -> #DIV/0! | Y65: -
A66: 1 | B66: 01 | C66: 02 | D66: 02 | E66: 02 | F66: 01 | G66: 02 | J66: Evaluación de licencias, permisos, concesiones, autorizaciones y demás trámites ambientales (vigencia anterior) | N66: =K66+L66-M66 -> 0 | U66: =T66/S66 -> #DIV/0! | Y66: -
A67: 1 | B67: 01 | C67: 02 | D67: 02 | E67: 02 | F67: 02 | J67: Seguimiento a licencias, permisos, concesiones, autorizaciones y demás trámites ambientales | K67: =+K68+K69 -> 0 | L67: =+L68+L69 -> 0 | M67: =+M68+M69 -> 0 | N67: =K67+L67-M67 -> 0 | O67: =+O68+O69 -> 0 | P67: =+P68+P69 -> 0 | Q67: =+Q68+Q69 -> 0 | R67: =+R68+R69 -> 0 | S67: =+S68+S69 -> 0 | T67: =+T68+T69 -> 0 | U67: =T67/S67 -> #DIV/0! | W67: Ley 633 de 2002 | Y67: -
A68: 1 | B68: 01 | C68: 02 | D68: 02 | E68: 02 | F68: 02 | G68: 01 | J68: Seguimiento a licencias, permisos, concesiones, autorizaciones y demás trámites ambientales (vigencia actual) | N68: =K68+L68-M68 -> 0 | U68: =T68/S68 -> #DIV/0! | Y68: -
A69: 1 | B69: 01 | C69: 02 | D69: 02 | E69: 02 | F69: 02 | G69: 02 | J69: Seguimiento a licencias, permisos, concesiones, autorizaciones y demás trámites ambientales (vigencia anterior) | N69: =K69+L69-M69 -> 0 | U69: =T69/S69 -> #DIV/0! | Y69: -
A70: 1 | B70: 01 | C70: 02 | D70: 02 | E70: 02 | F70: 03 | J70: Salvoconductos | K70: =+K71+K72 -> 0 | L70: =+L71+L72 -> 0 | M70: =+M71+M72 -> 0 | N70: =K70+L70-M70 -> 0 | O70: =+O71+O72 -> 0 | P70: =+P71+P72 -> 0 | Q70: =+Q71+Q72 -> 0 | R70: =+R71+R72 -> 0 | S70: =+S71+S72 -> 0 | T70: =+T71+T72 -> 0 | U70: =T70/S70 -> #DIV/0! | Y70: -
A71: 1 | B71: 01 | C71: 02 | D71: 02 | E71: 02 | F71: 03 | G71: 01 | J71: Salvoconductos (vigencia actual) | N71: =K71+L71-M71 -> 0 | U71: =T71/S71 -> #DIV/0! | Y71: -
A72: 1 | B72: 01 | C72: 02 | D72: 02 | E72: 02 | F72: 03 | G72: 02 | J72: Salvoconductos (vigencia anterior) | N72: =K72+L72-M72 -> 0 | U72: =T72/S72 -> #DIV/0! | Y72: -
A73: 1 | B73: 01 | C73: 02 | D73: 02 | E73: 02 | F73: 04 | J73: Venta de productos forestales | K73: =+K74+K75 -> 0 | L73: =+L74+L75 -> 0 | M73: =+M74+M75 -> 0 | N73: =K73+L73-M73 -> 0 | O73: =+O74+O75 -> 0 | P73: =+P74+P75 -> 0 | Q73: =+Q74+Q75 -> 0 | R73: =+R74+R75 -> 0 | S73: =+S74+S75 -> 0 | T73: =+T74+T75 -> 0 | U73: =T73/S73 -> #DIV/0! | Y73: -
A74: 1 | B74: 01 | C74: 02 | D74: 02 | E74: 02 | F74: 04 | G74: 01 | J74: Venta de productos forestales (vigencia actual) | N74: =K74+L74-M74 -> 0 | U74: =T74/S74 -> #DIV/0! | Y74: -
A75: 1 | B75: 01 | C75: 02 | D75: 02 | E75: 02 | F75: 04 | G75: 02 | J75: Venta de productos forestales (vigencia anterior) | N75: =K75+L75-M75 -> 0 | U75: =T75/S75 -> #DIV/0! | Y75: -
A76: 1 | B76: 01 | C76: 02 | D76: 02 | E76: 02 | F76: 05 | J76: Venta de Servicios de Laboratorio e Información | K76: =+K77+K78 -> 0 | L76: =+L77+L78 -> 0 | M76: =+M77+M78 -> 0 | N76: =K76+L76-M76 -> 0 | O76: =+O77+O78 -> 0 | P76: =+P77+P78 -> 0 | Q76: =+Q77+Q78 -> 0 | R76: =+R77+R78 -> 0 | S76: =+S77+S78 -> 0 | T76: =+T77+T78 -> 0 | U76: =T76/S76 -> #DIV/0! | Y76: -
A77: 1 | B77: 01 | C77: 02 | D77: 02 | E77: 02 | F77: 05 | G77: 01 | J77: Venta de Servicios de Laboratorio e Información (vigencia actual) | N77: =K77+L77-M77 -> 0 | U77: =T77/S77 -> #DIV/0! | Y77: -
A78: 1 | B78: 01 | C78: 02 | D78: 02 | E78: 02 | F78: 05 | G78: 02 | J78: Venta de Servicios de Laboratorio e Información (vigencia anterior) | N78: =K78+L78-M78 -> 0 | U78: =T78/S78 -> #DIV/0! | Y78: -
A79: 1 | B79: 01 | C79: 02 | D79: 02 | E79: 02 | F79: 06 | J79: Pruebas de Bombeo y Videos de Pozos | K79: =+K80+K81 -> 0 | L79: =+L80+L81 -> 0 | M79: =+M80+M81 -> 0 | N79: =K79+L79-M79 -> 0 | O79: =+O80+O81 -> 0 | P79: =+P80+P81 -> 0 | Q79: =+Q80+Q81 -> 0 | R79: =+R80+R81 -> 0 | S79: =+S80+S81 -> 0 | T79: =+T80+T81 -> 0 | U79: =T79/S79 -> #DIV/0! | Y79: -
A80: 1 | B80: 01 | C80: 02 | D80: 02 | E80: 02 | F80: 06 | G80: 01 | J80: Pruebas de Bombeo y Videos de Pozos (vigencia actual) | N80: =K80+L80-M80 -> 0 | U80: =T80/S80 -> #DIV/0! | Y80: -
A81: 1 | B81: 01 | C81: 02 | D81: 02 | E81: 02 | F81: 06 | G81: 02 | J81: Pruebas de Bombeo y Videos de Pozos (vigencia anterior) | N81: =K81+L81-M81 -> 0 | U81: =T81/S81 -> #DIV/0! | Y81: -
A82: 1 | B82: 01 | C82: 02 | D82: 02 | E82: 02 | F82: 07 | J82: Aprovechamientos por parques | K82: =+K83+K84 -> 0 | L82: =+L83+L84 -> 0 | M82: =+M83+M84 -> 0 | N82: =K82+L82-M82 -> 0 | O82: =+O83+O84 -> 0 | P82: =+P83+P84 -> 0 | Q82: =+Q83+Q84 -> 0 | R82: =+R83+R84 -> 0 | S82: =+S83+S84 -> 0 | T82: =+T83+T84 -> 0 | U82: =T82/S82 -> #DIV/0! | Y82: -
A83: 1 | B83: 01 | C83: 02 | D83: 02 | E83: 02 | F83: 07 | G83: 01 | J83: Aprovechamientos por parques (vigencia actual) | N83: =K83+L83-M83 -> 0 | U83: =T83/S83 -> #DIV/0! | Y83: -
A84: 1 | B84: 01 | C84: 02 | D84: 02 | E84: 02 | F84: 07 | G84: 02 | J84: Aprovechamientos por parques (vigencia anterior) | N84: =K84+L84-M84 -> 0 | U84: =T84/S84 -> #DIV/0! | Y84: -
A85: 1 | B85: 01 | C85: 02 | D85: 02 | E85: 02 | F85: 08 | J85: Otros servicios | K85: =+K86+K87 -> 0 | L85: =+L86+L87 -> 0 | M85: =+M86+M87 -> 0 | N85: =K85+L85-M85 -> 0 | O85: =+O86+O87 -> 0 | P85: =+P86+P87 -> 0 | Q85: =+Q86+Q87 -> 0 | R85: =+R86+R87 -> 0 | S85: =+S86+S87 -> 0 | T85: =+T86+T87 -> 0 | U85: =T85/S85 -> #DIV/0! | Y85: -
A86: 1 | B86: 01 | C86: 02 | D86: 02 | E86: 02 | F86: 08 | G86: 01 | J86: Otros servicios (vigencia actual) | N86: =K86+L86-M86 -> 0 | U86: =T86/S86 -> #DIV/0! | Y86: -
A87: 1 | B87: 01 | C87: 02 | D87: 02 | E87: 02 | F87: 08 | G87: 02 | J87: Otros servicios (vigencia anterior) | N87: =K87+L87-M87 -> 0 | U87: =T87/S87 -> #DIV/0! | Y87: -
A88: 1 | B88: 01 | C88: 02 | D88: 03 | J88: Multas, sanciones e intereses de mora | K88: =+K89+K93 -> 0 | L88: =+L89+L93 -> 0 | M88: =+M89+M93 -> 0 | N88: =K88+L88-M88 -> 0 | O88: =+O89+O93 -> 0 | P88: =+P89+P93 -> 0 | Q88: =+Q89+Q93 -> 0 | R88: =+R89+R93 -> 0 | S88: =+S89+S93 -> 0 | T88: =+T89+T93 -> 0 | U88: =T88/S88 -> #DIV/0! | W88: El recaudo por multas y sanciones es generado por penalidades pecuniarias que derivan del poder punitivo del Estado, y que se establecen por el incumplimiento de leyes o normas administrativas, con el fin de prevenir un comportamiento considerado indeseable. Por su parte, los intereses de mora hacen referencia a aquellos que se recaudan por el resarcimiento tarifado o indemnización de los perjuicios que padece el acreedor por no tener consigo el dinero en la oportunidad debida. La mora genera que se hagan correr en contra del deudor los daños y perjuicios llamados moratorios que representan el perjuicio causado al acreedor por el retraso en la ejecución de la obligación. Los intereses de mora se incluyen en esta cuenta debido al componente indemnizatorio reconocido en la Sentencia C-604/2012. En este sentido, al igual que las multas y sanciones, el cobro de intereses de mora se hace en parte con el fin de prevenir la reiteración de una conducta indeseable. Las multas, sanciones e intereses moratorios se clasifican en: 1) Multas y sanciones 2) Intereses de mora | X88: Ley 6 de 1992, art. 124; Decreto 410 de 1971, art. 10, 20 y 78; Decreto 393 de 2002, art. 25 | Y88: -
A89: 1 | B89: 01 | C89: 02 | D89: 03 | E89: 01 | J89: Multas y sanciones | K89: =+K90 -> 0 | L89: =+L90 -> 0 | M89: =+M90 -> 0 | N89: =K89+L89-M89 -> 0 | O89: =+O90 -> 0 | P89: =+P90 -> 0 | Q89: =+Q90 -> 0 | R89: =+R90 -> 0 | S89: =+S90 -> 0 | T89: =+T90 -> 0 | U89: =T89/S89 -> #DIV/0! | W89: Recursos por concepto de penalidades pecuniarias que derivan del poder punitivo del Estado, y que se establecen con el fin de prevenir un comportamiento considerado indeseable. Vale la pena precisar que las multas y sanciones se distinguen nítidamente de las contribuciones fiscales y parafiscales, pues estas últimas son consecuencia del poder impositivo, y no punitivo, del Estado. Esta diferencia de naturaleza jurídica se articula a la diversidad de finalidades de las mismas. Así, una multa se establece con el fin de prevenir un comportamiento considerado indeseable, mientras que una contribución es un medio para financiar los gastos del Estado. Las multas y sanciones se desagregan de igual manera para la Nación, los establecimientos públicos, los fondos especiales y las contribuciones parafiscales. | X89: Sentencia C-134/2009 Decreto 1609 de 2015 | Y89: -
A90: 1 | B90: 01 | C90: 02 | D90: 03 | E90: 01 | F90: 01 | J90: Multas ambientales | K90: =+K91+K92 -> 0 | L90: =+L91+L92 -> 0 | M90: =+M91+M92 -> 0 | N90: =K90+L90-M90 -> 0 | O90: =+O91+O92 -> 0 | P90: =+P91+P92 -> 0 | Q90: =+Q91+Q92 -> 0 | R90: =+R91+R92 -> 0 | S90: =+S91+S92 -> 0 | T90: =+T91+T92 -> 0 | U90: =T90/S90 -> #DIV/0! | W90: Corresponde al pago de una suma de dinero que las autoridades ambientales imponen a quien con su acción u omisión infrinja las normas ambientales. Las autoridades ambientales son: El Ministerio de Ambiente y Desarrollo Sostenible, la Unidad Administrativa Especial del Sistema de Parques Nacionales Naturales, las Corporaciones Autónomas Regionales y las de Desarrollo Sostenible, las Unidades Ambientales Urbanas, la Armada Nacional, así como los departamentos, municipios y distritos. Estas autoridades están habilitadas para imponer y ejecutar las medidas preventivas y sancionatorias consagradas en la ley, sin perjuicio de las competencias legales de otras autoridades. | X90: Ley 1333 de 2009. Ley 99 de 1993 | Y90: -
A91: 1 | B91: 01 | C91: 02 | D91: 03 | E91: 01 | F91: 01 | G91: 01 | J91: Multas ambientales (vigencia actual) | N91: =K91+L91-M91 -> 0 | U91: =T91/S91 -> #DIV/0! | Y91: -
A92: 1 | B92: 01 | C92: 02 | D92: 03 | E92: 01 | F92: 01 | G92: 02 | J92: Multas ambientales (vigencia anterior) | N92: =K92+L92-M92 -> 0 | U92: =T92/S92 -> #DIV/0! | Y92: -
A93: 1 | B93: 01 | C93: 02 | D93: 03 | E93: 01 | F93: 02 | J93: Intereses de mora | K93: =+K94+K95 -> 0 | L93: =+L94+L95 -> 0 | M93: =+M94+M95 -> 0 | N93: =K93+L93-M93 -> 0 | O93: =+O94+O95 -> 0 | P93: =+P94+P95 -> 0 | Q93: =+Q94+Q95 -> 0 | R93: =+R94+R95 -> 0 | S93: =+S94+S95 -> 0 | T93: =+T94+T95 -> 0 | U93: =T93/S93 -> #DIV/0! | W93: Recaudo por concepto del retraso en que ha incurrido un tercero dentro de los plazos establecidos para el pago de una obligación. Los intereses de mora representan el resarcimiento tarifado o indemnización de los perjuicios que padece el acreedor por no tener consigo el dinero en la oportunidad debida. | X93: Sentencia C-604/2012 | Y93: -
A94: 1 | B94: 01 | C94: 02 | D94: 03 | E94: 01 | F94: 02 | G94: 01 | J94: Intereses de mora (vigencia actual) | N94: =K94+L94-M94 -> 0 | U94: =T94/S94 -> #DIV/0! | Y94: -
A95: 1 | B95: 01 | C95: 02 | D95: 03 | E95: 01 | F95: 02 | G95: 02 | J95: Intereses de mora (vigencia anterior) | N95: =K95+L95-M95 -> 0 | U95: =T95/S95 -> #DIV/0! | Y95: -
A96: 1 | B96: 01 | C96: 02 | D96: 04 | J96: Venta de bienes y servicios | K96: =+K97+K109 -> 0 | L96: =+L97+L109 -> 0 | M96: =+M97+M109 -> 0 | N96: =K96+L96-M96 -> 0 | O96: =+O97+O109 -> 0 | P96: =+P97+P109 -> 0 | Q96: =+Q97+Q109 -> 0 | R96: =+R97+R109 -> 0 | S96: =+S97+S109 -> 0 | T96: =+T97+T109 -> 0 | U96: =T96/S96 -> #DIV/0! | W96: Corresponde a los ingresos por concepto de la venta de bienes y la prestación de servicios que realizan las entidades en desarrollo de sus funciones y competencias legales, independientemente de que las mismas estén o no relacionadas con actividades de producción, o si se venden o no a precios económicamente significativos. Las ventas de bienes y servicios se registran sin deducir los costos de su recaudo (Decreto 111 de 1996, art. 35). | X96: Decreto 111 de 1996, art. 35 | Y96: -
A97: 1 | B97: 01 | C97: 02 | D97: 04 | E97: 01 | J97: Ventas de establecimientos de mercado | K97: =+K98+K106 -> 0 | L97: =+L98+L106 -> 0 | M97: =+M98+M106 -> 0 | N97: =K97+L97-M97 -> 0 | O97: =+O98+O106 -> 0 | P97: =+P98+P106 -> 0 | Q97: =+Q98+Q106 -> 0 | R97: =+R98+R106 -> 0 | S97: =+S98+S106 -> 0 | T97: =+T98+T106 -> 0 | U97: =T97/S97 -> #DIV/0! | W97: Son los ingresos por ventas de bienes y servicios resultantes del desarrollo de funciones misionales de producción o comercialización. Es decir, aquellas funciones de producción o comercialización dispuestas legalmente como competencias principales de la entidad. Esta categoría se desagrega siguiendo la Clasificación Central de Productos (CPC) del DANE. | Y97: -
A98: 1 | B98: 01 | C98: 02 | D98: 04 | E98: 01 | F98: 01 | J98: Agricultura, silvicultura y productos de la pesca | K98: =+K99 -> 0 | L98: =+L99 -> 0 | M98: =+M99 -> 0 | N98: =K98+L98-M98 -> 0 | O98: =+O99 -> 0 | P98: =+P99 -> 0 | Q98: =+Q99 -> 0 | R98: =+R99 -> 0 | S98: =+S99 -> 0 | T98: =+T99 -> 0 | U98: =T98/S98 -> #DIV/0!
A99: 1 | B99: 01 | C99: 02 | D99: 04 | E99: 01 | F99: 01 | G99: 01 | J99: Productos de la silvicultura y de la explotación forestal | K99: =+K100+K103 -> 0 | L99: =+L100+L103 -> 0 | M99: =+M100+M103 -> 0 | N99: =K99+L99-M99 -> 0 | O99: =+O100+O103 -> 0 | P99: =+P100+P103 -> 0 | Q99: =+Q100+Q103 -> 0 | R99: =+R100+R103 -> 0 | S99: =+S100+S103 -> 0 | T99: =+T100+T103 -> 0 | U99: =T99/S99 -> #DIV/0! | W99: Ley 633 de 2002 | Y99: -
A100: 1 | B100: 01 | C100: 02 | D100: 04 | E100: 01 | F100: 01 | G100: 01 | H100: 01 | J100: Madera en bruto | K100: =+K101+K102 -> 0 | L100: =+L101+L102 -> 0 | M100: =+M101+M102 -> 0 | N100: =K100+L100-M100 -> 0 | O100: =+O101+O102 -> 0 | P100: =+P101+P102 -> 0 | Q100: =+Q101+Q102 -> 0 | R100: =+R101+R102 -> 0 | S100: =+S101+S102 -> 0 | T100: =+T101+T102 -> 0 | U100: =T100/S100 -> #DIV/0! | Y100: -
A101: 1 | B101: 01 | C101: 02 | D101: 04 | E101: 01 | F101: 01 | G101: 01 | H101: 01 | I101: 01 | J101: Madera en bruto (vigencia actual) | N101: =K101+L101-M101 -> 0 | U101: =T101/S101 -> #DIV/0!
...

Sheet PROTOCOLO INGRESOS
A2: ANEXO No. 2. PROTOCOLO O GUÍA DE DILIGENCIAMIENTO
A3: MATRIZ DE SEGUIMIENTO A LA GESTIÓN Y DE AVANCE EN LAS METAS FÍSICAS Y FINANCIERAS DEL PLAN DE ACCIÓN
A4: ÍTEM | B4: DEFINICIONES
A5: (1) ESTRUCTURA RENTÍSTICA | B5: Es el conjunto de elementos que rigen la clasificación, el ordenamiento y la presentación del Presupuesto.
A6: (2) CONCEPTO | B6: Cuentas que conforma el presupuesto de ingresos.
A7: (3) PROYECTADO PLAN FINANCIERO | B7: Indique el valor proyectado en el Plan Financiero del Plan de Acción y el cual es la base para la formulación del presupuesto de la vigencia de reporte.
A8: (4) ADICIÓN | B8: Indique las modificaciones positivas que se realizan al presupuesto de la Corporación, que buscan adecuarlo a nuevas condiciones que se presentan en la ejecución y que no fueron contempladas en la etapa de programación (Plan Financiero); este debe reflejarse tanto en el presupuesto de ingresos como en el gasto con el fin que haya un equilibrio presupuestal.
A9: (5) REDUCCIÓN | B9: Indique las modificaciones negativas que se realizan al presupuesto de la Corporación, que buscan adecuarlo a nuevas condiciones que se presentan en la ejecución y que afecta la etapa de programación (Plan Financiero); este debe reflejarse tanto en el presupuesto de ingresos como en el gasto con el fin que haya un equilibrio presupuestal.
A10: (6) APROPIACIÓN FINAL | B10: Es el resultado de la suma de lo programado en el Plan Financiero (3) más las adiciones (4) y menos las reducciones (5).
A11: (7) FUNCIONAMIENTO | B11: Indique los recursos que se asignan a la cuenta de Funcionamiento por cada una de las fuentes de financiación.
A12: (8) INVERSIÓN | B12: Indique los recursos que se asignan a la cuenta de Inversión por cada una de las fuentes de financiación.
A13: (9) FCA | B13: Indique los recursos que se asignan a la cuenta del Fondo de Compensación Ambiental -FCA, por cada una de las fuentes de financiación, atendiendo el artículo 24 de la Ley 344 de 1996, es decir el veinte por ciento (20%) de los recursos percibidos por las Corporaciones Autónomas Regionales, con excepción de las de Desarrollo Sostenible, por concepto de transferencias del sector eléctrico y el diez por ciento (10%) de las restantes rentas propias, con excepción del porcentaje ambiental de los gravámenes a la propiedad inmueble percibidos por ellas y de aquéllas que tengan como origen relaciones contractuales interadministrativas.
A14: (10) SERVICIO A LA DEUDA | B14: Indique los recursos que, se destina en la vigencia para disminuir el capital adeudado, e intereses, que se calculan sobre el capital adeudado. El servicio de la deuda de un período incluye a todas las obligaciones de un período determinado, es decir, que puede incluir a varios acreedores.
A15: (11) DERECHOS POR COBRAR | B15: Indique los recursos de los créditos a favor de la corporación y a los cuales realizará el proceso de cobro, estos pueden ser generados por la facturación por la prestación de un servicio, así mismo, se incluyen los valores que se giraran de otras entidades por contratos interinstitucionales, asignación de recursos para ejecución de proyectos, recursos asignados por la nación, los certificados por los entes territoriales por concepto de sobretasa o porcentaje ambiental, las certificaciones de las generadores de energía, por concepto de TSE, etc.
... A18: (14) OBSERVACIONES | B18: Si es el caso, relacione lo que considere importante para la respectiva revisión y análisis que realizará DOAT-SINA.

Sheet informe Gastos
A2: NIVEL ESTRUCTURAL | B2: NIVEL RENTISTICO | C2: SUBNIVEL RENTISTICO | D2: CONCEPTO | E2: NIVEL 1 | F2: NIVEL 2 | G2: NIVEL 3 | H2: CONCEPTO (2) | I2: RECURSOS PROPIOS (3) | M2: RECURSOS DE LA NACIÓN (4) | Q2: RECURSOS FONDO DE COMPENSACIÓN AMBIENTAL (5) | U2: RECURSOS DE REGALÍAS (6) | Y2: TOTAL RECURSOS (7) | AC2: OBSERVACIONES (8)
I3: PRESUPUESTADO | J3: COMPROMETIDO | K3: OBLIGACIONES | L3: PAGOS | M3: PRESUPUESTADO | N3: COMPROMETIDO | O3: OBLIGACIONES | P3: PAGOS | Q3: PRESUPUESTADO | R3: COMPROMETIDO | S3: OBLIGACIONES | T3: PAGOS | U3: PRESUPUESTADO | V3: COMPROMETIDO | W3: OBLIGACIONES | X3: PAGOS | Y3: PRESUPUESTADO | Z3: COMPROMETIDO | AA3: OBLIGACIONES | AB3: PAGOS
A4: 2 | B4: 01 | H4: GASTOS DE FUNCIONAMIENTO | I4: =+I5+I6+I9+I24 -> 0 | J4: =+J5+J6+J9+J24 -> 0 | K4: =+K5+K6+K9+K24 -> 0 | L4: =+L5+L6+L9+L24 -> 0 | M4: =+M5+M6+M9+M24 -> 0 | N4: =+N5+N6+N9+N24 -> 0 | O4: =+O5+O6+O9+O24 -> 0 | P4: =+P5+P6+P9+P24 -> 0 | ... X4: =+X5+X6+X9+X24 -> 0 | Y4: =+I4+M4+Q4+U4 -> 0 | Z4: =+J4+N4+R4+V4 -> 0 | AA4: =+K4+O4+S4+W4 -> 0 | AB4: =+L4+P4+T4+X4 -> 0
A5: 2 | B5: 01 | C5: 01 | H5: GASTOS DE PERSONAL | Y5: =+I5+M5+Q5+U5 -> 0 | Z5: =+J5+N5+R5+V5 -> 0 | AA5: =+K5+O5+S5+W5 -> 0 | AB5: =+L5+P5+T5+X5 -> 0
A6: 2 | B6: 01 | C6: 02 | H6: ADQUISICIÓN DE BIENES Y SERVICIOS | I6: =+I7+I8 -> 0 | J6: =+J7+J8 -> 0 | K6: =+K7+K8 -> 0 | L6: =+L7+L8 -> 0 | M6: =+M7+M8 -> 0 | N6: =+N7+N8 -> 0 | O6: =+O7+O8 -> 0 | P6: =+P7+P8 -> 0 | ... X6: =+X7+X8 -> 0 | Y6: =+I6+M6+Q6+U6 -> 0 | Z6: =+J6+N6+R6+V6 -> 0 | AA6: =+K6+O6+S6+W6 -> 0 | AB6: =+L6+P6+T6+X6 -> 0
A7: 2 | B7: 01 | C7: 02 | D7: 01 | H7: Adquisición de activos no financieros | Y7: =+I7+M7+Q7+U7 -> 0 | Z7: =+J7+N7+R7+V7 -> 0 | AA7: =+K7+O7+S7+W7 -> 0 | AB7: =+L7+P7+T7+X7 -> 0
A8: 2 | B8: 01 | C8: 02 | D8: 01 | H8: Adquisiciones diferentes de activos | Y8: =+I8+M8+Q8+U8 -> 0 | Z8: =+J8+N8+R8+V8 -> 0 | AA8: =+K8+O8+S8+W8 -> 0 | AB8: =+L8+P8+T8+X8 -> 0
A9: 2 | B9: 01 | C9: 03 | H9: TRANSFERENCIAS CORRIENTES | I9: =+I10+I15+I21 -> 0 | J9: =+J10+J15+J21 -> 0 | K9: =+K10+K15+K21 -> 0 | L9: =+L10+L15+L21 -> 0 | M9: =+M10+M15+M21 -> 0 | N9: =+N10+N15+N21 -> 0 | O9: =+O10+O15+O21 -> 0 | P9: =+P10+P15+P21 -> 0 | ... X9: =+X10+X15+X21 -> 0 | Y9: =+I9+M9+Q9+U9 -> 0 | Z9: =+J9+N9+R9+V9 -> 0 | AA9: =+K9+O9+S9+W9 -> 0 | AB9: =+L9+P9+T9+X9 -> 0
A10: 2 | B10: 01 | C10: 03 | D10: 01 | H10: A ENTIDADES DE GOBIERNO | I10: =+I11+I15 -> 0 | J10: =+J11+J15 -> 0 | K10: =+K11+K15 -> 0 | L10: =+L11+L15 -> 0 | M10: =+M11+M15 -> 0 | N10: =+N11+N15 -> 0 | O10: =+O11+O15 -> 0 | P10: =+P11+P15 -> 0 | ... X10: =+X11+X15 -> 0 | Y10: =+I10+M10+Q10+U10 -> 0 | Z10: =+J10+N10+R10+V10 -> 0 | AA10: =+K10+O10+S10+W10 -> 0 | AB10: =+L10+P10+T10+X10 -> 0
B11: 01 | C11: 03 | D11: 01 | E11: 01 | H11: A ORGANOS DEL PGN | I11: =+I12 -> 0 | J11: =+J12 -> 0 | K11: =+K12 -> 0 | L11: =+L12 -> 0 | M11: =+M12 -> 0 | N11: =+N12 -> 0 | O11: =+O12 -> 0 | P11: =+P12 -> 0 | ... X11: =+X12 -> 0 | Y11: =+I11+M11+Q11+U11 -> 0 | Z11: =+J11+N11+R11+V11 -> 0 | AA11: =+K11+O11+S11+W11 -> 0 | AB11: =+L11+P11+T11+X11 -> 0
A12: 2 | B12: 01 | C12: 03 | D12: 01 | E12: 01 | F12: 01 | H12: Fondo de Compensación Ambiental - Ministerio del Medio Ambiente Art 24 Ley 344 de 1996 | I12: =+I13+I14 -> 0 | J12: =+J13+J14 -> 0 | K12: =+K13+K14 -> 0 | L12: =+L13+L14 -> 0 | M12: =+M13+M14 -> 0 | N12: =+N13+N14 -> 0 | O12: =+O13+O14 -> 0 | P12: =+P13+P14 -> 0 | ... X12: =+X13+X14 -> 0 | Y12: =+I12+M12+Q12+U12 -> 0 | Z12: =+J12+N12+R12+V12 -> 0 | AA12: =+K12+O12+S12+W12 -> 0 | AB12: =+L12+P12+T12+X12 -> 0
A13: 2 | B13: 01 | C13: 03 | D13: 01 | E13: 01 | F13: 01 | G13: 01 | H13: Fondo de Compensación Ambiental - TSE (20%) | Y13: =+I13+M13+Q13+U13 -> 0 | Z13: =+J13+N13+R13+V13 -> 0 | AA13: =+K13+O13+S13+W13 -> 0 | AB13: =+L13+P13+T13+X13 -> 0
A14: 2 | B14: 01 | C14: 03 | D14: 01 | E14: 01 | F14: 01 | G14: 02 | H14: Fondo de Compensación Ambiental - Recursos propios diferentes a TSE (10%) | Y14: =+I14+M14+Q14+U14 -> 0 | Z14: =+J14+N14+R14+V14 -> 0 | AA14: =+K14+O14+S14+W14 -> 0 | AB14: =+L14+P14+T14+X14 -> 0
A15: 2 | B15: 01 | C15: 03 | D15: 01 | E15: 02 | H15: A ESQUEMAS ASOCIATIVOS | I15: =+I16 -> 0 | J15: =+J16 -> 0 | K15: =+K16 -> 0 | L15: =+L16 -> 0 | M15: =+M16 -> 0 | N15: =+N16 -> 0 | O15: =+O16 -> 0 | P15: =+P16 -> 0 | ... X15: =+X16 -> 0 | Y15: =+I15+M15+Q15+U15 -> 0 | Z15: =+J15+N15+R15+V15 -> 0 | AA15: =+K15+O15+S15+W15 -> 0 | AB15: =+L15+P15+T15+X15 -> 0
A16: 2 | B16: 01 | C16: 03 | D16: 01 | E16: 02 | F16: 01 | H16: Aportes a ASOCARS | Y16: =+I16+M16+Q16+U16 -> 0 | Z16: =+J16+N16+R16+V16 -> 0 | AA16: =+K16+O16+S16+W16 -> 0 | AB16: =+L16+P16+T16+X16 -> 0
A17: 2 | B17: 01 | C17: 03 | D17: 02 | H17: PRESTACIONES SOCIALES | I17: =+I18 -> 0 | J17: =+J18 -> 0 | K17: =+K18 -> 0 | L17: =+L18 -> 0 | M17: =+M18 -> 0 | N17: =+N18 -> 0 | O17: =+O18 -> 0 | P17: =+P18 -> 0 | ... X17: =+X18 -> 0 | Y17: =+I17+M17+Q17+U17 -> 0 | Z17: =+J17+N17+R17+V17 -> 0 | AA17: =+K17+O17+S17+W17 -> 0 | AB17: =+L17+P17+T17+X17 -> 0
A18: 2 | B18: 01 | C18: 03 | D18: 02 | E18: 01 | H18: Prestaciones sociales relacionadas con el empleo | I18: =+I19+I20 -> 0 | J18: =+J19+J20 -> 0 | K18: =+K19+K20 -> 0 | L18: =+L19+L20 -> 0 | M18: =+M19+M20 -> 0 | N18: =+N19+N20 -> 0 | O18: =+O19+O20 -> 0 | P18: =+P19+P20 -> 0 | ... X18: =+X19+X20 -> 0 | Y18: =+I18+M18+Q18+U18 -> 0 | Z18: =+J18+N18+R18+V18 -> 0 | AA18: =+K18+O18+S18+W18 -> 0 | AB18: =+L18+P18+T18+X18 -> 0
A19: 2 | B19: 01 | C19: 03 | D19: 02 | E19: 01 | F19: 01 | H19: Mesadas pensionales (de pensiones) | I19: 0 | Y19: =+I19+M19+Q19+U19 -> 0 | Z19: =+J19+N19+R19+V19 -> 0 | AA19: =+K19+O19+S19+W19 -> 0 | AB19: =+L19+P19+T19+X19 -> 0
A20: 2 | B20: 01 | C20: 03 | D20: 02 | E20: 01 | F20: 02 | H20: Bonos pensionales (de pensiones) | I20: 0 | Y20: =+I20+M20+Q20+U20 -> 0 | Z20: =+J20+N20+R20+V20 -> 0 | AA20: =+K20+O20+S20+W20 -> 0 | AB20: =+L20+P20+T20+X20 -> 0
A21: 2 | B21: 01 | C21: 03 | D21: 03 | H21: SENTENCIAS Y CONCILIACIONES | I21: =+I22+I23 -> 0 | J21: =+J22+J23 -> 0 | K21: =+K22+K23 -> 0 | L21: =+L22+L23 -> 0 | M21: =+M22+M23 -> 0 | N21: =+N22+N23 -> 0 | O21: =+O22+O23 -> 0 | P21: =+P22+P23 -> 0 | ... X21: =+X22+X23 -> 0 | Y21: =+I21+M21+Q21+U21 -> 0 | Z21: =+J21+N21+R21+V21 -> 0 | AA21: =+K21+O21+S21+W21 -> 0 | AB21: =+L21+P21+T21+X21 -> 0
A22: 2 | B22: 01 | C22: 03 | D22: 03 | E22: 01 | H22: Comisiones y otros gastos | Y22: =+I22+M22+Q22+U22 -> 0 | Z22: =+J22+N22+R22+V22 -> 0 | AA22: =+K22+O22+S22+W22 -> 0 | AB22: =+L22+P22+T22+X22 -> 0
A23: 2 | B23: 01 | C23: 03 | D23: 03 | E23: 02 | H23: Conciliaciones | Y23: =+I23+M23+Q23+U23 -> 0 | Z23: =+J23+N23+R23+V23 -> 0 | AA23: =+K23+O23+S23+W23 -> 0 | AB23: =+L23+P23+T23+X23 -> 0
A24: 2 | B24: 01 | C24: 04 | H24: GASTOS POR TRIBUTOS, MULTAS, SANCIONES E INTERESES DE MORA | I24: =+I25+I29+I31+I33 -> 0 | J24: =+J25+J29+J31+J33 -> 0 | K24: =+K25+K29+K31+K33 -> 0 | L24: =+L25+L29+L31+L33 -> 0 | M24: =+M25+M29+M31+M33 -> 0 | N24: =+N25+N29+N31+N33 -> 0 | O24: =+O25+O29+O31+O33 -> 0 | P24: =+P25+P29+P31+P33 -> 0 | ... X24: =+X25+X29+X31+X33 -> 0 | Y24: =+I24+M24+Q24+U24 -> 0 | Z24: =+J24+N24+R24+V24 -> 0 | AA24: =+K24+O24+S24+W24 -> 0 | AB24: =+L24+P24+T24+X24 -> 0
A25: 2 | B25: 01 | C25: 04 | D25: 01 | H25: IMPUESTOS | I25: =+I26 -> 0 | J25: =+J26 -> 0 | K25: =+K26 -> 0 | L25: =+L26 -> 0 | M25: =+M26 -> 0 | N25: =+N26 -> 0 | O25: =+O26 -> 0 | P25: =+P26 -> 0 | ... X25: =+X26 -> 0 | Y25: =+I25+M25+Q25+U25 -> 0 | Z25: =+J25+N25+R25+V25 -> 0 | AA25: =+K25+O25+S25+W25 -> 0 | AB25: =+L25+P25+T25+X25 -> 0
A26: 2 | B26: 01 | C26: 04 | D26: 01 | E26: 01 | H26: IMPUESTOS TERRITORIALES | I26: =+I27+I28 -> 0 | J26: =+J27+J28 -> 0 | K26: =+K27+K28 -> 0 | L26: =+L27+L28 -> 0 | M26: =+M27+M28 -> 0 | N26: =+N27+N28 -> 0 | O26: =+O27+O28 -> 0 | P26: =+P27+P28 -> 0 | ... X26: =+X27+X28 -> 0 | Y26: =+I26+M26+Q26+U26 -> 0 | Z26: =+J26+N26+R26+V26 -> 0 | AA26: =+K26+O26+S26+W26 -> 0 | AB26: =+L26+P26+T26+X26 -> 0
A27: 2 | B27: 01 | C27: 04 | D27: 01 | E27: 01 | F27: 01 | H27: Impuesto predial y Sobretasa ambiental | Y27: =+I27+M27+Q27+U27 -> 0 | Z27: =+J27+N27+R27+V27 -> 0 | AA27: =+K27+O27+S27+W27 -> 0 | AB27: =+L27+P27+T27+X27 -> 0
A28: 2 | B28: 01 | C28: 04 | D28: 01 | E28: 01 | F28: 02 | H28: Impuesto sobre vehículos automotores. | Y28: =+I28+M28+Q28+U28 -> 0 | Z28: =+J28+N28+R28+V28 -> 0 | AA28: =+K28+O28+S28+W28 -> 0 | AB28: =+L28+P28+T28+X28 -> 0
A29: 2 | B29: 01 | C29: 04 | D29: 02 | H29: TASAS Y DERECHOS ADMINISTRATIVOS | I29: =+I30 -> 0 | J29: =+J30 -> 0 | K29: =+K30 -> 0 | L29: =+L30 -> 0 | M29: =+M30 -> 0 | N29: =+N30 -> 0 | O29: =+O30 -> 0 | P29: =+P30 -> 0 | ... X29: =+X30 -> 0 | Y29: =+I29+M29+Q29+U29 -> 0 | Z29: =+J29+N29+R29+V29 -> 0 | AA29: =+K29+O29+S29+W29 -> 0 | AB29: =+L29+P29+T29+X29 -> 0
A30: 2 | B30: 01 | C30: 04 | D30: 02 | E30: 01 | H30: Peajes. | Y30: =+I30+M30+Q30+U30 -> 0 | Z30: =+J30+N30+R30+V30 -> 0 | AA30: =+K30+O30+S30+W30 -> 0 | AB30: =+L30+P30+T30+X30 -> 0
A31: 2 | B31: 01 | C31: 04 | D31: 03 | H31: CONTRIBUCIONES | I31: =+I32 -> 0 | J31: =+J32 -> 0 | K31: =+K32 -> 0 | L31: =+L32 -> 0 | M31: =+M32 -> 0 | N31: =+N32 -> 0 | O31: =+O32 -> 0 | P31: =+P32 -> 0 | ... X31: =+X32 -> 0 | Y31: =+I31+M31+Q31+U31 -> 0 | Z31: =+J31+N31+R31+V31 -> 0 | AA31: =+K31+O31+S31+W31 -> 0 | AB31: =+L31+P31+T31+X31 -> 0
A32: 2 | B32: 01 | C32: 04 | D32: 03 | E32: 01 | H32: Cuota de fiscalización y auditaje | Y32: =+I32+M32+Q32+U32 -> 0 | Z32: =+J32+N32+R32+V32 -> 0 | AA32: =+K32+O32+S32+W32 -> 0 | AB32: =+L32+P32+T32+X32 -> 0
A33: 2 | B33: 01 | C33: 04 | D33: 04 | H33: Multas, sanciones e intereses de mora | I33: =+I34+I35+I36 -> 0 | J33: =+J34+J35+J36 -> 0 | K33: =+K34+K35+K36 -> 0 | L33: =+L34+L35+L36 -> 0 | M33: =+M34+M35+M36 -> 0 | N33: =+N34+N35+N36 -> 0 | O33: =+O34+O35+O36 -> 0 | P33: =+P34+P35+P36 -> 0 | ... X33: =+X34+X35+X36 -> 0 | Y33: =+I33+M33+Q33+U33 -> 0 | Z33: =+J33+N33+R33+V33 -> 0 | AA33: =+K33+O33+S33+W33 -> 0 | AB33: =+L33+P33+T33+X33 -> 0
A34: 2 | B34: 01 | C34: 04 | D34: 04 | E34: 01 | H34: Multas | Y34: =+I34+M34+Q34+U34 -> 0 | Z34: =+J34+N34+R34+V34 -> 0 | AA34: =+K34+O34+S34+W34 -> 0 | AB34: =+L34+P34+T34+X34 -> 0
A35: 2 | B35: 01 | C35: 04 | D35: 04 | E35: 02 | H35: Sanciones | Y35: =+I35+M35+Q35+U35 -> 0 | Z35: =+J35+N35+R35+V35 -> 0 | AA35: =+K35+O35+S35+W35 -> 0 | AB35: =+L35+P35+T35+X35 -> 0
A36: 2 | B36: 01 | C36: 04 | D36: 04 | E36: 03 | H36: Intereses de mora | Y36: =+I36+M36+Q36+U36 -> 0 | Z36: =+J36+N36+R36+V36 -> 0 | AA36: =+K36+O36+S36+W36 -> 0 | AB36: =+L36+P36+T36+X36 -> 0
A37: 2 | B37: 02 | H37: SERVICIO DE LA DEUDA | I37: =+I38+I42 -> 0 | J37: =+J38+J42 -> 0 | K37: =+K38+K42 -> 0 | L37: =+L38+L42 -> 0 | M37: =+M38+M42 -> 0 | N37: =+N38+N42 -> 0 | O37: =+O38+O42 -> 0 | P37: =+P38+P42 -> 0 | ... X37: =+X38+X42 -> 0 | Y37: =+I37+M37+Q37+U37 -> 0 | Z37: =+J37+N37+R37+V37 -> 0 | AA37: =+K37+O37+S37+W37 -> 0 | AB37: =+L37+P37+T37+X37 -> 0
A38: 2 | B38: 02 | C38: 01 | H38: Servicios de la deuda pública externa | I38: =+I39+I40+I41 -> 0 | J38: =+J39+J40+J41 -> 0 | K38: =+K39+K40+K41 -> 0 | L38: =+L39+L40+L41 -> 0 | M38: =+M39+M40+M41 -> 0 | N38: =+N39+N40+N41 -> 0 | O38: =+O39+O40+O41 -> 0 | P38: =+P39+P40+P41 -> 0 | ... X38: =+X39+X40+X41 -> 0 | Y38: =+I38+M38+Q38+U38 -> 0 | Z38: =+J38+N38+R38+V38 -> 0 | AA38: =+K38+O38+S38+W38 -> 0 | AB38: =+L38+P38+T38+X38 -> 0
A39: 2 | B39: 02 | C39: 01 | D39: 01 | H39: Servicios de la deuda pública externa | Y39: =+I39+M39+Q39+U39 -> 0 | Z39: =+J39+N39+R39+V39 -> 0 | AA39: =+K39+O39+S39+W39 -> 0 | AB39: =+L39+P39+T39+X39 -> 0
A40: 2 | B40: 02 | C40: 01 | D40: 02 | H40: Intereses de la deduda pública externa | Y40: =+I40+M40+Q40+U40 -> 0 | Z40: =+J40+N40+R40+V40 -> 0 | AA40: =+K40+O40+S40+W40 -> 0 | AB40: =+L40+P40+T40+X40 -> 0
A41: 2 | B41: 02 | C41: 01 | D41: 03 | H41: Comisiones y otros gastos | Y41: =+I41+M41+Q41+U41 -> 0 | Z41: =+J41+N41+R41+V41 -> 0 | AA41: =+K41+O41+S41+W41 -> 0 | AB41: =+L41+P41+T41+X41 -> 0
A42: 2 | B42: 02 | C42: 02 | H42: Servicios de la deuda pública interna | I42: =+I43+I44+I45+I46 -> 0 | J42: =+J43+J44+J45+J46 -> 0 | K42: =+K43+K44+K45+K46 -> 0 | L42: =+L43+L44+L45+L46 -> 0 | M42: =+M43+M44+M45+M46 -> 0 | N42: =+N43+N44+N45+N46 -> 0 | O42: =+O43+O44+O45+O46 -> 0 | P42: =+P43+P44+P45+P46 -> 0 | ... X42: =+X43+X44+X45+X46 -> 0 | Y42: =+I42+M42+Q42+U42 -> 0 | Z42: =+J42+N42+R42+V42 -> 0 | AA42: =+K42+O42+S42+W42 -> 0 | AB42: =+L42+P42+T42+X42 -> 0
A43: 2 | B43: 02 | C43: 02 | D43: 01 | H43: Servicios de la deuda pública interna | Y43: =+I43+M43+Q43+U43 -> 0 | Z43: =+J43+N43+R43+V43 -> 0 | AA43: =+K43+O43+S43+W43 -> 0 | AB43: =+L43+P43+T43+X43 -> 0
A44: 2 | B44: 02 | C44: 02 | D44: 02 | H44: Intereses de la deduda pública interna | Y44: =+I44+M44+Q44+U44 -> 0 | Z44: =+J44+N44+R44+V44 -> 0 | AA44: =+K44+O44+S44+W44 -> 0 | AB44: =+L44+P44+T44+X44 -> 0
A45: 2 | B45: 02 | C45: 02 | D45: 03 | H45: Comisiones y otros gastos | Y45: =+I45+M45+Q45+U45 -> 0 | Z45: =+J45+N45+R45+V45 -> 0 | AA45: =+K45+O45+S45+W45 -> 0 | AB45: =+L45+P45+T45+X45 -> 0
A46: 2 | B46: 02 | C46: 02 | D46: 04 | H46: Fondo de contigencias | Y46: =+I46+M46+Q46+U46 -> 0 | Z46: =+J46+N46+R46+V46 -> 0 | AA46: =+K46+O46+S46+W46 -> 0 | AB46: =+L46+P46+T46+X46 -> 0
A47: 2 | B47: 03 | H47: TOTAL GASTOS DE INVERSIÓN | I47: =+I48+I57 -> 0 | J47: =+J48+J57 -> 0 | K47: =+K48+K57 -> 0 | L47: =+L48+L57 -> 0 | M47: =+M48+M57 -> 0 | N47: =+N48+N57 -> 0 | O47: =+O48+O57 -> 0 | P47: =+P48+P57 -> 0 | ... X47: =+X48+X57 -> 0 | Y47: =+I47+M47+Q47+U47 -> 0 | Z47: =+J47+N47+R47+V47 -> 0 | AA47: =+K47+O47+S47+W47 -> 0 | AB47: =+L47+P47+T47+X47 -> 0
I48: =+I49+I53 -> 0 | J48: =+J49+J53 -> 0 | K48: =+K49+K53 -> 0 | L48: =+L49+L53 -> 0 | M48: =+M49+M53 -> 0 | N48: =+N49+N53 -> 0 | O48: =+O49+O53 -> 0 | P48: =+P49+P53 -> 0 | ... X48: =+X49+X53 -> 0 | Y48: =+I48+M48+Q48+U48 -> 0 | Z48: =+J48+N48+R48+V48 -> 0 | AA48: =+K48+O48+S48+W48 -> 0 | AB48: =+L48+P48+T48+X48 -> 0
I49: =+I50 -> 0 | J49: =+J50 -> 0 | K49: =+K50 -> 0 | L49: =+L50 -> 0 | M49: =+M50 -> 0 | N49: =+N50 -> 0 | O49: =+O50 -> 0 | P49: =+P50 -> 0 | ... X49: =+X50 -> 0 | Y49: =+I49+M49+Q49+U49 -> 0 | Z49: =+J49+N49+R49+V49 -> 0 | AA49: =+K49+O49+S49+W49 -> 0 | AB49: =+L49+P49+T49+X49 -> 0
I50: =+I51 -> 0 | J50: =+J51 -> 0 | K50: =+K51 -> 0 | L50: =+L51 -> 0 | M50: =+M51 -> 0 | N50: =+N51 -> 0 | O50: =+O51 -> 0 | P50: =+P51 -> 0 | ... X50: =+X51 -> 0 | Y50: =+I50+M50+Q50+U50 -> 0 | Z50: =+J50+N50+R50+V50 -> 0 | AA50: =+K50+O50+S50+W50 -> 0 | AB50: =+L50+P50+T50+X50 -> 0
I51: =+I52 -> 0 | J51: =+J52 -> 0 | K51: =+K52 -> 0 | L51: =+L52 -> 0 | M51: =+M52 -> 0 | N51: =+N52 -> 0 | O51: =+O52 -> 0 | P51: =+P52 -> 0 | ... X51: =+X52 -> 0 | Y51: =+I51+M51+Q51+U51 -> 0 | Z51: =+J51+N51+R51+V51 -> 0 | AA51: =+K51+O51+S51+W51 -> 0 | AB51: =+L51+P51+T51+X51 -> 0
Y52: =+I52+M52+Q52+U52 -> 0 | Z52: =+J52+N52+R52+V52 -> 0 | AA52: =+K52+O52+S52+W52 -> 0 | AB52: =+L52+P52+T52+X52 -> 0
I53: =+I54 -> 0 | J53: =+J54 -> 0 | K53: =+K54 -> 0 | L53: =+L54 -> 0 | M53: =+M54 -> 0 | N53: =+N54 -> 0 | O53: =+O54 -> 0 | P53: =+P54 -> 0 | ... X53: =+X54 -> 0 | Y53: =+I53+M53+Q53+U53 -> 0 | Z53: =+J53+N53+R53+V53 -> 0 | AA53: =+K53+O53+S53+W53 -> 0 | AB53: =+L53+P53+T53+X53 -> 0
I54: =+I55 -> 0 | J54: =+J55 -> 0 | K54: =+K55 -> 0 | L54: =+L55 -> 0 | M54: =+M55 -> 0 | N54: =+N55 -> 0 | O54: =+O55 -> 0 | P54: =+P55 -> 0 | ... X54: =+X55 -> 0 | Y54: =+I54+M54+Q54+U54 -> 0 | Z54: =+J54+N54+R54+V54 -> 0 | AA54: =+K54+O54+S54+W54 -> 0 | AB54: =+L54+P54+T54+X54 -> 0
I55: =+I56 -> 0 | J55: =+J56 -> 0 | K55: =+K56 -> 0 | L55: =+L56 -> 0 | M55: =+M56 -> 0 | N55: =+N56 -> 0 | O55: =+O56 -> 0 | P55: =+P56 -> 0 | ... X55: =+X56 -> 0 | Y55: =+I55+M55+Q55+U55 -> 0 | Z55: =+J55+N55+R55+V55 -> 0 | AA55: =+K55+O55+S55+W55 -> 0 | AB55: =+L55+P55+T55+X55 -> 0
Y56: =+I56+M56+Q56+U56 -> 0 | Z56: =+J56+N56+R56+V56 -> 0 | AA56: =+K56+O56+S56+W56 -> 0 | AB56: =+L56+P56+T56+X56 -> 0
I57: =+I58+I62 -> 0 | J57: =+J58+J62 -> 0 | K57: =+K58+K62 -> 0 | L57: =+L58+L62 -> 0 | M57: =+M58+M62 -> 0 | N57: =+N58+N62 -> 0 | O57: =+O58+O62 -> 0 | P57: =+P58+P62 -> 0 | ... X57: =+X58+X62 -> 0 | Y57: =+I57+M57+Q57+U57 -> 0 | Z57: =+J57+N57+R57+V57 -> 0 | AA57: =+K57+O57+S57+W57 -> 0 | AB57: =+L57+P57+T57+X57 -> 0
I58: =+I59 -> 0 | J58: =+J59 -> 0 | K58: =+K59 -> 0 | L58: =+L59 -> 0 | M58: =+M59 -> 0 | N58: =+N59 -> 0 | O58: =+O59 -> 0 | P58: =+P59 -> 0 | ... X58: =+X59 -> 0 | Y58: =+I58+M58+Q58+U58 -> 0 | Z58: =+J58+N58+R58+V58 -> 0 | AA58: =+K58+O58+S58+W58 -> 0 | AB58: =+L58+P58+T58+X58 -> 0
I59: =+I60 -> 0 | J59: =+J60 -> 0 | K59: =+K60 -> 0 | L59: =+L60 -> 0 | M59: =+M60 -> 0 | N59: =+N60 -> 0 | O59: =+O60 -> 0 | P59: =+P60 -> 0 | ... X59: =+X60 -> 0 | Y59: =+I59+M59+Q59+U59 -> 0 | Z59: =+J59+N59+R59+V59 -> 0 | AA59: =+K59+O59+S59+W59 -> 0 | AB59: =+L59+P59+T59+X59 -> 0
I60: =+I61 -> 0 | J60: =+J61 -> 0 | K60: =+K61 -> 0 | L60: =+L61 -> 0 | M60: =+M61 -> 0 | N60: =+N61 -> 0 | O60: =+O61 -> 0 | P60: =+P61 -> 0 | ... X60: =+X61 -> 0 | Y60: =+I60+M60+Q60+U60 -> 0 | Z60: =+J60+N60+R60+V60 -> 0 | AA60: =+K60+O60+S60+W60 -> 0 | AB60: =+L60+P60+T60+X60 -> 0
Y61: =+I61+M61+Q61+U61 -> 0 | Z61: =+J61+N61+R61+V61 -> 0 | AA61: =+K61+O61+S61+W61 -> 0 | AB61: =+L61+P61+T61+X61 -> 0
I62: =+I63 -> 0 | J62: =+J63 -> 0 | K62: =+K63 -> 0 | L62: =+L63 -> 0 | M62: =+M63 -> 0 | N62: =+N63 -> 0 | O62: =+O63 -> 0 | P62: =+P63 -> 0 | ... X62: =+X63 -> 0 | Y62: =+I62+M62+Q62+U62 -> 0 | Z62: =+J62+N62+R62+V62 -> 0 | AA62: =+K62+O62+S62+W62 -> 0 | AB62: =+L62+P62+T62+X62 -> 0
I63: =+I64 -> 0 | J63: =+J64 -> 0 | K63: =+K64 -> 0 | L63: =+L64 -> 0 | M63: =+M64 -> 0 | N63: =+N64 -> 0 | O63: =+O64 -> 0 | P63: =+P64 -> 0 | ... X63: =+X64 -> 0 | Y63: =+I63+M63+Q63+U63 -> 0 | Z63: =+J63+N63+R63+V63 -> 0 | AA63: =+K63+O63+S63+W63 -> 0 | AB63: =+L63+P63+T63+X63 -> 0
I64: =+I65 -> 0 | J64: =+J65 -> 0 | K64: =+K65 -> 0 | L64: =+L65 -> 0 | M64: =+M65 -> 0 | N64: =+N65 -> 0 | O64: =+O65 -> 0 | P64: =+P65 -> 0 | ... X64: =+X65 -> 0 | Y64: =+I64+M64+Q64+U64 -> 0 | Z64: =+J64+N64+R64+V64 -> 0 | AA64: =+K64+O64+S64+W64 -> 0 | AB64: =+L64+P64+T64+X64 -> 0
Y65: =+I65+M65+Q65+U65 -> 0 | Z65: =+J65+N65+R65+V65 -> 0 | AA65: =+K65+O65+S65+W65 -> 0 | AB65: =+L65+P65+T65+X65 -> 0
Y66: =+I66+M66+Q66+U66 -> 0 | Z66: =+J66+N66+R66+V66 -> 0 | AA66: =+K66+O66+S66+W66 -> 0 | AB66: =+L66+P66+T66+X66 -> 0
Y67: =+I67+M67+Q67+U67 -> 0 | Z67: =+J67+N67+R67+V67 -> 0 | AA67: =+K67+O67+S67+W67 -> 0 | AB67: =+L67+P67+T67+X67 -> 0
Y68: =+I68+M68+Q68+U68 -> 0 | Z68: =+J68+N68+R68+V68 -> 0 | AA68: =+K68+O68+S68+W68 -> 0 | AB68: =+L68+P68+T68+X68 -> 0
Y69: =+I69+M69+Q69+U69 -> 0 | Z69: =+J69+N69+R69+V69 -> 0 | AA69: =+K69+O69+S69+W69 -> 0 | AB69: =+L69+P69+T69+X69 -> 0
Y70: =+I70+M70+Q70+U70 -> 0 | Z70: =+J70+N70+R70+V70 -> 0 | AA70: =+K70+O70+S70+W70 -> 0 | AB70: =+L70+P70+T70+X70 -> 0
Y71: =+I71+M71+Q71+U71 -> 0 | Z71: =+J71+N71+R71+V71 -> 0 | AA71: =+K71+O71+S71+W71 -> 0 | AB71: =+L71+P71+T71+X71 -> 0
Y72: =+I72+M72+Q72+U72 -> 0 | Z72: =+J72+N72+R72+V72 -> 0 | AA72: =+K72+O72+S72+W72 -> 0 | AB72: =+L72+P72+T72+X72 -> 0
Y73: =+I73+M73+Q73+U73 -> 0 | Z73: =+J73+N73+R73+V73 -> 0 | AA73: =+K73+O73+S73+W73 -> 0 | AB73: =+L73+P73+T73+X73 -> 0
Y74: =+I74+M74+Q74+U74 -> 0 | Z74: =+J74+N74+R74+V74 -> 0 | AA74: =+K74+O74+S74+W74 -> 0 | AB74: =+L74+P74+T74+X74 -> 0
Y75: =+I75+M75+Q75+U75 -> 0 | Z75: =+J75+N75+R75+V75 -> 0 | AA75: =+K75+O75+S75+W75 -> 0 | AB75: =+L75+P75+T75+X75 -> 0
H76: TOTAL PRESUPUESTO DE GASTOS | I76: =+I47+I37+I4 -> 0 | J76: =+J47+J37+J4 -> 0 | K76: =+K47+K37+K4 -> 0 | L76: =+L47+L37+L4 -> 0 | M76: =+M47+M37+M4 -> 0 | N76: =+N47+N37+N4 -> 0 | O76: =+O47+O37+O4 -> 0 | P76: =+P47+P37+P4 -> 0 | ... X76: =+X47+X37+X4 -> 0 | Y76: =+I76+M76+Q76+U76 -> 0 | Z76: =+J76+N76+R76+V76 -> 0 | AA76: =+K76+O76+S76+W76 -> 0 | AB76: =+L76+P76+T76+X76 -> 0

Sheet Hoja2
A2: ANEXO No. 5.2. PROTOCOLO O GUÍA DE DILIGENCIAMIENTO
A3: MATRIZ DE SEGUIMIENTO A LA GESTIÓN Y DE AVANCE EN LAS METAS FÍSICAS Y FINANCIERAS DEL PLAN DE ACCIÓN
A4: ÍTEM | B4: DEFINICIONES
A5: (1) ESTRUCTURA RENTÍSTICA | B5: Es el conjunto de elementos que rigen la clasificación, el ordenamiento y la presentación del Presupuesto.
A6: (2) CONCEPTO | B6: Cuentas que conforma el presupuesto de los gastos.
A7: (3) RECURSOS PROPIOS | B7: Por cada cuenta que conforma el presupuesto de gastos por concepto de recursos propios indique cuanto se apropió (cuanto se programó en el presupuesto, este valor puede cambiar conforme a los ajustes realizados al plan financiero), comprometió (registro presupuestal conforme a lo apropiado, el valor de lo comprometido no debe superar lo apropiado), obligó (de lo comprometido, cuanto fueron la exigibilidades por la entrega de bienes y servicios) y pagó (cuanto de esas exigibilidades ya se giraron), en la vigencia del reporte.
A8: (4) RECURSOS NACIÓN | B8: Por cada cuenta que conforma el presupuesto de gastos por concepto de los recursos recibidos por el Presupuesto General de la Nación, indique cuanto se apropió (cuanto se programó en el presupuesto, este valor puede cambiar conforme a los ajustes realizados al plan financiero), comprometió (registro presupuestal conforme a lo apropiado, el valor de lo comprometido no debe superar lo apropiado), obligó (de lo comprometido, cuanto fueron la exigibilidades por la entrega de bienes y servicios) y pagó (cuanto de esas exigibilidades ya se giraron), en la vigencia del reporte.
A9: (5) RECURSOS FONDO DE COMPENSACIÓN AMBIENTAL | B9: Por cada cuenta que conforma el presupuesto de gastos por concepto de los recursos recibidos por el Fondo de Compensación Ambiental, indique cuanto se apropió (cuanto se programó en el presupuesto, este valor puede cambiar conforme a los ajustes realizados al plan financiero), comprometió (registro presupuestal conforme a lo apropiado, el valor de lo comprometido no debe superar lo apropiado), obligó (de lo comprometido, cuanto fueron la exigibilidades por la entrega de bienes y servicios) y pagó (cuanto de esas exigibilidades ya se giraron), en la vigencia del reporte.
A10: (6) RECURSOS DE REGALÍAS | B10: Por cada cuenta que conforma el presupuesto de gastos por concepto de los recursos recibidos por el Sistema General de Regalías, indique cuanto se apropió (cuanto se programó en el presupuesto, este valor puede cambiar conforme a los ajustes realizados al plan financiero), comprometió (registro presupuestal conforme a lo apropiado, el valor de lo comprometido no debe superar lo apropiado), obligó (de lo comprometido, cuanto fueron la exigibilidades por la entrega de bienes y servicios) y pagó (cuanto de esas exigibilidades ya se giraron), en la vigencia del reporte.
A11: (7) TOTAL RECURSOS | B11: Es la sumatoria del gasto realizado por recursos propios, Nación, Regalías y Fondo de Compensación Ambiental.
A12: (8) OBSERVACIONES | B12: Si es el caso, relacione lo que considere importante para la respectiva revisión y análisis que realizará DOAT-SINA.

Sheet Anexo 3 Matriz IMG
A2: ='Datos Generales'!C5 -> 0
A3: ANEXO NO. 3. MATRIZ DE REPORTE DE AVANCE DE INDICADORES MÍNIMOS DE GESTIÓN INCORPORADOS EN LA RESOLUCIÓN 667 DE 2016
A4: PERIODO REPORTADO: | C4: ='Datos Generales'!C6 -> 0
A5: N | B5: Indicador | C5: 2020 | D5: 2021 | E5: 2022 | F5: 2023 | H5: Acuerdo | I5: Programas | J5: Observaciones | L5: Acuerdo Consejo Directivo | M5: Programa o Proyecto asociado | N5: Observaciones
A6: 1. | B6: Porcentaje de avance en la formulación y/o ajuste de los Planes de Ordenación y Manejo de Cuencas (POMCAS), Planes de Manejo de Acuíferos (PMA) y Planes de Manejo de Microcuencas (PMM) | C6: =+'1POMCAS'!D8 -> N.A. | H6: ='1POMCAS'!F11 -> 0 | I6: =+'1POMCAS'!E12 -> 2.4 | J6: =+'1POMCAS'!E13 -> 0 | L6: =IF(ISNUMBER(C6),"",H6) -> 0 | M6: =IF(ISNUMBER(I6),"",I6) | N6: =IF(ISNUMBER(J6),"",J6)
A7: 2. | B7: Porcentaje de cuerpos de agua con planes de ordenamiento del recurso hídrico (PORH) adoptados | C7: =+'2PORH'!D8 -> N.A. | H7: =+'2PORH'!F11 -> 0 | I7: =+'2PORH'!E12 -> 2.4 | J7: =+'2PORH'!E13 -> 0 | L7: =IF(ISNUMBER(C7),"",H7) -> 0 | M7: =IF(ISNUMBER(I7),"",I7) | N7: =IF(ISNUMBER(J7),"",J7)
A8: 3. | B8: Porcentaje de Planes de Saneamiento y Manejo de Vertimientos (PSMV) con seguimiento | C8: =+'3PSMV'!D8 -> 1 | H8: =+'3PSMV'!F11 -> 0 | I8: =+'3PSMV'!E12 -> 0 | J8: =+'3PSMV'!E13 -> 0 | L8: =IF(ISNUMBER(C8),"",H8) | M8: =IF(ISNUMBER(I8),"",I8) | N8: =IF(ISNUMBER(J8),"",J8)
A9: 4. | B9: Porcentaje de cuerpos de agua con reglamentación del uso de las aguas | C9: =+'4UsoAguas'!D8 -> N.A. | H9: =+'4UsoAguas'!F11 -> 0 | I9: =+'4UsoAguas'!E12 -> 2.4 | J9: =+'4UsoAguas'!E13 -> No se programó meta para el 2020 | L9: =IF(ISNUMBER(C9),"",H9) -> 0 | M9: =IF(ISNUMBER(I9),"",I9) | N9: =IF(ISNUMBER(J9),"",J9) -> No se programó meta para el 2020
A10: 5. | B10: Porcentaje de Programas de Uso Eficiente y Ahorro del Agua (PUEAA) con seguimiento | C10: =+'5PUEAA'!D8 -> 0.19047619 | H10: =+'5PUEAA'!F11 -> 0 | I10: =+'5PUEAA'!E12 -> 2.4 | J10: =+'5PUEAA'!E13 -> 0 | L10: =IF(ISNUMBER(C10),"",H10) | M10: =IF(ISNUMBER(I10),"",I10) | N10: =IF(ISNUMBER(J10),"",J10)
A11: 6. | B11: Porcentaje de Planes de Ordenación y Manejo de Cuencas (POMCAS), Planes de Manejo de Acuíferos (PMA) y Planes de Manejo de Microcuencas (PMM) en ejecución | C11: =+'6POMCASejec'!D8 -> 0.48148148 | H11: =+'6POMCASejec'!F11 -> 0 | I11: =+'6POMCASejec'!E12 -> 2.4 | J11: =+'6POMCASejec'!E13 -> 0 | L11: =IF(ISNUMBER(C11),"",H11) | M11: =IF(ISNUMBER(I11),"",I11) | N11: =IF(ISNUMBER(J11),"",J11)
A12: 7. | B12: Porcentaje de entes territoriales asesorados en la incorporación, planificación y ejecución de acciones relacionadas con cambio climático en el marco de los instrumentos de planificación territorial | C12: =+'7Clima'!D8 -> 1 | H12: =+'7Clima'!F11 -> 0 | I12: =+'7Clima'!E12 -> 0 | J12: =+'7Clima'!E13 -> 0 | L12: =IF(ISNUMBER(C12),"",H12) | M12: =IF(ISNUMBER(I12),"",I12) | N12: =IF(ISNUMBER(J12),"",J12)
A13: 8. | B13: Porcentaje de suelos degradados en recuperación o rehabilitación | C13: =+'8Suelo'!D8 -> N.A. | H13: =+'8Suelo'!F11 -> 0 | I13: =+'8Suelo'!E12 -> 0 | J13: =+'8Suelo'!E13 -> 0 | L13: =IF(ISNUMBER(C13),"",H13) -> 0 | M13: =IF(ISNUMBER(I13),"",I13) | N13: =IF(ISNUMBER(J13),"",J13)
A14: 9. | B14: Porcentaje de la superficie de áreas protegidas regionales declaradas, homologadas o recategorizadas, inscritas en el RUNAP | C14: =+'9RUNAP'!D9 -> N.A. | H14: =+'9RUNAP'!F12 -> 0 | I14: =+'9RUNAP'!E13 -> 5.4 | J14: =+'9RUNAP'!E14 -> 0 | L14: =IF(ISNUMBER(C14),"",H14) -> 0 | M14: =IF(ISNUMBER(I14),"",I14) | N14: =IF(ISNUMBER(J14),"",J14)
A15: 10. | B15: Porcentaje de páramos delimitados por el MADS, con zonificación y régimen de usos adoptados por la CAR | C15: ='10Paramos'!D8 -> N.A. | H15: ='10Paramos'!F11 -> 0 | I15: ='10Paramos'!E12 -> 5.4 | J15: ='10Paramos'!E13 -> 0 | L15: =IF(ISNUMBER(C15),"",H15) -> 0 | M15: =IF(ISNUMBER(I15),"",I15) | N15: =IF(ISNUMBER(J15),"",J15)
A16: 11. | B16: Porcentaje de avance en la formulación del Plan de Ordenación Forestal | C16: =+'11Forest'!D8 -> SIN INFORMACION | H16: =+'11Forest'!F11 -> 0 | I16: =+'11Forest'!E12 -> 5.2 | J16: =+'11Forest'!E13 -> 0 | L16: =IF(ISNUMBER(C16),"",H16) -> 0 | M16: =IF(ISNUMBER(I16),"",I16) | N16: =IF(ISNUMBER(J16),"",J16)
A17: 12. | B17: Porcentaje de áreas protegidas con planes de manejo en ejecución | C17: =+'12PlanesAP'!D8 -> 1 | H17: =+'12PlanesAP'!F11 -> 0 | I17: =+'12PlanesAP'!E12 -> 5.4 | J17: =+'12PlanesAP'!E13 -> 0 | L17: =IF(ISNUMBER(C17),"",H17) | M17: =IF(ISNUMBER(I17),"",I17) | N17: =IF(ISNUMBER(J17),"",J17)
A18: 13. | B18: Porcentaje de especies amenazadas con medidas de conservación y manejo en ejecución | C18: =+'13Amenaz'!D8 -> 1 | H18: =+'13Amenaz'!F11 -> 0 | I18: =+'13Amenaz'!E12 -> 0 | J18: =+'13Amenaz'!E13 -> 0 | L18: =IF(ISNUMBER(C18),"",H18) | M18: =IF(ISNUMBER(I18),"",I18) | N18: =IF(ISNUMBER(J18),"",J18)
A19: 14. | B19: Porcentaje de especies invasoras con medidas de prevención, control y manejo en ejecución | C19: =+'14Invasor'!D8 -> 1 | H19: =+'14Invasor'!F11 -> 0 | I19: =+'14Invasor'!E12 -> 0 | J19: =+'14Invasor'!E13 -> 0 | L19: =IF(ISNUMBER(C19),"",H19) | M19: =IF(ISNUMBER(I19),"",I19) | N19: =IF(ISNUMBER(J19),"",J19)
A20: 15. | B20: Porcentaje de áreas de ecosistemas en restauración, rehabilitación y reforestación | C20: =+'15Restaura'!D8 -> SIN INFORMACION | H20: =+'15Restaura'!F11 -> Acuerdo 05/2020 por medio del Cual se aprueba el Plan de Acción 2020-2023 | I20: =+'15Restaura'!E12 -> 0 | J20: =+'15Restaura'!E13 -> Para el periodo 2020, no se programó meta para este indicador | L20: =IF(ISNUMBER(C20),"",H20) -> Acuerdo 05/2020 por medio del Cual se aprueba el Plan de Acción 2020-2023 | M20: =IF(ISNUMBER(I20),"",I20) | N20: =IF(ISNUMBER(J20),"",J20) -> Para el periodo 2020, no se programó meta para este indicador
A21: 16. | B21: Implementación de acciones en manejo integrado de zonas costeras | C21: =+'16MIZC'!D8 -> 0 | H21: =+'16MIZC'!F11 -> 0 | I21: =+'16MIZC'!E12 -> 0 | J21: =+'16MIZC'!E13 -> 0 | L21: =IF(ISNUMBER(C21),"",H21) | M21: =IF(ISNUMBER(I21),"",I21) | N21: =IF(ISNUMBER(J21),"",J21)
A22: 17. | B22: Porcentaje de Planes de Gestión Integral de Residuos Sólidos (PGIRS) con seguimiento a metas de aprovechamiento | C22: =+'17PGIRS'!D8 -> 1 | H22: =+'17PGIRS'!F11 -> 0 | I22: =+'17PGIRS'!E12 -> 0 | J22: =+'17PGIRS'!E13 -> 0 | L22: =IF(ISNUMBER(C22),"",H22) | M22: =IF(ISNUMBER(I22),"",I22) | N22: =IF(ISNUMBER(J22),"",J22)
A23: 18. | B23: Porcentaje de sectores con acompañamiento para la reconversión hacia sistemas sostenibles de producción | C23: =+'18Sector'!D8 -> 1 | H23: =+'18Sector'!F11 -> 0 | I23: =+'18Sector'!E12 -> 0 | J23: =+'18Sector'!E13 -> 0 | L23: =IF(ISNUMBER(C23),"",H23) | M23: =IF(ISNUMBER(I23),"",I23) | N23: =IF(ISNUMBER(J23),"",J23)
A24: 19. | B24: Porcentaje de ejecución de acciones en Gestión Ambiental Urbana | C24: =+'19GAU'!D8 -> 1 | H24: =+'19GAU'!F11 -> 0 | I24: =+'19GAU'!E12 -> 4.1 | J24: =+'19GAU'!E13 -> 0 | L24: =IF(ISNUMBER(C24),"",H24) | M24: =IF(ISNUMBER(I24),"",I24) | N24: =IF(ISNUMBER(J24),"",J24)
A25: 20. | B25: Implementación del Programa Regional de Negocios Verdes por la autoridad ambiental | C25: =+'20Negoc'!D8 -> 0 | H25: =+'20Negoc'!F11 -> 0 | I25: =+'20Negoc'!E12 -> 0 | J25: =+'20Negoc'!E13 -> 0 | L25: =IF(ISNUMBER(C25),"",H25) | M25: =IF(ISNUMBER(I25),"",I25) | N25: =IF(ISNUMBER(J25),"",J25)
A26: 21. | B26: Tiempo promedio de trámite para la resolución de autorizaciones ambientales otorgadas por la corporación | C26: =+'21TiempoT'!D8 -> 0.91552347 | H26: =+'21TiempoT'!F11 -> 0 | I26: =+'21TiempoT'!E12 -> 0 | J26: =+'21TiempoT'!E13 -> 0 | L26: =IF(ISNUMBER(C26),"",H26) | M26: =IF(ISNUMBER(I26),"",I26) | N26: =IF(ISNUMBER(J26),"",J26)
A27: 22. | B27: Porcentaje de autorizaciones ambientales con seguimiento | C27: =+'22Autor'!D8 -> 0.29444444 | H27: =+'22Autor'!F11 -> 0 | I27: =+'22Autor'!E12 -> 0 | J27: =+'22Autor'!E13 -> 0 | L27: =IF(ISNUMBER(C27),"",H27) | M27: =IF(ISNUMBER(I27),"",I27) | N27: =IF(ISNUMBER(J27),"",J27)
A28: 23. | B28: Porcentaje de Procesos Sancionatorios Resueltos | C28: =+'22Autor'!D8 -> 0.29444444 | H28: =+'22Autor'!F11 -> 0 | I28: =+'22Autor'!E12 -> 0 | J28: =+'22Autor'!E13 -> 0 | L28: =IF(ISNUMBER(C28),"",H28) | M28: =IF(ISNUMBER(I28),"",I28) | N28: =IF(ISNUMBER(J28),"",J28)
A29: 24. | B29: Porcentaje de municipios asesorados o asistidos en la inclusión del componente ambiental en los procesos de planificación y ordenamiento territorial, con énfasis en la incorporación de las determinantes ambientales para la revisión y ajuste de los POT | C29: ='24POT'!D7 -> 1 | H29: ='24POT'!F10 -> 0 | I29: ='24POT'!E11 -> 3 | J29: ='24POT'!E12 -> 0 | L29: =IF(ISNUMBER(C29),"",H29) | M29: =IF(ISNUMBER(I29),"",I29) | N29: =IF(ISNUMBER(J29),"",J29)
A30: 25. | B30: Porcentaje de redes y estaciones de monitoreo en operación | C30: =+'25Redes'!D8 -> 1 | H30: =+'25Redes'!F11 -> 0 | I30: =+'25Redes'!E12 -> 0 | J30: =+'25Redes'!E13 -> 0 | L30: =IF(ISNUMBER(C30),"",H30) | M30: =IF(ISNUMBER(I30),"",I30) | N30: =IF(ISNUMBER(J30),"",J30)
A31: 26. | B31: Porcentaje de actualización y reporte de la información en el SIAC | C31: =+'26SIAC'!D8 -> 0.57301358 | H31: =+'26SIAC'!F11 -> 0 | I31: =+'26SIAC'!E12 -> 0 | J31: =+'26SIAC'!E13 -> 0 | L31: =IF(ISNUMBER(C31),"",H31) | M31: =IF(ISNUMBER(I31),"",I31) | N31: =IF(ISNUMBER(J31),"",J31)
A32: 27. | B32: Ejecución de Acciones en Educación Ambiental | C32: =+'27Educa'!D8 -> 1 | H32: =+'27Educa'!F11 -> 0 | I32: =+'27Educa'!E12 -> 0 | J32: =+'27Educa'!E13 -> 0 | L32: =IF(ISNUMBER(C32),"",H32) | M32: =IF(ISNUMBER(I32),"",I32) | N32: =IF(ISNUMBER(J32),"",J32)

Sheet 1POMCAS
A2: ='Datos Generales'!C5 -> 0
A3: ANEXO NO. 3. MATRIZ DE REPORTE DE AVANCE DE INDICADORES MÍNIMOS DE GESTIÓN INCORPORADOS EN LA RESOLUCIÓN 667 DE 2016
A4: PERIODO REPORTADO: | E4: ='Datos Generales'!C6 -> 0
A5: Porcentaje de avance en la formulación y/o ajuste de los Planes de Ordenación y Manejo de Cuencas (POMCAS), Planes de Manejo de Acuíferos (PMA) y Planes de Manejo de Microcuencas (PMM)
B6: (Hoja metodológica versión 1,00) | F6: Datos reportados por la Corporación
F7: Datos establecidos por el MADS
B8: Año | C8: 2020 | D8: =IF(E10="NO APLICA","NO APLICA",IF(E11="NO SE REPORTA","SIN INFORMACION",+G99)) -> N.A. | F8: Datos calculados por el sistema
B9: VOLVER AL INDICE
B10: ¿El Indicador aplica por las especificades ambientales regionales? | E10: SI APLICA | F10: =IF(E10="NO APLICA"," ESCRIBA EL NÚMERO DEL ACUERDO DEL CONSEJO DIRECTIVO EN EL CUAL DECIDE LA NO PROCEDENCIA DE LA APLICACIÓN DEL INDICADOR",IF(E11="NO SE REPORTA"," ESCRIBA EL NÚMERO DEL ACUERDO DEL CONSEJO DIRECTIVO EN LA CUAL SE APRUEBA LA AGENDA DE IMPLEMENTACION DEL INDICADOR",""))
D11: =IF(E10="SI APLICA","¿El indicador no se reporta por limitaciones de información disponible? ","") -> ¿El indicador no se reporta por limitaciones de información disponible? | E11: SI SE REPORTA
D12: =IF(E11="SI SE REPORTA","¿Qué programas o proyectos del Plan de Acción están asociados al indicador? ","") -> ¿Qué programas o proyectos del Plan de Acción están asociados al indicador? | E12: 2.4
D13: Observaciones
B15: Metodología de cálculo | D15: Para su cálculo, se diligencia la siguiente información:
D16: Número de cuencas objeto de POMCA en la jurisdicción de la CAR según la zonificación hidrográfica: | E16: 19
D17: Número de cuencas objeto de POMCA priorizadas para el cuatrienio en la jurisdicción de la CAR: | E17: 1
D18: Número de cuencas con POMCAS aprobados, bajo el nuevo marco normativo (Decreto 1076 de 2015) a 31 de diciembre de 2019:
D19: Meta de POMCAS aprobados para el cuatrienio 2020-2023 (número):
D20: Meta de PMA aprobados para el cuatrienio 2020-2023 (número):
D21: Meta de PMM aprobados para el cuatrienio 2020-2023 (número):
D22: Datos generales de los POMCAS:
D23: Cuencas, acuíferos y microcuencas objeto de planes en la jurisdicción de la CAR
D24: Tipo de Plan (a) | E24: Código (b) | F24: Nombre de Cuenca, Microcuenca, Acuífero | G24: Área (Has) | H24: Estado de avance a 31 de diciembre de 2019 (c) | I24: Estado de avance a 31 de diciembre de 2019 (%)
C25: 1 | D25: POMCA | E25: 2801-01 | F25: Guatapurí | G25: 88.987,97 ha | H25: En fase de formulación | I25: 0.9
C26: 2 | D26: POMCA | E26: 2805-02 | F26: Bajo Cesar Cienaga de Zapatosa | G26: 627.350,23 ha | H26: En fase de formulación y aprobado | I26: 1
C27: 3 | D27: POMCA | E27: 2802-08 | F27: Calenturitas | G27: 128.828,00 ha | H27: En fase de formulación y aprobado | I27: 1
C28: 4 | D28: POMCA | E28: 2319-03 | F28: Lebrija Medio (cuenca compartida) | H28: En fase de formulación y aprobado | I28: 1
C29: 5 | D29: POMCA | E29: 1605 | F29: Algodonal | H29: En fase de formulación y aprobado | I29: 1
C30: 6 | D30: POMCA | E30: 2321-01 | F30: Qda Buturama y otros directos al Magdalena medio | G30: 11536700 | H30: En fase de formulación | I30: 0.9
C31: 7 | D31: POMCA | E31: 2907 | F31: Directo bajo Magdalena entre el Banco y Plato | G31: 627.350,23 ha | H31: En fase de formulación | I31: 1
C32: 8 | D32: POMCA | E32: 2802-03 | F32: Chiriaimo - Manaure | G32: 63877 | H32: En fase de formulación | I32: 0.9
C33: 9 | D33: POMCA | E33: 2802-04 | F33: Magiriaimo | G33: 69870 | H33: En fase de formulación | I33: 0.9
C34: 10 | D34: PMA | E34: 0 | F34: Sistema Acuífero Cesar - SAC 4.1 | G34: 859300 | H34: En fase de formulación y aprobado | I34: 1
C35: 11 | D35: PMM | E35: 0 | F35: Cuaré | G35: 7705 | H35: En fase de formulación y aprobado | I35: 1
C36: 12 | D36: PMM | E36: 0 | F36: Tocaimo | H36: En fase de diagnóstico | I36: 1
C37: 13 | D37: PMM
D38: Utilice tantas líneas cuantas sean necesarias.
D39: (a) POMCA, PMA, PMM
D40: (b) Si aplica
D41: (c) Procesos formales previos, En Fase de Aprestamiento, Diagnóstico, En Fase de Prospectiva y Zonificación Ambiental, en Fase de Formulación y Aprobado. Si está aprobado, escriba el número del acto administrativo.
D42: Meta anual de avance (%) en la formulación de cada plan
C43: N | D43: Tipo de Plan (a) | E43: Código (b) | F43: Nombre de Cuenca, Microcuenca, Acuífero | G43: Año 1 | H43: Año 2 | I43: Año 3 | J43: Año 4
C44: 1 | D44: POMCA | F44: Rio Medio Cesar | G44: 0 | H44: 0.5 | I44: 1 | J44: 1
C45: 2 | D45: PMA | F45: Tocaimo | G45: 0 | H45: 0.5 | I45: 0.5 | J45: 1
C46: 3 | D46: PMM | F46: Simití | G46: 0 | H46: 0.3 | I46: 0.6 | J46: 1
C47: 4
C48: 5
C49: 6
C50: 7
C51: 8
C52: 9
C53: 10
C54: 11
C55: 12
C56: 13
C57: 14
D58: Utilice tantas líneas cuantas sean necesarias e indique las metas anuales teniendo como base la ponderación establecida para cada fase, hasta alcanzar el 100% con la aprobación del plan.
D59: Reporte de porcentaje de avance en la formulación de cada plan (*) (%)
C60: N | D60: Tipo de Plan (a) | E60: Código | F60: Nombre de Cuenca, Microcuenca, Acuífero | G60: Año 1 | H60: Año 2 | I60: Año 3 | J60: Año 4
C61: 1 | D61: =IF(ISBLANK(D44),"",D44) -> POMCA | E61: =IF(ISBLANK(E44),"",E44) | F61: =IF(ISBLANK(F44),"",F44) -> Rio Medio Cesar | G61: 0
C62: 2 | D62: =IF(ISBLANK(D45),"",D45) -> PMA | E62: =IF(ISBLANK(E45),"",E45) | F62: =IF(ISBLANK(F45),"",F45) -> Tocaimo | G62: 0.3
C63: 3 | D63: =IF(ISBLANK(D46),"",D46) -> PMM | E63: =IF(ISBLANK(E46),"",E46) | F63: =IF(ISBLANK(F46),"",F46) -> Simití | G63: 0
C64: 4 | D64: =IF(ISBLANK(D47),"",D47) | E64: =IF(ISBLANK(E47),"",E47) | F64: =IF(ISBLANK(F47),"",F47)
C65: 5 | D65: =IF(ISBLANK(D48),"",D48) | E65: =IF(ISBLANK(E48),"",E48) | F65: =IF(ISBLANK(F48),"",F48)
C66: 6 | D66: =IF(ISBLANK(D49),"",D49) | E66: =IF(ISBLANK(E49),"",E49) | F66: =IF(ISBLANK(F49),"",F49)
C67: 7 | D67: =IF(ISBLANK(D50),"",D50) | E67: =IF(ISBLANK(E50),"",E50) | F67: =IF(ISBLANK(F50),"",F50)
C68: 8 | D68: =IF(ISBLANK(D51),"",D51) | E68: =IF(ISBLANK(E51),"",E51) | F68: =IF(ISBLANK(F51),"",F51)
C69: 9 | D69: =IF(ISBLANK(D52),"",D52) | E69: =IF(ISBLANK(E52),"",E52) | F69: =IF(ISBLANK(F52),"",F52)
C70: 10 | D70: =IF(ISBLANK(D53),"",D53) | E70: =IF(ISBLANK(E53),"",E53) | F70: =IF(ISBLANK(F53),"",F53)
C71: 11 | D71: =IF(ISBLANK(D54),"",D54) | E71: =IF(ISBLANK(E54),"",E54) | F71: =IF(ISBLANK(F54),"",F54)
C72: 12 | D72: =IF(ISBLANK(D55),"",D55) | E72: =IF(ISBLANK(E55),"",E55) | F72: =IF(ISBLANK(F55),"",F55)
C73: 13 | D73: =IF(ISBLANK(D56),"",D56) | E73: =IF(ISBLANK(E56),"",E56) | F73: =IF(ISBLANK(F56),"",F56)
C74: 14 | D74: =IF(ISBLANK(D57),"",D57) | E74: =IF(ISBLANK(E57),"",E57) | F74: =IF(ISBLANK(F57),"",F57)
D75: Utilice tantas líneas cuantas sean necesarias.
D76: (*) Para el caso de los POMCA, el avance alcanza el 100% cuando ha sido aprobado a través del respectivo acto administrativo, pues de acuerdo con la Guía Técnica para la formulación de Planes de Ordenación y manejo de Cuencas Hidrográficas (Resolución 1907 de 2013), la fase de formulación concluye con la publicidad y aprobación del plan.
D77: Porcentaje de avance de la meta anual en la formulación de cada plan
C78: N | D78: Tipo de Plan (a) | E78: Código | F78: Nombre de Cuenca, Microcuenca, Acuífero | G78: Año 1 | H78: Año 2 | I78: Año 3 | J78: Año 4
C79: 1 | D79: =IF(ISBLANK(D61),"",D61) -> POMCA | E79: =IF(ISBLANK(E61),"",E61) | F79: =IF(ISBLANK(F61),"",F61) -> Rio Medio Cesar | G79: =IFERROR(G61/G44,"N.A.") -> N.A. | H79: =IFERROR(H61/H44,"N.A.") -> 0 | I79: =IFERROR(I61/I44,"N.A.") -> 0 | J79: =IFERROR(J61/J44,"N.A.") -> 0
C80: 2 | D80: =IF(ISBLANK(D62),"",D62) -> PMA | E80: =IF(ISBLANK(E62),"",E62) | F80: =IF(ISBLANK(F62),"",F62) -> Tocaimo | G80: =IFERROR(G62/G45,"N.A.") -> N.A. | H80: =IFERROR(H62/H45,"N.A.") -> 0 | I80: =IFERROR(I62/I45,"N.A.") -> 0 | J80: =IFERROR(J62/J45,"N.A.") -> 0
C81: 3 | D81: =IF(ISBLANK(D63),"",D63) -> PMM | E81: =IF(ISBLANK(E63),"",E63) | F81: =IF(ISBLANK(F63),"",F63) -> Simití | G81: =IFERROR(G63/G46,"N.A.") -> N.A. | H81: =IFERROR(H63/H46,"N.A.") -> 0 | I81: =IFERROR(I63/I46,"N.A.") -> 0 | J81: =IFERROR(J63/J46,"N.A.") -> 0
C82: 4 | D82: =IF(ISBLANK(D64),"",D64) | E82: =IF(ISBLANK(E64),"",E64) | F82: =IF(ISBLANK(F64),"",F64) | G82: =IFERROR(G64/G47,"N.A.") -> N.A. | H82: =IFERROR(H64/H47,"N.A.") -> N.A. | I82: =IFERROR(I64/I47,"N.A.") -> N.A. | J82: =IFERROR(J64/J47,"N.A.") -> N.A.
C83: 5 | D83: =IF(ISBLANK(D65),"",D65) | E83: =IF(ISBLANK(E65),"",E65) | F83: =IF(ISBLANK(F65),"",F65) | G83: =IFERROR(G65/G48,"N.A.") -> N.A. | H83: =IFERROR(H65/H48,"N.A.") -> N.A. | I83: =IFERROR(I65/I48,"N.A.") -> N.A. | J83: =IFERROR(J65/J48,"N.A.") -> N.A.
C84: 6 | D84: =IF(ISBLANK(D66),"",D66) | E84: =IF(ISBLANK(E66),"",E66) | F84: =IF(ISBLANK(F66),"",F66) | G84: =IFERROR(G66/G49,"N.A.") -> N.A. | H84: =IFERROR(H66/H49,"N.A.") -> N.A. | I84: =IFERROR(I66/I49,"N.A.") -> N.A. | J84: =IFERROR(J66/J49,"N.A.") -> N.A.
C85: 7 | D85: =IF(ISBLANK(D67),"",D67) | E85: =IF(ISBLANK(E67),"",E67) | F85: =IF(ISBLANK(F67),"",F67) | G85: =IFERROR(G67/G50,"N.A.") -> N.A. | H85: =IFERROR(H67/H50,"N.A.") -> N.A. | I85: =IFERROR(I67/I50,"N.A.") -> N.A. | J85: =IFERROR(J67/J50,"N.A.") -> N.A.
C86: 8 | D86: =IF(ISBLANK(D68),"",D68) | E86: =IF(ISBLANK(E68),"",E68) | F86: =IF(ISBLANK(F68),"",F68) | G86: =IFERROR(G68/G51,"N.A.") -> N.A. | H86: =IFERROR(H68/H51,"N.A.") -> N.A. | I86: =IFERROR(I68/I51,"N.A.") -> N.A. | J86: =IFERROR(J68/J51,"N.A.") -> N.A.
C87: 9 | D87: =IF(ISBLANK(D69),"",D69) | E87: =IF(ISBLANK(E69),"",E69) | F87: =IF(ISBLANK(F69),"",F69) | G87: =IFERROR(G69/G52,"N.A.") -> N.A. | H87: =IFERROR(H69/H52,"N.A.") -> N.A. | I87: =IFERROR(I69/I52,"N.A.") -> N.A. | J87: =IFERROR(J69/J52,"N.A.") -> N.A.
C88: 10 | D88: =IF(ISBLANK(D70),"",D70) | E88: =IF(ISBLANK(E70),"",E70) | F88: =IF(ISBLANK(F70),"",F70) | G88: =IFERROR(G70/G53,"N.A.") -> N.A. | H88: =IFERROR(H70/H53,"N.A.") -> N.A. | I88: =IFERROR(I70/I53,"N.A.") -> N.A. | J88: =IFERROR(J70/J53,"N.A.") -> N.A.
C89: 11 | D89: =IF(ISBLANK(D71),"",D71) | E89: =IF(ISBLANK(E71),"",E71) | F89: =IF(ISBLANK(F71),"",F71) | G89: =IFERROR(G71/G54,"N.A.") -> N.A. | H89: =IFERROR(H71/H54,"N.A.") -> N.A. | I89: =IFERROR(I71/I54,"N.A.") -> N.A. | J89: =IFERROR(J71/J54,"N.A.") -> N.A.
C90: 12 | D90: =IF(ISBLANK(D72),"",D72) | E90: =IF(ISBLANK(E72),"",E72) | F90: =IF(ISBLANK(F72),"",F72) | G90: =IFERROR(G72/G55,"N.A.") -> N.A. | H90: =IFERROR(H72/H55,"N.A.") -> N.A. | I90: =IFERROR(I72/I55,"N.A.") -> N.A. | J90: =IFERROR(J72/J55,"N.A.") -> N.A.
... C92: 14 | D92: =IF(ISBLANK(D74),"",D74) | E92: =IF(ISBLANK(E74),"",E74) | F92: =IF(ISBLANK(F74),"",F74) | G92: =IFERROR(G74/G57,"N.A.") -> N.A. | H92: =IFERROR(H74/H57,"N.A.") -> N.A. | I92: =IFERROR(I74/I57,"N.A.") -> N.A. | J92: =IFERROR(J74/J57,"N.A.") -> N.A.
D94: Porcentaje promedio de avance anual en la formulación de los planes
C95: N | D95: Tipo de Plan | E95: Ponderación regional | G95: Año 1 | H95: Año 2 | I95: Año 3 | J95: Año 4
C96: 1 | D96: POMCAS | E96: 0.6 | G96: =IFERROR(AVERAGEIF($D$79:$J$92,"POMCA",G$79:G$92),0) -> 0 | H96: =IFERROR(AVERAGEIF($D$79:$J$92,"POMCA",H$79:H$92),0) -> 0 | I96: =IFERROR(AVERAGEIF($D$79:$J$92,"POMCA",I$79:I$92),0) -> 0 | J96: =IFERROR(AVERAGEIF($D$79:$J$92,"POMCA",J$79:J$92),0) -> 0
C97: 2 | D97: PMA | E97: 0.2 | G97: =IFERROR(AVERAGEIF($D$79:$J$92,"PMA",G$79:G$92),0) -> 0 | H97: =IFERROR(AVERAGEIF($D$79:$J$92,"PMA",H$79:H$92),0) -> 0 | I97: =IFERROR(AVERAGEIF($D$79:$J$92,"PMA",I$79:I$92),0) -> 0 | J97: =IFERROR(AVERAGEIF($D$79:$J$92,"PMA",J$79:J$92),0) -> 0
C98: 3 | D98: PMM | E98: 0.2 | G98: =IFERROR(AVERAGEIF($D$79:$J$92,"PMM",G$79:G$92),0) -> 0 | H98: =IFERROR(AVERAGEIF($D$79:$J$92,"PMM",H$79:H$92),0) -> 0 | I98: =IFERROR(AVERAGEIF($D$79:$J$92,"PMM",I$79:I$92),0) -> 0 | J98: =IFERROR(AVERAGEIF($D$79:$J$92,"PMM",J$79:J$92),0) -> 0
D99: =Formulas!$D$5 -> 1 | F99: PAFP t = | G99: =Formulas!E5 -> N.A. | H99: =Formulas!F5 -> N.A. | I99: =Formulas!G5 -> N.A. | J99: =Formulas!H5 -> N.A.
D101: PAFP t = Porcentaje de avance en la formulación y/o ajuste de los Planes de Ordenación y Manejo de Cuencas (POMCAS), Planes de Manejo de Acuíferos (PMA) y Planes de Manejo de Microcuencas (PMM)
B103: Interpretación | D103: El indicador hace seguimiento a la función de planificación ambiental relacionada con el recurso hídrico a cargo de las corporaciones autónomas regionales. Cuanto más cercano a cien por ciento, mayor es el cumplimiento de las metas establecidas en la planificación de dicho recurso.
B104: Restricciones o Limitaciones | D104: Teniendo en cuenta que la formulación de los POMCAS, PMA y PMM que realizan las Corporaciones Autónomas Regionales y de Desarrollo Sostenible en el marco de sus competencias obedecen a procesos técnicos y sociales particulares de cada región, se pueden presentar situaciones de orden operativo, político y social que pueden afectar los cronogramas definidos para la formulación de dichos instrumentos de planificación.
B106: Responsable del reporte de las variables del indicador
B107: 1 | D107: Entidad
...

Sheet 2PORH
A2: ='Datos Generales'!C5 -> 0
A3: ANEXO NO. 3. MATRIZ DE REPORTE DE AVANCE DE INDICADORES MÍNIMOS DE GESTIÓN INCORPORADOS EN LA RESOLUCIÓN 667 DE 2016
A4: PERIODO REPORTADO: | E4: ='Datos Generales'!C6 -> 0
A5: Porcentaje de cuerpos de agua con planes de ordenamiento del recurso hídrico (PORH) adoptados
B6: (Hoja metodológica versión 1,00) | F6: Datos reportados por la Corporación
F7: Datos establecidos por el MADS
B8: Año | C8: 2020 | D8: =IF(E10="NO APLICA","NO APLICA",IF(E11="NO SE REPORTA","SIN INFORMACION",+E23)) -> N.A. | F8: Datos calculados por el sistema
B9: VOLVER AL INDICE
B10: ¿El Indicador aplica por las especificades ambientales regionales? | E10: SI APLICA | F10: =IF(E10="NO APLICA"," ESCRIBA EL NÚMERO DEL ACUERDO DEL CONSEJO DIRECTIVO EN EL CUAL DECIDE LA NO PROCEDENCIA DE LA APLICACIÓN DEL INDICADOR",IF(E11="NO SE REPORTA"," ESCRIBA EL NÚMERO DEL ACUERDO DEL CONSEJO DIRECTIVO EN LA CUAL SE APRUEBA LA AGENDA DE IMPLEMENTACION DEL INDICADOR",""))
D11: =IF(E10="SI APLICA","¿El indicador no se reporta por limitaciones de información disponible? ","") -> ¿El indicador no se reporta por limitaciones de información disponible? | E11: SI SE REPORTA
D12: =IF(E11="SI SE REPORTA","¿Qué programas o proyectos del Plan de Acción están asociados al indicador? ","") -> ¿Qué programas o proyectos del Plan de Acción están asociados al indicador? | E12: 2.4
D13: Observaciones
B15: Metodología de cálculo | D15: Para su cálculo, se diligencia la siguiente información:
D16: Número total de cuerpos de agua sujeto de reglamentación de planes de ordenamiento del recurso hídrico (PORH): | E16: 15
D17: Número total de cuerpos de agua sujeto de reglamentación de planes de ordenamiento del recurso hídrico (PORH) adoptados a 31/12/2019: | E17: 3
D18: Número total de Cuerpos de agua con plan de ordenamiento del recurso hídrico (PORH) priorizados por la Corporación para su adopción durante el cuatrienio: | E18: 1
C20: N | D20: Variable | E20: Año 1 | F20: Año 2 | G20: Año 3 | H20: Año 4 | I20: Total
C21: A | D21: Meta de cuerpos de agua con planes de ordenamiento del recurso hídrico (PORH) adoptados MPORHA | E21: 0 | F21: 1 | I21: =SUM(E21:H21) -> 1
C22: B | D22: Número de cuerpos de agua con planes de ordenamiento del recurso hídrico adoptados (PORHA) | E22: 0 | F22: 0 | I22: =SUM(E22:H22) -> 0
C23: C | D23: Porcentaje de Cuerpos de agua con planes de ordenamiento del recurso hídrico adoptados (PPORHA) (C = B / A) | E23: =IFERROR(E22/E21,"N.A.") -> N.A. | F23: =IFERROR(F22/F21,"N.A.") -> 0 | G23: =IFERROR(G22/G21,"N.A.") -> N.A. | H23: =IFERROR(H22/H21,"N.A.") -> N.A. | I23: =IFERROR(I22/I21,"N.A.") -> 0
B24: Interpretación | D24: Cuanto más cercano a cien por ciento, mayor es el cumplimiento de las metas que la autoridad ambiental se ha propuesto alcanzar en relación con el número de cuerpos de agua con planes de ordenamiento del recurso hídrico (PORH) adoptados.
B25: Restricciones o Limitaciones | D25: Se pueden presentar situaciones de orden operativo, político y social que pueden afectar la ejecución de los presupuestos y el cumplimiento de los cronogramas definidos en el Plan de Acción de la Corporación.
B27: Responsable del reporte de las variables del indicador
B28: 1 | D28: Entidad
D29: Dependencia | E29: Subdirección de Gestión Ambiental
D30: Nombre del funcionario | E30: Libardo Lascarro Ditta
D31: Cargo | E31: Profesional Especializado
D32: Correo electrónico | E32: pomcas_odt@corpocesar.gov.co
D33: Teléfono | E33: 5748960
D34: Dirección | E34: Km 1 Via a La Paz UIC Casa e Campo
B36: Responsable del cálculo del indicador
B37: 1 | D37: Entidad | E37: Ministerio de Ambiente y Desarrollo Sostenible MADS
D38: Dependencia | E38: Dirección de Ordenamiento Territorial y Coordinación del Sistema Ambiental - SINA
D39: Nombre del funcionario
D40: Cargo
D41: Correo electrónico
D42: Teléfono
D43: Dirección
B45: Información sobre la Hoja Metodológica
B46: Fecha | C46: Versión | D46: Datos del autor o de quien ajustó la hoja metodológica | E46: Descripción de los ajustes
B47: 42401 | C47: 0.01 | D47: Hoja Metodológica de referencia: MADS (2016). Hoja metodológica de Porcentaje de Cuerpos de agua con planes de ordenamiento del recurso hídrico (PORH) adoptados (Versión 1.0). Ministerio de Ambiente y Desarrollo Sostenible, DGOAT-SINA y DRH.
B49: Observaciones
B53: Descripción del Indicador
B55: Definición | D55: Es la relación entre el número de cuerpos de agua con planes de ordenamiento del recurso hídrico (PORH) adoptados y la meta de cuerpos de agua priorizados para la adopción de dichos planes por parte de la autoridad ambiental.
B56: Pertinencia | D56: Finalidad / Propósito:
D57: El indicador mide el cumplimiento de las metas que la autoridad ambiental se ha propuesto alcanzar en relación con el número de cuerpos de agua con planes de ordenamiento del recurso hídrico (PORH) adoptados.
D58: Normatividad relacionada:
D59: Decreto Ley 2811/74, Decreto-Ley 1875 de 1979
D60: Ley 99 de 1993. Ley Marco del Medio Ambiente.
D61: Decreto 1076 de 2015,
D62: Resolución 509 de 2013. Define los lineamientos para la conformación de los Consejos de Cuenca y su participación en las fases del plan de ordenación y manejo de la cuenca
D63: Resolución 1907 de 2013. Expide la Guía técnica para la formulación de los planes de ordenación y manejo de cuencas hidrográficas.
D64: Resolución 1207 de 2014. Adopta disposiciones relacionadas con el uso de aguas residuales tratadas.
D65: Documentación de referencia:
D66: Política Nacional de Gestión Integral del Recurso Hídrico – PNGIRH.
B67: Metas / Estándares
B68: Marco conceptual | D68: El Plan de Ordenamiento del Recurso Hídrico- PORH es el instrumento de planificación que se rige por lo dispuesto en el Decreto 1076 de 2015.
B69: Fórmula de cálculo
D71: Donde:
D72: PPORHA t = Porcentaje de cuerpos de agua con planes de ordenamiento del recurso hídrico (PORH) adoptados, en el tiempo t.
D73: PORHA t = Número de Cuerpos de agua con planes de ordenamiento del recurso hídrico adoptados, en el tiempo t.
D74: MPORHA t = Meta de Cuerpos de agua con plan de ordenamiento del recurso hídrico adoptados, en el tiempo t.
D75: La meta de número de cuerpos de agua con planes de ordenamiento del recurso hídrico adoptados es establecida en el Plan de Acción de la Corporación.

Sheet 3PSMV
A2: ='Datos Generales'!C5 -> 0
A3: ANEXO NO. 3. MATRIZ DE REPORTE DE AVANCE DE INDICADORES MÍNIMOS DE GESTIÓN INCORPORADOS EN LA RESOLUCIÓN 667 DE 2016
A4: PERIODO REPORTADO: | E4: ='Datos Generales'!C6 -> 0
A5: Porcentaje de Planes de Saneamiento y Manejo de Vertimientos (PSMV) con seguimiento
B6: (Hoja metodológica versión 1,00) | F6: Datos reportados por la Corporación
F7: Datos establecidos por el MADS
B8: Año | C8: 2020 | D8: =IF(E10="NO APLICA","NO APLICA",IF(E11="NO SE REPORTA","SIN INFORMACION",+E22)) -> 1 | F8: Datos calculados por el sistema
B9: VOLVER AL INDICE
B10: ¿El Indicador aplica por las especificades ambientales regionales? | E10: SI APLICA | F10: =IF(E10="NO APLICA"," ESCRIBA EL NÚMERO DEL ACUERDO DEL CONSEJO DIRECTIVO EN EL CUAL DECIDE LA NO PROCEDENCIA DE LA APLICACIÓN DEL INDICADOR",IF(E11="NO SE REPORTA"," ESCRIBA EL NÚMERO DEL ACUERDO DEL CONSEJO DIRECTIVO EN LA CUAL SE APRUEBA LA AGENDA DE IMPLEMENTACION DEL INDICADOR",""))
D11: =IF(E10="SI APLICA","¿El indicador no se reporta por limitaciones de información disponible? ","") -> ¿El indicador no se reporta por limitaciones de información disponible? | E11: SI SE REPORTA
D12: =IF(E11="SI SE REPORTA","¿Qué programas o proyectos del Plan de Acción están asociados al indicador? ","") -> ¿Qué programas o proyectos del Plan de Acción están asociados al indicador?
D13: Observaciones
B15: Metodología de cálculo | D15: Para su cálculo, se diligencia la siguiente información:
D16: Número total de Planes de Saneamiento y Manejo de Vertimientos (PSMV) aprobados por la Corporación: | E16: 25
D17: Número total de Planes de Saneamiento y Manejo de Vertimientos (PSMV) priorizados por la Corporación para hacer seguimiento en el cuatrienio: | E17: 25
C19: N | D19: Variable | E19: Año 1 | F19: Año 2 | G19: Año 3 | H19: Año 4 | I19: Observaciones
C20: A | D20: Meta de Planes de Saneamiento y Manejo de Vertimientos (PSMV) con seguimiento MPSMVCS | E20: 25
C21: B | D21: Número de Planes de Saneamiento y Manejo de Vertimientos con seguimiento (PSMVCS) | E21: 25
C22: C | D22: Porcentaje de Planes de Saneamiento y Manejo de Vertimientos con seguimiento (PPSMVCS) (C = B / A) | E22: =IFERROR(E21/E20,"N.A.") -> 1 | F22: =IFERROR(F21/F20,"N.A.") -> N.A. | G22: =IFERROR(G21/G20,"N.A.") -> N.A. | H22: =IFERROR(H21/H20,"N.A.") -> N.A.
B23: Interpretación | D23: Cuanto más cercano a cien por ciento, mayor es el cumplimiento de las metas que la autoridad ambiental se ha propuesto alcanzar en relación con el seguimiento a los Planes de Saneamiento y Manejo de Vertimientos (PSMV)
B24: Restricciones o Limitaciones | D24: Se pueden presentar situaciones de orden operativo, político y social que pueden afectar la ejecución de los presupuestos y el cumplimiento de los cronogramas definidos en el Plan de Acción de la Corporación.
B26: Responsable del reporte de las variables del indicador
B27: 1 | D27: Entidad
D28: Dependencia | E28: Subdirección de Gestión Ambiental
D29: Nombre del funcionario | E29: Eduardo Lopez Romero
D30: Cargo | E30: Profesional especializado
D31: Correo electrónico | E31: saneamientoambiental@corpocesar.gov.co
D32: Teléfono | E32: 5748960
D33: Dirección | E33: Km 1 Via a La Paz - Valledupar
B35: Responsable del cálculo del indicador
B36: 1 | D36: Entidad | E36: Ministerio de Ambiente y Desarrollo Sostenible MADS
D37: Dependencia | E37: Dirección de Ordenamiento Territorial y Coordinación del Sistema Ambiental - SINA
D38: Nombre del funcionario
D39: Cargo
D40: Correo electrónico
D41: Teléfono
D42: Dirección
B44: Información sobre la Hoja Metodológica
B45: Fecha | C45: Versión | D45: Datos del autor o de quien ajustó la hoja metodológica | E45: Descripción de los ajustes
B46: 42401 | C46: 0.01 | D46: Hoja Metodológica de referencia: MADS (2016). Hoja metodológica de Porcentaje de Planes de Saneamiento y Manejo de Vertimientos (PSMV) con seguimiento (Versión 1.0). Ministerio de Ambiente y Desarrollo Sostenible, DGOAT-SINA y DRH.
B48: Observaciones
B51: Descripción del Indicador
B53: Definición | D53: Es la relación entre el número de Planes de Saneamiento y Manejo de Vertimientos (PSMV) con seguimiento con respecto a la meta de seguimiento de dichos planes por parte de la autoridad ambiental.
B54: Pertinencia | D54: Finalidad / Propósito:
D55: El indicador mide el cumplimiento de las metas que la autoridad ambiental se ha propuesto alcanzar en relación con el seguimiento a los Planes de Saneamiento y Manejo de Vertimientos (PSMV).
D56: Normatividad relacionada:
D57: Ley 99 de 1993.
D58: Decreto 1076 de 2015
D59: Resolución SSPD 20151300054195 de 2015
D60: Resolución 1433 de 2004 del MAVDT
D61: Resolución 2145 de 2005 de MAVDT
B63: Metas / Estándares
B64: Marco conceptual | D64: El prestador del servicio de alcantarillado como usuario del recurso hídrico, deberá dar cumplimiento a la norma de vertimiento vigente y contar con el respectivo permiso de vertimiento o con el Plan de Saneamiento y Manejo de Vertimientos – PSMV reglamentado por la Resolución 1433 de 2004 del Ministerio de Ambiente y Desarrollo Sostenible.
D65: Por su parte, las autoridades ambientales deberán realizar el seguimiento, control y verificación del cumplimiento de lo dispuesto en los permisos de vertimiento, los Planes de Cumplimiento y Planes de Saneamiento y Manejo de Vertimientos, y efectuarán inspecciones periódicas a todos los usuarios.
D66: El incumplimiento de los términos, condiciones y obligaciones previstos en el permiso de vertimiento, Plan de Cumplimiento o Plan de Saneamiento y Manejo de Vertimientos, dará lugar a la imposición de las medidas preventivas y sancionatorias, siguiendo el procedimiento previsto en la Ley 1333 de 2009 o la norma que la adicione, modifique o sustituya.
B67: Fórmula de cálculo
D69: Donde:
D70: PPSMVCS t = Porcentaje de Planes de Saneamiento y Manejo de Vertimientos (PSMV) con seguimiento, en el tiempo t.
D71: PSMVCS t = Número de Planes de Saneamiento y Manejo de Vertimientos con seguimiento, en el tiempo t.
D72: MPSMVCS t = Meta de Planes de Saneamiento y Manejo de Vertimientos con seguimiento, en el tiempo t.
D73: La meta de número de Planes de Saneamiento y Manejo de Vertimientos sujetos a seguimiento es establecida en el Plan de Acción de la Corporación.

Sheet 4UsoAguas
A2: ='Datos Generales'!C5 -> 0
A3: ANEXO NO. 3. MATRIZ DE REPORTE DE AVANCE DE INDICADORES MÍNIMOS DE GESTIÓN INCORPORADOS EN LA RESOLUCIÓN 667 DE 2016
A4: PERIODO REPORTADO: | E4: ='Datos Generales'!C6 -> 0
A5: Porcentaje de cuerpos de agua con reglamentación del uso de las aguas
B6: (Hoja metodológica versión 1,00) | F6: Datos reportados por la Corporación
F7: Datos establecidos por el MADS
B8: Año | C8: 2020 | D8: =+E23 -> N.A. | F8: Datos calculados por el sistema
B9: VOLVER AL INDICE
B10: ¿El Indicador aplica por las especificades ambientales regionales? | E10: SI APLICA | F10: =IF(E10="NO APLICA"," ESCRIBA EL NÚMERO DEL ACUERDO DEL CONSEJO DIRECTIVO EN EL CUAL DECIDE LA NO PROCEDENCIA DE LA APLICACIÓN DEL INDICADOR",IF(E11="NO SE REPORTA"," ESCRIBA EL NÚMERO DEL ACUERDO DEL CONSEJO DIRECTIVO EN LA CUAL SE APRUEBA LA AGENDA DE IMPLEMENTACION DEL INDICADOR",""))
D11: =IF(E10="SI APLICA","¿El indicador no se reporta por limitaciones de información disponible? ","") -> ¿El indicador no se reporta por limitaciones de información disponible? | E11: SI SE REPORTA
D12: =IF(E11="SI SE REPORTA","¿Qué programas o proyectos del Plan de Acción están asociados al indicador? ","") -> ¿Qué programas o proyectos del Plan de Acción están asociados al indicador? | E12: 2.4
D13: Observaciones | E13: No se programó meta para el 2020
B15: Metodología de cálculo | D15: Para su cálculo, se diligencia la siguiente información:
D16: Número total de cuerpos de agua sujeto de reglamentación del uso de las aguas:
D17: Número total de cuerpos de agua con reglamentación del uso de las aguas a 31/12/2019: | E17: 19
D18: Número total de cuerpos de agua a ser reglamentados en su uso de las aguas durante el cuatrienio: | E18: 1
C20: N | D20: Variable | E20: Año 1 | F20: Año 2 | G20: Año 3 | H20: Año 4 | I20: Total
C21: A | D21: Meta de cuerpos de agua con reglamentación del uso de las aguas (MRUA) | E21: 0 | I21: =SUM(E21:H21) -> 0
C22: B | D22: Número de cuerpos de agua con reglamentación del uso de las aguas (RUA) | E22: 0 | I22: =SUM(E22:H22) -> 0
C23: C | D23: Porcentaje de Cuerpos de agua con reglamentación del uso de las aguas (PRUA) (C = B / A) | E23: =IFERROR(E22/E21,"N.A.") -> N.A. | F23: =IFERROR(F22/F21,"N.A.") -> N.A. | G23: =IFERROR(G22/G21,"N.A.") -> N.A. | H23: =IFERROR(H22/H21,"N.A.") -> N.A. | I23: =IFERROR(I22/I21,"N.A.") -> N.A.
B24: Interpretación | D24: Cuanto más cercano a cien por ciento, mayor es el cumplimiento de las metas que la autoridad ambiental se ha propuesto alcanzar en relación con el número de cuerpos de agua con reglamentación del uso de las aguas.
B25: Restricciones o Limitaciones | D25: Se pueden presentar situaciones de orden operativo, político y social que pueden afectar la ejecución de los presupuestos y el cumplimiento de los cronogramas definidos en el Plan de Acción de la Corporación.
B27: Responsable del reporte de las variables del indicador
B28: 1 | D28: Entidad | E28: Corporación Autónoma Regional del Cesar
D29: Dependencia | E29: Subdirección de Gestión Ambiental
D30: Nombre del funcionario | E30: Julio Fernandez Lascarro
D31: Cargo | E31: Subdirector
D32: Correo electrónico | E32: subdirector.ambiental@corpocesar.gov.co
D33: Teléfono | E33: 5748960
D34: Dirección | E34: Km 1 Vía a La Paz - Valledupar
B36: Responsable del cálculo del indicador
B37: 1 | D37: Entidad | E37: Ministerio de Ambiente y Desarrollo Sostenible MADS
D38: Dependencia | E38: Dirección de Ordenamiento Territorial y Coordinación del Sistema Ambiental - SINA
D39: Nombre del funcionario
D40: Cargo
D41: Correo electrónico
D42: Teléfono
D43: Dirección
B45: Información sobre la Hoja Metodológica
B46: Fecha | C46: Versión | D46: Datos del autor o de quien ajustó la hoja metodológica | E46: Descripción de los ajustes
B47: 42401 | C47: 0.01 | D47: Hoja Metodológica de referencia: MADS (2016). Hoja metodológica de Porcentaje de Cuerpos de agua con reglamentación del uso de las aguas (Versión 1.0). Ministerio de Ambiente y Desarrollo Sostenible, DGOAT-SINA y DRH.
B49: Observaciones
B53: Descripción del Indicador
B55: Definición | D55: Es la relación entre el número de cuerpos de agua con reglamentación del uso de las aguas y la meta de cuerpos de agua a ser reglamentados en su uso de las aguas por parte de la autoridad ambiental.
B56: Pertinencia | D56: Finalidad / Propósito:
D57: El indicador mide el cumplimiento de las metas que la autoridad ambiental se ha propuesto alcanzar en relación con el número de cuerpos de agua con reglamentación del uso de las aguas.
D58: Normatividad relacionada:
D59: Ley 99 de 1993. Ley Marco del Medio Ambiente.
D60: Decreto 1076 de 2015
D61: Resolución 1207 de 2014. Adopta disposiciones relacionadas con el uso de aguas residuales tratadas.
D62: Documentación de referencia:
D63: Política Nacional de Gestión Integral del Recurso Hídrico – PNGIRH.
B64: Metas / Estándares
B65: Marco conceptual | D65: La reglamentación del uso de las aguas es un instrumento que busca distribuir adecuadamente el agua en las corrientes hídricas, establecer obras de captación y conducción para el uso racional del recurso hídrico, legalizar el uso del agua, incentivar un manejo responsable del caudal otorgado y un uso eficiente del recurso.
D66: Así mismo el decreto 1076 de 2015, precisa que: “en todo caso, el Plan de Ordenamiento del Recurso Hídrico deberá definir la conveniencia de adelantar la reglamentación del uso de las aguas, de conformidad con lo establecido en el artículo 2.2.3.2.13.2 del presente Decreto o la norma que lo modifique o sustituya, y la reglamentación de vertimientos según lo dispuesto en el presente decreto o de administrar el cuerpo de agua a través de concesiones de agua y permisos de vertimiento. Así mismo, dará lugar al ajuste de la reglamentación del uso de las aguas, de la reglamentación de vertimientos, de las concesiones, de los permisos de vertimiento, de los planes de cumplimiento y de los planes de saneamiento y manejo de vertimientos y de las metas de reducción, según el caso.”
D67: De lo anterior se concluye que adelantar los procedimientos mencionados obedecerá a los resultados de los análisis elaborados en el PORH.
B68: Fórmula de cálculo
D70: Donde:
D71: PRUA t = Porcentaje de cuerpos de agua con reglamentación del uso de las aguas, en el tiempo t.
D72: RUA t = Número de cuerpos de agua con reglamentación del uso de las aguas, en el tiempo t.
D73: MRUA t = Meta de número de cuerpos de agua con reglamentación del uso de las aguas, en el tiempo t.
D74: La meta de número de cuerpos de agua con reglamentación del uso de las aguas es establecida en el Plan de Acción de la Corporación.

Sheet 5PUEAA
A2: ='Datos Generales'!C5 -> 0
A3: ANEXO NO. 3. MATRIZ DE REPORTE DE AVANCE DE INDICADORES MÍNIMOS DE GESTIÓN INCORPORADOS EN LA RESOLUCIÓN 667 DE 2016
A4: PERIODO REPORTADO: | E4: ='Datos Generales'!C6 -> 0
A5: Porcentaje de Programas de Uso Eficiente y Ahorro del Agua (PUEAA) con seguimiento
B6: (Hoja metodológica versión 1,00) | F6: Datos reportados por la Corporación
F7: Datos establecidos por el MADS
B8: Año | C8: 2020 | D8: =IF(E10="NO APLICA","NO APLICA",IF(E11="NO SE REPORTA","SIN INFORMACION",+E22)) -> 0.19047619 | F8: Datos calculados por el sistema
B9: VOLVER AL INDICE
B10: ¿El Indicador aplica por las especificades ambientales regionales? | E10: SI APLICA | F10: =IF(E10="NO APLICA"," ESCRIBA EL NÚMERO DEL ACUERDO DEL CONSEJO DIRECTIVO EN EL CUAL DECIDE LA NO PROCEDENCIA DE LA APLICACIÓN DEL INDICADOR",IF(E11="NO SE REPORTA"," ESCRIBA EL NÚMERO DEL ACUERDO DEL CONSEJO DIRECTIVO EN LA CUAL SE APRUEBA LA AGENDA DE IMPLEMENTACION DEL INDICADOR",""))
D11: =IF(E10="SI APLICA","¿El indicador no se reporta por limitaciones de información disponible? ","") -> ¿El indicador no se reporta por limitaciones de información disponible? | E11: SI SE REPORTA
D12: =IF(E11="SI SE REPORTA","¿Qué programas o proyectos del Plan de Acción están asociados al indicador? ","") -> ¿Qué programas o proyectos del Plan de Acción están asociados al indicador? | E12: 2.4
D13: Observaciones
B15: Metodología de cálculo | D15: Para su cálculo, se diligencia la siguiente información:
D16: Número total de Programas de Uso Eficiente y Ahorro del Agua (PUEAA) aprobados por la Corporación a 31/12/2019: | E16: 21
D17: Número total de Programas de Uso Eficiente y Ahorro del Agua (PUEAA) priorizados por la Corporación para hacer seguimiento en el cuatrienio: | E17: 21
C19: N | D19: Variable | E19: Año 1 | F19: Año 2 | G19: Año 3 | H19: Año 4 | I19: Observaciones
C20: A | D20: Meta de Programas de Uso Eficiente y Ahorro del Agua (PUEAA) con seguimiento MPUEAACS | E20: 21
C21: B | D21: Número de Programas de Uso Eficiente y Ahorro del Agua con seguimiento (PPUEAACS) | E21: 4
C22: C | D22: Porcentaje de Programas de Uso Eficiente y Ahorro del Agua con seguimiento (PPUEAACS) (C = B / A) | E22: =IFERROR(E21/E20,"N.A.") -> 0.19047619 | F22: =IFERROR(F21/F20,"N.A.") -> N.A. | G22: =IFERROR(G21/G20,"N.A.") -> N.A. | H22: =IFERROR(H21/H20,"N.A.") -> N.A.
B23: Interpretación | D23: Cuanto más cercano a cien por ciento, mayor es el cumplimiento de las metas que la autoridad ambiental se ha propuesto alcanzar en relación con el seguimiento a los Programas de Uso Eficiente y Ahorro del Agua (PUEAA)
B24: Restricciones o Limitaciones | D24: Se pueden presentar situaciones de orden operativo, político y social que pueden afectar la ejecución de los presupuestos y el cumplimiento de los cronogramas definidos en el Plan de Acción de la Corporación.
B26: Responsable del reporte de las variables del indicador
B27: 1 | D27: Entidad
D28: Dependencia | E28: Subdirección de Gestion Ambiental
D29: Nombre del funcionario | E29: Ismael Escorcia Atencio
D30: Cargo | E30: Profesional especializado
D31: Correo electrónico | E31: educacionambiental@corpocesar.gov.co
D32: Teléfono | E32: 5748960
D33: Dirección | E33: Km 1 Vía a La Paz - Valledupar
B34: Responsable del cálculo del indicador
B35: 1 | D35: Entidad | E35: Ministerio de Ambiente y Desarrollo Sostenible MADS
D36: Dependencia | E36: Dirección de Ordenamiento Territorial y Coordinación del Sistema Ambiental - SINA
D37: Nombre del funcionario
D38: Cargo
D39: Correo electrónico
D40: Teléfono
D41: Dirección
B43: Información sobre la Hoja Metodológica
B44: Fecha | E44: Versión | F44: Datos del autor o de quien ajustó la hoja metodológica | H44: Descripción de los ajustes
B45: 42401 | E45: 0.01 | F45: Hoja Metodológica de referencia: MADS (2016). Hoja metodológica de Porcentaje de Programas de Uso Eficiente y Ahorro del Agua (PUEAA) con seguimiento (Versión 1.0). Ministerio de Ambiente y Desarrollo Sostenible, DGOAT-SINA y DRH.
B48: Observaciones
B53: Descripción del Indicador
B55: Definición | D55: Es la relación entre el número de Programas de Uso Eficiente y Ahorro del Agua (PUEAA) con seguimiento con respecto a la meta de seguimiento de dichos planes por parte de la autoridad ambiental.
B56: Pertinencia | D56: Finalidad / Propósito:
D57: El indicador mide el cumplimiento de las metas que la autoridad ambiental se ha propuesto alcanzar en relación con el seguimiento a los Programas de Uso Eficiente y Ahorro del Agua (PUEAA).
D58: Normatividad relacionada:
D59: Ley 99 de 1993.
D60: Decreto 1076 de 2015
D61: Ley 1437 de 2011
D62: Ley 373 de 1997
D63: Ley 1450 de 2011 (literal h del artículo 215) (vigente)
D64: Documentación de referencia:
B66: Metas / Estándares
B67: Marco conceptual | D67: La Ley 373 de 1997 define por programa para el uso eficiente y ahorro de agua el conjunto de proyectos y acciones que deben elaborar y adoptar las entidades encargadas de la prestación de los servicios de acueducto, alcantarillado, riego y drenaje, producción hidroeléctrica y demás usuarios del recurso hídrico. Así mismo, la mencionada Ley establece que todo plan ambiental regional y municipal debe incorporar obligatoriamente un programa para el uso eficiente y ahorro de agua.
D68: Adicionalmente, la citada Ley determina que las Corporaciones Autónomas Regionales y demás autoridades ambientales encargadas del manejo, protección y control del recurso hídrico en su respectiva jurisdicción, aprobarán la implantación y ejecución de dichos programas en coordinación con otras corporaciones autónomas que compartan las fuentes que abastecen los diferentes usos.
D69: El Programa de Uso Eficiente y Ahorro del Agua (PUEAA) es quinquenal y deberá estar basado en el diagnóstico de la oferta hídrica de las fuentes de abastecimiento y la demanda de agua, y contener las metas anuales de reducción de pérdidas, las campañas educativas a la comunidad, la utilización de aguas superficiales, lluvias y subterráneas, los incentivos y otros aspectos que definan las Corporaciones Autónomas Regionales y demás autoridades ambientales, las entidades prestadoras de los servicios de acueducto y alcantarillado, las que manejen proyectos de riego y drenaje, las hidroeléctricas y demás usuarios del recurso, que se consideren convenientes para el cumplimiento del programa.
D70: Por su parte, el literal h del artículo 215 de la Ley 1450 de 2011 (vigente) estableció la competencia de las corporaciones autónomas regionales en el seguimiento a los Planes de Uso Eficiente y Ahorro del Agua.
B72: Fórmula de cálculo
D74: Donde:
D75: PPUEAACS t = Porcentaje de Programas de Uso Eficiente y Ahorro del Agua (PUEAA) con seguimiento, en el tiempo t.
D76: PUEAACS t = Número de Programas de Uso Eficiente y Ahorro del Agua con seguimiento, en el tiempo t.
D77: MPUEAACS t = Meta de Programas de Uso Eficiente y Ahorro del Agua con seguimiento, en el tiempo t.
D78: La meta de número de Programas de Uso Eficiente y Ahorro del Agua sujetos a seguimiento es establecida en el Plan de Acción de la Corporación.

Sheet 6POMCASejec
A2: ='Datos Generales'!C5 -> 0
A3: ANEXO NO. 3. MATRIZ DE REPORTE DE AVANCE DE INDICADORES MÍNIMOS DE GESTIÓN INCORPORADOS EN LA RESOLUCIÓN 667 DE 2016
A4: PERIODO REPORTADO: | E4: ='Datos Generales'!C6 -> 0
A5: Porcentaje de Planes de Ordenación y Manejo de Cuencas (POMCAS), Planes de Manejo de Acuíferos (PMA) y Planes de Manejo de Microcuencas (PMM) en ejecución
B6: (Hoja metodológica versión 1,00) | F6: Datos reportados por la Corporación
F7: Datos establecidos por el MADS
B8: Año | C8: 2020 | D8: =IF(E10="NO APLICA","NO APLICA",IF(E11="NO SE REPORTA","SIN INFORMACION",))+E27 -> 0.48148148 | F8: Datos calculados por el sistema
B9: VOLVER AL INDICE
B10: ¿El Indicador aplica por las especificades ambientales regionales? | E10: SI APLICA | F10: =IF(E10="NO APLICA"," ESCRIBA EL NÚMERO DEL ACUERDO DEL CONSEJO DIRECTIVO EN EL CUAL DECIDE LA NO PROCEDENCIA DE LA APLICACIÓN DEL INDICADOR",IF(E11="NO SE REPORTA"," ESCRIBA EL NÚMERO DEL ACUERDO DEL CONSEJO DIRECTIVO EN LA CUAL SE APRUEBA LA AGENDA DE IMPLEMENTACION DEL INDICADOR",""))
D11: =IF(E10="SI APLICA","¿El indicador no se reporta por limitaciones de información disponible? ","") -> ¿El indicador no se reporta por limitaciones de información disponible? | E11: SI SE REPORTA
D12: =IF(E11="SI SE REPORTA","¿Qué programas o proyectos del Plan de Acción están asociados al indicador? ","") -> ¿Qué programas o proyectos del Plan de Acción están asociados al indicador? | E12: 2.4
D13: Observaciones
B15: Metodología de cálculo | D15: Para su cálculo, se diligencia la siguiente información:
D16: Reporte de ejecución de POMCAS, PMA y PMM
C17: N | D17: Número / Año | E17: Año 1 | F17: Año 2 | G17: Año 3 | H17: Año 4
C18: A | D18: Número de POMCAS aprobados | E18: 9
C19: B | D19: Número de POMCAS en ejecución | E19: 4
C20: C | D20: Número de PMA aprobados | E20: 1
C21: D | D21: Número de PMA en ejecución | E21: 0
C22: E | D22: Número de PMM aprobados | E22: 1
C23: F | D23: Número de PMM en ejecución | E23: 1
C24: G | D24: Porcentaje de POMCAS en ejecución (G = B / A) | E24: =IFERROR(E19/E18,"N.A.") -> 0.44444444 | F24: =IFERROR(F19/F18,"N.A.") -> N.A. | G24: =IFERROR(G19/G18,"N.A.") -> N.A. | H24: =IFERROR(H19/H18,"N.A.") -> N.A.
C25: H | D25: Porcentaje de PMA en ejecución (H = D /C) | E25: =IFERROR(E21/E20,"N.A.") -> 0 | F25: =IFERROR(F21/F20,"N.A.") -> N.A. | G25: =IFERROR(G21/G20,"N.A.") -> N.A. | H25: =IFERROR(H21/H20,"N.A.") -> N.A.
C26: I | D26: Porcentaje de PMM en ejecución (I = F / E) | E26: =IFERROR(E23/E22,"N.A.") -> 1 | F26: =IFERROR(F23/F22,"N.A.") -> N.A. | G26: =IFERROR(G23/G22,"N.A.") -> N.A. | H26: =IFERROR(H23/H22,"N.A.") -> N.A.
D27: Promedio de Planes en ejecución | E27: =IFERROR(AVERAGE(E24:E26),"N.A.") -> 0.48148148 | F27: =IFERROR(AVERAGE(F24:F26),"N.A.") -> N.A. | G27: =IFERROR(AVERAGE(G24:G26),"N.A.") -> N.A. | H27: =IFERROR(AVERAGE(H24:H26),"N.A.") -> N.A.
D29: Indicador complementario:
D30: Ejecución presupuestal de acciones relacionadas con la implementación de los POMCAS, PMA y PMM
C31: N | D31: Nombre de acción / proyecto (*) | E31: Plan | F31: PPTO Inicial | G31: PPTO. Def. | H31: Compromisos | I31: Pagos | J31: Observaciones
C32: 1 | D32: Ver Matriz de seguimiento Proyecto 2.4
C33: 2
C34: 3
C35: 4
C36: 5
C37: 6
C38: 7
C39: 8
C40: 9
C41: 10
C42: 11
C43: 12
C44: 13
... C50: 19
D51: Total | F51: =SUM(F32:F50) -> 0 | G51: =SUM(G32:G50) -> 0 | H51: =SUM(H32:H50) -> 0 | I51: =SUM(I32:I50) -> 0
D52: (*) nombre del proyecto o actividad en el Plan de Acción de la Corporación. Utilice tantas filas cuantas sean necesarias
B53: Interpretación | D53: Cuanto más cercano a cien por ciento, mayor es el cumplimiento de las metas establecidas en relación con la implementación de los Planes de Ordenación y Manejo de Cuencas (POMCAS), Planes de Manejo de Acuíferos (PMA) y Planes de Manejo de Microcuencas (PMM) aprobados.
B54: Restricciones o Limitaciones | D54: Se pueden presentar situaciones de orden operativo, político y social que pueden afectar los cronogramas definidos.
B56: Responsable del reporte de las variables del indicador
B57: 1 | D57: Entidad
D58: Dependencia | E58: Subdireccion de Gestion Ambiental
D59: Nombre del funcionario | E59: Libardo Lascarro Ditta
D60: Cargo | E60: Profesional Especializado
D61: Correo electrónico | E61: pomcasodt@corpocesar.gov.co
D62: Teléfono | E62: 5748960
D63: Dirección | E63: Km 1 Vía a La Paz - Valledupar
B65: Responsable del cálculo del indicador
B66: 1 | D66: Entidad | E66: Ministerio de Ambiente y Desarrollo Sostenible MADS
D67: Dependencia | E67: Dirección de Ordenamiento Territorial y Coordinación del Sistema Ambiental – SINA
D68: Nombre del funcionario
D69: Cargo
D70: Correo electrónico
D71: Teléfono
D72: Dirección
B74: Información sobre la Hoja Metodológica
B75: Fecha | C75: Versión | D75: Datos del autor o de quien ajustó la hoja metodológica | E75: Descripción de los ajustes
B76: 42401 | C76: 0.01 | D76: Hoja Metodológica de referencia: MADS (2016). Hoja metodológica de Planes de Ordenación y Manejo de Cuencas (POMCAS), Planes de Manejo de Acuíferos (PMA) y Planes de Manejo de Microcuencas (PMM) en ejecución (Versión 1.0). Ministerio de Ambiente y Desarrollo Sostenible MADS, DGOAT-SINA y DRH.
B78: Observaciones
B81: Descripción del Indicador
B82: Definición | D82: Es el porcentaje de Planes de Ordenación y Manejo de Cuencas (POMCAS), Planes de Manejo de Acuíferos (PMA) y Planes de Manejo de Microcuencas (PMM) en ejecución, en relación con los Planes de Ordenación y Manejo de Cuencas (POMCAS), Planes de Manejo de Acuíferos (PMA) y Planes de Manejo de Microcuencas (PMM) aprobados en la corporación.
B83: Pertinencia | D83: Finalidad / Propósito:
D84: El indicador mide el cumplimiento de las metas establecidas en relación con la ejecución de los Planes de Ordenación y Manejo de Cuencas (POMCAS), Planes de Manejo de Acuíferos (PMA) y Planes de Manejo de Microcuencas (PMM).
D85: Seguimiento a las metas del Plan Nacional de Desarrollo 2014-2018 (Planes Estratégicos de Macrocuenca, POMCA y PMA acuíferos en implementación)
D86: Normatividad de soporte:
D87: Ley 99 de 1993.
D88: Decreto 1076 de 2015
D89: Resolución 1907 de 2013
B90: Metas / Estándares
B91: Marco conceptual | D91: El Plan de Ordenación y manejo de Cuencas Hidrográficas (POMCA) es el instrumento a través del cual se realiza la planeación del adecuado uso del suelo, de las aguas, de la flora y la fauna; y el manejo de la cuenca, entendido como la ejecución de obras y tratamientos, con el propósito de mantener el equilibrio entre el aprovechamiento social y el aprovechamiento económico de tales recursos, así como la conservación de la estructura físico -biótica de la cuenca y particularmente del recurso hídrico.
D92: La implementación de los POMCAS es resultado de un esfuerzo conjunto de diversas instituciones presentes en la región. El indicador se centra en la implementación de las acciones previstas en los POMCAS que están a cargo de las corporaciones autónomas regionales, incluyendo el seguimiento por parte de la autoridad ambiental a los compromisos de las demás entidades responsables de la ejecución de los POMCAS.
B93: Fórmula de cálculo | D93: Donde:
D94: PPEE t = Porcentaje de Planes de Ordenación y Manejo de Cuencas (POMCAS), Planes de Manejo de Acuíferos (PMA) y Planes de Manejo de Microcuencas (PMM) en ejecución, en el tiempo t.
D95: PPOMCASEE t = Porcentaje de Planes de Ordenación y Manejo de Cuencas (POMCAS) en ejecución, en el tiempo t.
D96: PPMAEE t = Porcentaje de Planes de Manejo de Acuíferos (PMA) en ejecución, en el tiempo t.
D97: PPMMME t = Porcentaje de Planes de Manejo de Microcuencas (PMM) en ejecución, en el tiempo t.
D98: a = ponderador de PPOMCASEE
D99: b = ponderador de PPMAEE
D100: c = ponderador de PPMMME
D101: a + b + c = 1
D102: Nota: los ponderadores de las acciones serán definidos por las CAR teniendo en cuenta el presupuesto asignado para cada una de ellas. Por su parte, la ejecución de cada acción corresponde a la ejecución presupuestal de la acción (compromisos / presupuesto definitivo).
D103: Porcentaje de POMCAS en ejecución (PPOMCASEE)
D105: Donde:
D106: PPOMCASEE t = Porcentaje de Planes de Ordenación y Manejo de Cuencas (POMCAS) en ejecución, en el tiempo t.
... D127: PDPAM it = Presupuesto definitivo a la acción i relacionada con la implementación de los POMCAS, PMA y PMM, en el año t.

Sheet 7Clima
A2: ='Datos Generales'!C5 -> 0
A3: ANEXO NO. 3. MATRIZ DE REPORTE DE AVANCE DE INDICADORES MÍNIMOS DE GESTIÓN INCORPORADOS EN LA RESOLUCIÓN 667 DE 2016
A4: PERIODO REPORTADO: | E4: ='Datos Generales'!C6 -> 0
A5: Porcentaje de entes territoriales asesorados en la incorporación, planificación y ejecución de acciones relacionadas con cambio climático en el marco de los instrumentos de planificación territorial
B6: (Hoja metodológica versión 1,00) | F6: Datos reportados por la Corporación
F7: Datos establecidos por el MADS
B8: Año | C8: 2020 | D8: =IF(E10="NO APLICA","NO APLICA",IF(E11="NO SE REPORTA","SIN INFORMACION",+E19)) -> 1 | F8: Datos calculados por el sistema
B9: VOLVER AL INDICE
B10: ¿El Indicador aplica por las especificades ambientales regionales? | E10: SI APLICA | F10: =IF(E10="NO APLICA"," ESCRIBA EL NÚMERO DEL ACUERDO DEL CONSEJO DIRECTIVO EN EL CUAL DECIDE LA NO PROCEDENCIA DE LA APLICACIÓN DEL INDICADOR",IF(E11="NO SE REPORTA"," ESCRIBA EL NÚMERO DEL ACUERDO DEL CONSEJO DIRECTIVO EN LA CUAL SE APRUEBA LA AGENDA DE IMPLEMENTACION DEL INDICADOR",""))
D11: =IF(E10="SI APLICA","¿El indicador no se reporta por limitaciones de información disponible? ","") -> ¿El indicador no se reporta por limitaciones de información disponible? | E11: SI SE REPORTA
D12: =IF(E11="SI SE REPORTA","¿Qué programas o proyectos del Plan de Acción están asociados al indicador? ","") -> ¿Qué programas o proyectos del Plan de Acción están asociados al indicador?
D13: Observaciones
B15: Metodología de cálculo | D15: Para su cálculo, se diligencia la siguiente información:
D16: Variable | E16: Año 1 | F16: Año 2 | G16: Año 3 | H16: Año 4
D17: Meta de entes territoriales a ser asesorados en la incorporación, planificación y ejecución de cambio climático en los instrumentos de planificación territorial (METACC) | E17: 25
D18: Entes territoriales efectivamente asesorados en la incorporación, planificación y ejecución de cambio climático en los instrumentos de planificación territorial (ETACC) | E18: 25
D19: Porcentaje de entes territoriales asesorados en la incorporación, planificación y ejecución de cambio climático en los instrumentos de planificación territorial (PETACC) | E19: =IFERROR(E18/E17,"N.A.") -> 1 | F19: =IFERROR(F18/F17,"N.A.") -> N.A. | G19: =IFERROR(G18/G17,"N.A.") -> N.A. | H19: =IFERROR(H18/H17,"N.A.") -> N.A.
D20: Detalle de acciones de asesoría realizadas en la vigencia (utilice tantas filas cuantas sean necesarias)
C21: N | D21: Acciones | E21: Número de entes territoriales | F21: Nombres de entidades territoriales | G21: Observaciones
C23: 1 | D23: Asistencia técnica a los 25 municipios del Cesar en la incorporación del componente de cambio climático en los POT´s | E23: 25 | F23: Valledupar, Aguachica, Agustín Codazzi, Astrea, Becerril, Bosconia, Chimichagua, Chiriguaná, Curumaní, El Copey, El Paso, Gamarra, González, La Gloria, La Jagua Ibirico, Manaure Balcón Del Cesar, Pailitas, Pelaya, Pueblo Bello, Río De Oro, Robles (La Paz) San Alberto, San Diego, San Martín, Tamalameque
C24: 2 | D24: Actualización de las determinantes ambientales en la jurisdicción de Corpocesar | E24: 25 | F24: Valledupar, Aguachica, Agustín Codazzi, Astrea, Becerril, Bosconia, Chimichagua, Chiriguaná, Curumaní, El Copey, El Paso, Gamarra, González, La Gloria, La Jagua Ibirico, Manaure Balcón Del Cesar, Pailitas, Pelaya, Pueblo Bello, Río De Oro, Robles (La Paz) San Alberto, San Diego, San Martín, Tamalameque
C25: 3
C26: 4
C27: 5
C28: 6
C29: 7
C30: 8
C31: 9
C32: 10
C33: 11
C34: 12
C35: 13
C36: 14
... C42: 20
B43: Interpretación | D43: Cuanto más cercano a cien por ciento, mayor es el cumplimiento de las metas establecidas en relación con la asesoría a los entes territoriales en la incorporación de cambio climático en los instrumentos de planificación territorial.
B44: Restricciones o Limitaciones | D44: Se pueden presentar situaciones de orden operativo, político y social que pueden afectar los cronogramas definidos.
B46: Responsable del reporte de las variables del indicador
B47: 1 | D47: Entidad
D48: Dependencia | E48: Subdirección de Planeación
D49: Nombre del funcionario | E49: Adriana García Arevalo
D50: Cargo | E50: Subdirectora
D51: Correo electrónico | E51: planeacion@corpocesar.gov.co
D52: Teléfono | E52: 5748960
D53: Dirección | E53: Km1 Vía a La Paz - Valledupar
B55: Responsable del cálculo del indicador
B56: 1 | D56: Entidad | E56: Ministerio de Ambiente y Desarrollo Sostenible MADS
D57: Dependencia | E57: Dirección de Ordenamiento Territorial y Coordinación del Sistema Ambiental – SINA
D58: Nombre del funcionario
D59: Cargo
D60: Correo electrónico
D61: Teléfono
D62: Dirección
B64: Información sobre la Hoja Metodológica
B65: Fecha | C65: Versión | D65: Datos del autor o de quien ajustó la hoja metodológica | E65: Descripción de los ajustes
B66: 42401 | C66: 0.01 | D66: Hoja Metodológica de referencia: MADS (2016). Hoja metodológica de Porcentaje de entes territoriales asesorados en la incorporación de cambio climático en los instrumentos de planificación territorial (Versión 1.0). Ministerio de Ambiente y Desarrollo Sostenible MADS, DGOAT-SINA y DCC.
B68: Observaciones
B71: Descripción del Indicador
B72: Definición | D72: Es la relación entre el número de entes territoriales asesorados en la incorporación, planificación y ejecución de acciones relacionadas con cambio climático en el marco de los instrumentos de planificación territorial, con respecto a la meta de entes territoriales a ser asesorados durante un periodo de gobierno en los departamentos y municipios.
B73: Pertinencia | D73: Finalidad / Propósito:
D74: El indicador mide el cumplimiento de las metas establecidas, por parte de la Corporación Autónoma Regional, en relación con la asesoría a los entes territoriales en la incorporación, planificación y ejecución de acciones de cambio climático en sus instrumentos de planificación territorial.
D75: Cumplimiento y Seguimiento a las metas del Plan Nacional de Desarrollo 2014-2018 (Entidades territoriales que incorporan en los instrumentos de planificación acciones de cambio climático)
D76: Normatividad de soporte:
D77: Convención Marco de Cambio Climático CMCC
D78: Objetivos de Desarrollo Sostenible, Objetivo 13: adoptar medidas urgentes para combatir el cambio climático y sus efectos.
D79: Ley 99 de 1993, Artículo 31, numerales 4 y 5.
D80: Ley 1753 de 2015, Plan Nacional de Desarrollo (Crecimiento Verde), Artículo 170 y ss.
D81: Documentos de referencia:
D82: Plan Nacional de Desarrollo
D83: Acuerdo COP 21 y Guía para la incorporación de cambio climático en el ciclo del ordenamiento territorial.
D84: Mayor información: http://cambioclimatico.minambiente.gov.co/
B85: Metas / Estándares
B86: Marco conceptual | D86: El Plan Nacional de Desarrollo 2014-2018 (crecimiento verde) establece que las entidades territoriales incorporen, en sus instrumentos formales de planificación del desarrollo y de ordenamiento territorial, acciones de adaptación y/o mitigación al cambio climático; mediante la reducción de vulnerabilidad, el incremento de la capacidad adaptativa y la reducción de la exposición y sensibilidad; así como la reducción de emisiones de Gases de Efecto Invernadero. Cabe indicar que los instrumentos formales de planificación del desarrollo y de ordenamiento territorial abarcan los Planes de Desarrollo departamentales y municipales y Planes de Ordenamiento Territorial.
D87: En éste mismo sentido la Ley 99 de 1993 en su Artículo 31, numerales 4 y 5, contempla que “asesorar a los Departamentos, Distritos y Municipios de su comprensión territorial en la definición de los planes de desarrollo ambiental y en sus programas y proyectos en materia de protección del medio ambiente” y “Participar con los demás organismos y entes competentes en el ámbito de su jurisdicción, en los procesos de planificación y ordenamiento territorial a fin de que el factor ambiental sea tenido en cuenta en las decisiones que se adopten”
D88: Las autoridades ambientales juegan un papel central como asesores técnicos de la incorporación del cambio climático en sus instrumentos de planificación de los entes territoriales, tanto a nivel departamental como municipal.
D89: Por asesoría se entienden las siguientes acciones:
D90: · Elaborar informes de análisis de la incorporación de cambio climático en el proceso de formulación de los Planes de Desarrollo departamentales y municipales y en los Planes de Ordenamiento Territorial.
D91: · Entregar a los territorios documentos con recomendaciones y orientaciones específicas para la incorporación, planificación y ejecución de acciones de cambio climático en los instrumentos de planificación del desarrollo y de ordenamiento territorial
D92: · Elaborar estudios para medir el riesgo climático en la jurisdicción y realizar la socialización con los entes territoriales.
D93: · Elaboración y difusión de estudios sobre las oportunidades del cambio climático a nivel regional.
D94: · Fortalecer los sistemas de información que permitan generar conocimiento del cambio climático y sus efectos a nivel regional y local.
D95: · Realizar eventos de capacitación para la incorporación de cambio climático en los Planes de Desarrollo departamentales y municipales y en los Planes de Ordenamiento Territorial.
B96: Fórmula de cálculo
D98: Donde:
D99: PETACC t = Porcentaje de entes territoriales asesorados en la incorporación, planificación y ejecución de cambio climático en los instrumentos de planificación territorial, en el tiempo t.
D100: ETACC t = Número de entes territoriales efectivamente asesorados en la incorporación, planificación y ejecución de cambio climático en los instrumentos de planificación territorial, en el tiempo t.
D101: METACC t = Meta de entes territoriales a ser asesorados en la incorporación, planificación y ejecución de cambio climático en los instrumentos de planificación territorial, en el tiempo t.

Sheet 8Suelo
A2: ='Datos Generales'!C5 -> 0
A3: ANEXO NO. 3. MATRIZ DE REPORTE DE AVANCE DE INDICADORES MÍNIMOS DE GESTIÓN INCORPORADOS EN LA RESOLUCIÓN 667 DE 2016
A4: PERIODO REPORTADO: | E4: ='Datos Generales'!C6 -> 0
A5: Porcentaje de suelos degradados en recuperación o rehabilitación
B6: (Hoja metodológica versión 1,00) | F6: Datos reportados por la Corporación
F7: Datos establecidos por el MADS
B8: Año | C8: 2020 | D8: =IF(E10="NO APLICA","NO APLICA",IF(E11="NO SE REPORTA","SIN INFORMACION",+E19)) -> N.A. | F8: Datos calculados por el sistema
B9: VOLVER AL INDICE
B10: ¿El Indicador aplica por las especificades ambientales regionales? | E10: SI APLICA | F10: =IF(E10="NO APLICA"," ESCRIBA EL NÚMERO DEL ACUERDO DEL CONSEJO DIRECTIVO EN EL CUAL DECIDE LA NO PROCEDENCIA DE LA APLICACIÓN DEL INDICADOR",IF(E11="NO SE REPORTA"," ESCRIBA EL NÚMERO DEL ACUERDO DEL CONSEJO DIRECTIVO EN LA CUAL SE APRUEBA LA AGENDA DE IMPLEMENTACION DEL INDICADOR",""))
D11: =IF(E10="SI APLICA","¿El indicador no se reporta por limitaciones de información disponible? ","") -> ¿El indicador no se reporta por limitaciones de información disponible? | E11: SI SE REPORTA
D12: =IF(E11="SI SE REPORTA","¿Qué programas o proyectos del Plan de Acción están asociados al indicador? ","") -> ¿Qué programas o proyectos del Plan de Acción están asociados al indicador?
D13: Observaciones
B15: Metodología de cálculo | D15: Para su cálculo, se reporta la siguiente información:
C16: N | D16: Variable (*) | E16: Año 1 | F16: Año 2 | G16: Año 3 | H16: Año 4
C17: A | D17: Meta de suelos degradados en recuperación o rehabilitación (ha) | E17: 0
C18: B | D18: Áreas de suelos degradados en recuperación o rehabilitación (ha) | E18: 0
C19: C | D19: Porcentaje de suelos degradados en recuperación o rehabilitación (C = B / A) | E19: =IFERROR(E18/E17,"N.A.") -> N.A. | F19: =IFERROR(F18/F17,"N.A.") -> N.A. | G19: =IFERROR(G18/G17,"N.A.") -> N.A. | H19: =IFERROR(H18/H17,"N.A.") -> N.A.
D20: * Valor Acumulado
D21: Indicador complementario:
D22: Inversión asociada a recuperación o rehabilitación de suelos degradados (Millones de $)
D23: (*) Adicione tantas filas cuantas sean necesarias.
C24: N | D24: Nombre de acción / proyecto (*) | E24: Tipo de acción | F24: Área de intervención (ha) | G24: Ppto. inicial | H24: Presupuesto Definitivo | I24: Compromisos | J24: Pagos | K24: Observaciones
C25: 1
C26: 2
C27: 3
C28: 4
C29: 5
C30: 6
C31: 7
C32: 8
C33: 9
C34: 10
C35: 11
C36: 12
D37: Total | F37: =SUM(F25:F36) -> 0 | G37: =SUM(G25:G36) -> 0 | H37: =SUM(H25:H36) -> 0 | I37: =SUM(I25:I36) -> 0 | J37: =SUM(J25:J36) -> 0
B38: Interpretación | D38: Cuanto más cercano a cien por ciento, mayor es el cumplimiento de las metas establecidas por la Corporación en materia de recuperación o rehabilitación de suelos degradados.
B39: Restricciones o Limitaciones | D39: Se pueden presentar situaciones de orden operativo, financiero, político y social que pueden afectar los presupuestos y los cronogramas definidos en el Plan de Acción de la Corporación.
B41: Responsable del reporte de las variables del indicador
B42: 1 | D42: Entidad | E42: Corporación Autónoma Regional del Cesar
D43: Dependencia | E43: Subdirección de Gestión Ambiental
D44: Nombre del funcionario | E44: Julio Fernandez Lascarro
D45: Cargo | E45: Subdirector
D46: Correo electrónico | E46: subdirector.ambiental@corpocesar.gov.co
D47: Teléfono | E47: 5748960
D48: Dirección | E48: Km 1 Vía a La Paz - Valledupar
B50: Responsable del cálculo del indicador
B51: 1 | D51: Entidad | E51: Ministerio de Ambiente y Desarrollo Sostenible MADS
D52: Dependencia | E52: Dirección de Ordenamiento Territorial y Coordinación del Sistema Ambiental - SINA
D53: Nombre del funcionario
D54: Cargo
D55: Correo electrónico
D56: Teléfono
D57: Dirección
B59: Información sobre la Hoja Metodológica
B60: Fecha | C60: Versión | D60: Datos del autor o de quien ajustó la hoja metodológica | E60: Descripción de los ajustes
B61: 42401 | C61: 0.01 | D61: Hoja Metodológica de referencia: MADS (2016). Hoja metodológica Porcentaje de suelos degradados en recuperación o rehabilitación. (Versión 1.0). Ministerio de Ambiente y Desarrollo Sostenible MADS, DGOAT-SINA y DAASU.
B63: Observaciones
B67: Descripción del Indicador
B69: Definición | D69: Es la relación entre la superficie de suelos en restauración y en rehabilitación, con respecto a la meta de suelos en restauración y rehabilitación priorizadas por la Corporación.
B70: Pertinencia | D70: Finalidad / Propósito:
D71: El indicador mide el cumplimiento de las metas de la Corporación en materia de restauración y rehabilitación de suelos, como contribución a la implementación regional de la Política de Gestión Sostenible del Suelo.
D72: Normas soporte:
D73: Ley 99 de 1993
D74: Decreto 1076 de 2015. Artículo 2.2.1.1.18.7. “En todo caso los propietarios están obligados a…… cooperar en las labores de prevención o corrección que adelante la autoridad ambiental competente”
D75: La estrategia transversal “Crecimiento Verde” del Plan Nacional de Desarrollo 2014-2018, “Todos por un nuevo país: Paz, Equidad y Educación”, tiene entre sus objetivos: “Proteger y asegurar el uso sostenible del capital natural y mejorar la calidad y la gobernanza ambiental”, y plantea como una de sus acciones prioritarias, aprobar e implementar la política para la gestión sostenible del suelo, “(…) a través de la cual se definirán los lineamientos para su uso sostenible relacionados con 1) promover la investigación, innovación y transferencia de tecnología para el conocimiento de los suelos, su conservación, recuperación, uso y manejo sostenible; 2) articular instrumentos normativos relacionados con la gestión del suelo y; 3) adelantar procesos de monitoreo y seguimiento a la calidad de los suelos”.
D76: Documentos de referencia:
D77: Política de Gestión Sostenible del Suelo
B78: Metas / Estándares
B80: Marco conceptual | D80: La Política de Gestión Sostenible del Suelo concibe los suelos como sistemas complejos y dinámicos, que se constituyen en componente fundamental del ambiente, y cumplen múltiples funciones vitales para la supervivencia humana y las relaciones sociales. Entre los servicios ecosistémicos asociados al suelo se destacan: producción de alimentos; filtrado e intercambio de gases; depuración de la contaminación; regulación climática e hídrica; ciclado de nutrientes; filtrado de agua; soporte para industria, infraestructura y turismo; entre otros.
D81: Los suelos hacen parte de la diversidad natural y biológica y están compuestos por minerales, agua, aire y organismos vivos; sus usos son esencialmente culturales, según las prácticas y las costumbres de los individuos y las comunidades, las cuales están predeterminadas por normas, reglas u orientaciones sociales, comunitarias o estatales.
D82: Así mismo, son indispensables y determinantes para la estructura y el funcionamiento de los ciclos del agua, del aire y de los nutrientes, así como para la biodiversidad. Esto en razón a que el suelo es parte esencial de los ciclos biogeoquímicos, en los cuales hay distribución, transporte, almacenamiento y transformación de materiales y energía necesarios para la vida en el planeta.
D83: A pesar de su importancia, el uso insostenible del suelo, entre otras actividades antrópicas, ocasiona su degradación, la cual resulta particularmente preocupante, por el efecto negativo en los ecosistemas, los organismos y las comunidades.
D84: Los procesos de degradación más relevantes en Colombia son la erosión, el sellamiento de suelos, la contaminación, la pérdida de la materia orgánica, la salinización, la compactación y la desertificación.
D85: Los procesos de recuperación o rehabilitación de suelos degradados deben dar cuenta de las acciones adelantadas para el mejoramiento de las condiciones del suelo (propiedades físicas, químicas y bilógicas) y las acciones para el monitoreo y seguimiento al mejoramiento de su calidad de acuerdo con las orientaciones establecidas en la Política para la Gestión Sostenible del Suelo. La Corporación partiendo de la información línea base disponible deberá identificar y priorizar las áreas con suelos degradados a intervenir, las cuales serán objeto de seguimiento al presente indicador.
D86: Entre la información línea base, se encuentra el mapa de degradación de suelos por erosión a escala 1:100.000 elaborado por el IDEAM y el MADS, los estudios de suelos e información del IGAC, las investigaciones desarrolladas por los Institutos de Investigación y las Universidades y la generada por las Corporaciones.
B87: Fórmula de cálculo | D87: Porcentaje de suelos degradados en recuperación o rehabilitación.
D89: Donde:
D90: PSER t = Porcentaje de suelos degradados en recuperación o rehabilitación, en el tiempo t.
D91: SER it = Superficie de suelos degradados en recuperación o rehabilitación (ha), en el tiempo t.
D92: MSER it = Meta de suelos degradados en recuperación o rehabilitación (ha), en el tiempo t.
D93: Nota: los ponderadores de las acciones serán definidos por las CAR teniendo en cuenta el presupuesto asignado para cada una de ellas. Por su parte, la ejecución de cada acción corresponde a la ejecución presupuestal de la acción (compromisos / presupuesto definitivo).
D94: Indicador complementario:
D95: Inversión asociada a recuperación o rehabilitación de suelos degradados (Millones de $)
D97: Donde:
D98: IRSD t = Inversión asociada a recuperación o rehabilitación de suelos degradados, en el año t.
D99: PDARSD i = Presupuesto definitivo asociado a la ejecución de la acción o proyecto i relacionado con la recuperación o rehabilitación de suelos degradados, en el año t.

Sheet 9RUNAP
A2: ='Datos Generales'!C5 -> 0
A3: ANEXO NO. 3. MATRIZ DE REPORTE DE AVANCE DE INDICADORES MÍNIMOS DE GESTIÓN INCORPORADOS EN LA RESOLUCIÓN 667 DE 2016
A4: PERIODO REPORTADO: | E4: ='Datos Generales'!C6 -> 0
A5: Porcentaje de la superficie de áreas protegidas regionales declaradas, homologadas o recategorizadas, inscritas en el RUNAP
B7: (Hoja metodológica versión 1,00) | F7: Datos reportados por la Corporación
F8: Datos establecidos por el MADS
B9: Año | C9: 2020 | D9: =IF(E11="NO APLICA","NO APLICA",IF(E12="NO SE REPORTA","SIN INFORMACION",+E96)) -> N.A. | F9: Datos calculados por el sistema
B10: VOLVER AL INDICE
B11: ¿El Indicador aplica por las especificades ambientales regionales? | E11: SI APLICA | F11: =IF(E11="NO APLICA"," ESCRIBA EL NÚMERO DEL ACUERDO DEL CONSEJO DIRECTIVO EN EL CUAL DECIDE LA NO PROCEDENCIA DE LA APLICACIÓN DEL INDICADOR",IF(E12="NO SE REPORTA"," ESCRIBA EL NÚMERO DEL ACUERDO DEL CONSEJO DIRECTIVO EN LA CUAL SE APRUEBA LA AGENDA DE IMPLEMENTACION DEL INDICADOR",""))
D12: =IF(E11="SI APLICA","¿El indicador no se reporta por limitaciones de información disponible? ","") -> ¿El indicador no se reporta por limitaciones de información disponible? | E12: SI SE REPORTA
D13: =IF(E12="SI SE REPORTA","¿Qué programas o proyectos del Plan de Acción están asociados al indicador? ","") -> ¿Qué programas o proyectos del Plan de Acción están asociados al indicador? | E13: 5.4
D14: Observaciones
B16: Metodología de cálculo | D16: Para su cálculo, se reporta la siguiente información:
C17: N | D17: Variable | E17: Continentales | F17: Marinas, costeras e Insulares (*) | G17: Total
C19: A | D19: Número de áreas protegidas inscritas en el RUNAP a 31/12/2019 (número) | E19: 19 | G19: =+E19+F19 -> 19
C20: B | D20: Superficie de áreas protegidas inscritas en el RUNAP a 31/12/2019 (ha) | E20: 184189 | G20: =+E20+F20 -> 184189
C21: C | D21: Meta de áreas protegidas regionales a ser homologadas o recategorizadas, e inscritas en el RUNAP en el cuatrienio (ha) | E21: 35000 | G21: =+E21+F21 -> 35000
C22: D | D22: Meta total de nuevas áreas protegidas a ser inscritas en el RUNAP en el cuatrienio (ha) | E22: 35000 | G22: =+E22+F22 -> 35000
C23: E | D23: Número total de áreas protegidas regionales declaradas, homologadas o recategorizadas, e inscritas en el RUNAP a 31/12/2023 (número) | E23: 20 | G23: =+E23+F23 -> 20
C24: F | D24: Superficie total de áreas protegidas regionales declaradas, homologadas o recategorizadas, inscritas en el RUNAP a 31/12/2023 (ha) (C+D) | E24: =E20+E21 -> 219189 | F24: =+F21+F22 -> 0 | G24: =+E24+F24 -> 219189
D25: (*) si aplica. Para evitar doble contabilidad, se clasifican en el grupo de áreas marinas, costeras e insulares, aquellas áreas protegidas con superficie tanto en áreas marinas y continentales.
D26: AREAS PROTEGIDAS CONTINENTALES
D27: Número de áreas protegidas en proceso de declaratoria (*)
D28: Variable | E28: Año 1 | F28: Año 2 | G28: Año 3 | H28: Año 4 | I28: Total
D29: Meta de áreas inscritas en el RUNAP | E29: 0 | I29: =SUM(E29:H29) -> 0
D30: Sin iniciar | E30: 1
D31: FASE I: Preparación
D32: FASE II: Aprestamiento
D33: FASE III: Declaratoria o Ampliación
D34: Inscritas en el RUNAP
D35: Total | E35: =SUM(E30:E34) -> 1 | F35: =SUM(F30:F34) -> 0 | G35: =SUM(G30:G34) -> 0 | H35: =SUM(H30:H34) -> 0
D36: (*) Ubique cada área protegida sólo en la última etapa que se encuentre
D37: La suma de las áreas protegidas debe ser igual a la meta de número de áreas protegidas en el cuatrienio
D38: Superficie de áreas protegidas en proceso de declaratoria (*)
D39: Variable | E39: Año 1 | F39: Año 2 | G39: Año 3 | H39: Año 4 | I39: Total
D40: Meta de áreas inscritas en el RUNAP | E40: 0 | I40: =SUM(E40:H40) -> 0
D41: Sin iniciar | E41: 1
D42: FASE I: Preparación
D43: FASE II: Aprestamiento
D44: FASE III: Declaratoria o Ampliación
D45: Inscritas en el RUNAP
D46: Total | E46: =SUM(E41:E45) -> 1 | F46: =SUM(F41:F45) -> 0 | G46: =SUM(G41:G45) -> 0 | H46: =SUM(H41:H45) -> 0
D47: (*) Ubique la superficie de cada área protegida sólo en la última etapa que se encuentre
D48: La suma de las áreas protegidas debe ser igual a la meta de superficie de áreas protegidas en el cuatrienio.
D49: AREAS PROTEGIDAS MARINAS, COSTERAS E INSULARES
D50: Número de áreas protegidas en proceso de declaratoria (*)
D51: Variable | E51: Año 1 | F51: Año 2 | G51: Año 3 | H51: Año 4 | I51: Total
D52: Meta de áreas inscritas en el RUNAP | I52: =SUM(E52:H52) -> 0
D53: Sin iniciar
D54: FASE I: Preparación
D55: FASE II: Aprestamiento
D56: FASE III: Declaratoria o Ampliación
D57: Inscritas en el RUNAP
D58: Total | E58: =SUM(E53:E57) -> 0 | F58: =SUM(F53:F57) -> 0 | G58: =SUM(G53:G57) -> 0 | H58: =SUM(H53:H57) -> 0
D59: (*) Ubique cada área protegida sólo en la última etapa que se encuentre
D60: La suma de las áreas protegidas debe ser igual a la meta de número de áreas protegidas en el cuatrienio
D61: Superficie de áreas protegidas en proceso de declaratoria (*)
D62: Variable | E62: Año 1 | F62: Año 2 | G62: Año 3 | H62: Año 4 | I62: Total
D63: Meta de áreas inscritas en el RUNAP | E63: 0 | I63: =SUM(E63:H63) -> 0
D64: Sin iniciar | E64: 1
D65: FASE I: Preparación
D66: FASE II: Aprestamiento
D67: FASE III: Declaratoria o Ampliación
D68: Inscrita en el RUNAP
D69: Total | E69: =SUM(E64:E68) -> 1 | F69: =SUM(F64:F68) -> 0 | G69: =SUM(G64:G68) -> 0 | H69: =SUM(H64:H68) -> 0
D70: (*) Ubique la superficie de cada área protegida sólo en la última etapa que se encuentre
D71: La suma de las áreas protegidas debe ser igual a la meta de superficie de áreas protegidas en el cuatrienio.
D72: Relación de áreas protegidas en proceso de declaración
D73: Nombre de área protegida | E73: Tipo (continental, marina, costera, insular) | F73: Categoría | G73: Superficie en acto administrativo (ha) (*) | H73: Superficie en shape (ha)(a) | I73: Estado de avance (b) | J73: Acto administrativo
J74: de declaratoria
D89: (a) superficie estimada
D90: (b) en preparación, en aprestamiento, en declaración y declarado. Si está declarado, escriba el número del acto administrativo correspondiente.
D92: Resumen del Indicador
D93: Variable | E93: Año 1 | F93: Año 2 | G93: Año 3 | H93: Año 4 | I93: Total
D94: Meta de áreas inscritas en el RUNAP (ha) | E94: =+E63+E40 -> 0 | F94: =+F63+F40 -> 0 | G94: =+G63+G40 -> 0 | H94: =+H63+H40 -> 0 | I94: =SUM(E94:H94) -> 0
D95: Superficie total de áreas protegidas regionales declaradas, homologadas o recategorizadas, inscritas en el RUNAP | E95: =+E68+E45 -> 0 | F95: =+F68+F45 -> 0 | G95: =+G68+G45 -> 0 | H95: =+H68+H45 -> 0 | I95: =SUM(E95:H95) -> 0
D96: Porcentaje de la superficie de áreas protegidas regionales declaradas, homologadas o recategorizadas, inscritas en el RUNAP | E96: =IFERROR(E95/E94,"N.A.") -> N.A. | F96: =IFERROR(F95/F94,"N.A.") -> N.A. | G96: =IFERROR(G95/G94,"N.A.") -> N.A. | H96: =IFERROR(H95/H94,"N.A.") -> N.A. | I96: =IFERROR(I95/I94,"N.A.") -> N.A.
B98: Interpretación | D98: Cuanto más cercano a cien por ciento, mayor es el cumplimiento de las metas establecidas por la Corporación en materia de declaración de nuevas áreas protegidas.
B99: Restricciones o Limitaciones | D99: Se pueden presentar situaciones de orden operativo, financiero, político y social que pueden afectar los presupuestos y los cronogramas definidos en el Plan de Acción de la Corporación.
D100: Se pueden llegar a presentar superposiciones en áreas protegidas declaradas u homologadas, es decir, que sobre una misma área se hayan declarado una figura regional o una nacional, con distintas definiciones y regímenes de manejo. Para efectos del presente indicador sólo se cuantificará una vez el área, eliminando en el reporte de área las superposiciones, es decir, que se deberá contar solo una vez las áreas traslapadas.
D101: Lo anterior teniendo en cuenta que el artículo 2.2.2.1.3.5 del Decreto 1076 de 2015 (artículo 26 del Decreto 2372 de 2010) contempla que “No podrán superponerse categorías de manejo de áreas públicas”. Por tal razón, recomendamos a las Autoridades Ambientales revisar la información oficial que se encuentra en el RUNAP y cotejarla con sus procesos de declaratoria para evitar traslapes que pueden llegar a limitar el registro de las áreas protegidas en el RUNAP.
B103: Responsable del reporte de las variables del indicador
B104: 1 | D104: Entidad
D105: Dependencia | E105: Subdireccion de Gestion Ambiental
D106: Nombre del funcionario | E106: Wilson Marquez Daza
D107: Cargo | E107: Profesional Universitario
D108: Correo electrónico | E108: gestionambiental@corpocesar.gov.co
D109: Teléfono | E109: 5748960
D110: Dirección | E110: Km 1 Vía a La Paz
B112: Responsable del cálculo del indicador
B113: 1 | D113: Entidad | E113: Ministerio de Ambiente y Desarrollo Sostenible MADS
D114: Dependencia | E114: Dirección de Ordenamiento Territorial y Coordinación del Sistema Ambiental - SINA
D115: Nombre del funcionario
D116: Cargo
D117: Correo electrónico
D118: Teléfono
D119: Dirección
B121: Información sobre la Hoja Metodológica
B122: Fecha | C122: Versión | D122: Datos del autor o de quien ajustó la hoja metodológica | E122: Descripción de los ajustes
B123: 42401 | C123: 0.01 | D123: Hoja Metodológica de referencia: MADS (2016). Hoja metodológica Porcentaje de la Superficie de áreas protegidas regionales declaradas, homologadas o recategorizadas, inscritas en el RUNAP (Versión 1.0). Ministerio de Ambiente y Desarrollo Sostenible MADS y Parques Nacionales de Colombia.
...

Sheet 10Paramos
A2: ='Datos Generales'!C5 -> 0
A3: ANEXO NO. 3. MATRIZ DE REPORTE DE AVANCE DE INDICADORES MÍNIMOS DE GESTIÓN INCORPORADOS EN LA RESOLUCIÓN 667 DE 2016
A4: PERIODO REPORTADO: | E4: ='Datos Generales'!C6 -> 0
A5: Porcentaje de páramos delimitados por el MADS, con zonificación y régimen de usos adoptados por la CAR
B6: (Hoja metodológica versión 1,00) | F6: Datos reportados por la Corporación
F7: Datos establecidos por el MADS
B8: Año | C8: 2020 | D8: =IF(E10="NO APLICA","NO APLICA",IF(E11="NO SE REPORTA","SIN INFORMACION",+F20)) -> N.A. | F8: Datos calculados por el sistema
B9: VOLVER AL INDICE
B10: ¿El Indicador aplica por las especificades ambientales regionales? | E10: SI APLICA | F10: =IF(E10="NO APLICA"," ESCRIBA EL NÚMERO DEL ACUERDO DEL CONSEJO DIRECTIVO EN EL CUAL DECIDE LA NO PROCEDENCIA DE LA APLICACIÓN DEL INDICADOR",IF(E11="NO SE REPORTA"," ESCRIBA EL NÚMERO DEL ACUERDO DEL CONSEJO DIRECTIVO EN LA CUAL SE APRUEBA LA AGENDA DE IMPLEMENTACION DEL INDICADOR",""))
D11: =IF(E10="SI APLICA","¿El indicador no se reporta por limitaciones de información disponible? ","") -> ¿El indicador no se reporta por limitaciones de información disponible? | E11: SI SE REPORTA
D12: =IF(E11="SI SE REPORTA","¿Qué programas o proyectos del Plan de Acción están asociados al indicador? ","") -> ¿Qué programas o proyectos del Plan de Acción están asociados al indicador? | E12: 5.4
D13: Observaciones
B15: Metodología de cálculo | D15: Para su cálculo, se reporta la siguiente información:
D16: Reporte de avance
D17: Etapa | E17: Año 0 (2019) (*) | F17: Año 1 | G17: Año 2 | H17: Año 3 | I17: Año 4 | J17: Total
D18: Páramos delimitados por el MADS (número) ubicados en la jurisdicción de la Corporación | E18: 1 | F18: 0 | J18: =SUM(F18:I18) -> 0
D19: Actos Administrativos de la CAR que adoptan la Zonificación y régimen de usos de páramos (número) | E19: 0 | F19: 0 | J19: =SUM(F19:I19) -> 0
D20: Porcentaje de páramos delimitados por el MADS, con zonificación y régimen de usos adoptados por la CAR | E20: =IFERROR(E19/E18,"N.A.") -> 0 | F20: =IFERROR(F19/F18,"N.A.") -> N.A. | G20: =IFERROR(G19/G18,"N.A.") -> N.A. | H20: =IFERROR(H19/H18,"N.A.") -> N.A. | I20: =IFERROR(I19/I18,"N.A.") -> N.A. | J20: =IFERROR(J19/J18,"N.A.") -> N.A.
D21: Relación de páramos delimitados por el MADS, con zonificación y régimen de usos adoptados por la CAR
D22: Nombre del páramo | E22: Estado de avance | F22: Acto administrativo
D23: Paramos Serranía del Perijá | E23: Declarado | F23: Acuerdo 021 de 16 de diciembre de 2016
B36: Interpretación | D36: Cuanto más cercano a cien por ciento, mayor es el cumplimiento de las metas de la autoridad ambiental en la gestión de paramos ubicados en la jurisdicción de la Corporación.
B37: Restricciones o Limitaciones | D37: Se pueden presentar situaciones de orden operativo, financiero, político y social que pueden afectar los presupuestos y los cronogramas definidos en el Plan de Acción de la Corporación.
B39: Responsable del reporte de las variables del indicador
B40: 1 | D40: Entidad
D41: Dependencia | E41: Subdireccion de Gestion Ambiental
D42: Nombre del funcionario | E42: Wilson Marquez Daza
D43: Cargo | E43: Profesional Universitario
D44: Correo electrónico | E44: gestionambiental@corpocesar.gov.co
D45: Teléfono | E45: 5748960
D46: Dirección | E46: Km 1 Vía a La Paz
B48: Responsable del cálculo del indicador
B49: 1 | D49: Entidad | E49: Ministerio de Ambiente y Desarrollo Sostenible MADS
D50: Dependencia | E50: Dirección de Ordenamiento Territorial y Coordinación del Sistema Ambiental – SINA
D51: Nombre del funcionario
D52: Cargo
D53: Correo electrónico
D54: Teléfono
D55: Dirección
B57: Información sobre la Hoja Metodológica
B58: Fecha | C58: Versión | D58: Datos del autor o de quien ajustó la hoja metodológica | E58: Descripción de los ajustes
B59: 42401 | C59: 1 | D59: Hoja Metodológica de referencia: MADS (2016). Hoja metodológica Porcentaje de páramos delimitados, con zonificación y régimen de usos (Versión 1.0). Ministerio de Ambiente y Desarrollo Sostenible MADS, DGOAT-SINA y DBBSE.
B61: Observaciones.
B65: Descripción del Indicador
B66: Definición | D66: Es el porcentaje de páramos con zonificación y régimen de usos adoptados por la CAR, en relación con los páramos delimitados por el MADS en la jurisdicción de la Corporación.
B67: Pertinencia | D67: Finalidad / Propósito:
D68: Mide el avance en la zonificación y en la determinación del régimen de usos, de las áreas de páramo delimitadas por el MADS, que están ubicados en la jurisdicción de la Corporación. De esta manera, el indicador busca hacer seguimiento a la contribución de las CAR a la ejecución de la Política Nacional de Gestión Integral de la Biodiversidad y sus Servicios Ecosistémicos.
D69: Normatividad de soporte:
D70: Ley 99 de 1993
D71: Ley 1753 de 2015
D72: Decreto 1076 de 2015
D73: Resolución 769 de 2002
D74: Resolución 839 de 2003
D75: Resolución 1128 de 2006
D76: Resolución 937 de 2011
D77: Documentos de referencia:
D78: Política Nacional de Gestión Integral de la Biodiversidad y sus Servicios Ecosistémicos.
B79: Metas / Estándares
B80: Marco conceptual | D80: Los ecosistemas de páramos han sido reconocidos como áreas de especial importancia ecológica que cuentan con una protección especial por parte del Estado, toda vez que resultan de vital importancia por los servicios ecosistémicos que prestan a la población colombiana, especialmente los relacionados con la estabilidad de los ciclos climáticos e hidrológicos y con la regulación de los flujos de agua en cantidad y calidad.
D81: Por ello, el artículo 1° de la Ley 99 de 1993, establece entre los Principios Generales Ambientales que las zonas de páramos, subpáramos, los nacimientos de agua y las zonas de recarga de acuíferos serán objeto de protección especial.
D82: El artículo 173 de la Ley 1753 de 2015 determina que en las áreas delimitadas como páramos no se podrán adelantar actividades agropecuarias ni de exploración o explotación de recursos naturales no renovables, ni construcción de refinerías de hidrocarburos.
D83: El Parágrafo 3 del mencionado artículo establece que “dentro de los tres (3) años siguientes a la delimitación, las autoridades ambientales deberán zonificar y determinar el régimen de usos del área de páramo delimitada, de acuerdo con los lineamientos que para el efecto defina el Ministerio de Ambiente y Desarrollo Sostenible”.
B84: Fórmula de cálculo | D84: Porcentaje de páramos delimitados por el MADS, con zonificación y régimen de usos adoptados por la CAR
D86: Donde:
D87: PPDZRU t = Porcentaje de los páramos delimitados por el MADS, a los cuales la CAR les expide el Acto Administrativo de zonificación y régimen de usos, en el tiempo t.
D88: PZRU it = Número de páramos previamente delimitados por el MADS en la jurisdicción de la CAR, a los cuales la CAR les expide el Acto Administrativo de zonificación y régimen de usos, en el tiempo t.
D89: PD it = Número de páramos delimitados por el MADS en la jurisdicción de la CAR, en el tiempo t.

Sheet 11Forest
A2: ='Datos Generales'!C5 -> 0
A3: ANEXO NO. 3. MATRIZ DE REPORTE DE AVANCE DE INDICADORES MÍNIMOS DE GESTIÓN INCORPORADOS EN LA RESOLUCIÓN 667 DE 2016
A4: PERIODO REPORTADO: | E4: ='Datos Generales'!C6 -> 0
A5: Porcentaje de avance en la formulación del Plan de Ordenación Forestal
B6: (Hoja metodológica versión 1,00) | F6: Datos reportados por la Corporación
F7: Datos establecidos por el MADS | K7: Ponderaciones de referencia
B8: Año | C8: 2020 | D8: =IF(E10="NO APLICA","NO APLICA",IF(E11="NO SE REPORTA","SIN INFORMACION",M34)) -> SIN INFORMACION | F8: Datos calculados por el sistema
B9: VOLVER AL INDICE
B10: ¿El Indicador aplica por las especificades ambientales regionales? | E10: SI APLICA | F10: =IF(E10="NO APLICA"," ESCRIBA EL NÚMERO DEL ACUERDO DEL CONSEJO DIRECTIVO EN EL CUAL DECIDE LA NO PROCEDENCIA DE LA APLICACIÓN DEL INDICADOR",IF(E11="NO SE REPORTA"," ESCRIBA EL NÚMERO DEL ACUERDO DEL CONSEJO DIRECTIVO EN LA CUAL SE APRUEBA LA AGENDA DE IMPLEMENTACION DEL INDICADOR","")) -> ESCRIBA EL NÚMERO DEL ACUERDO DEL CONSEJO DIRECTIVO EN LA CUAL SE APRUEBA LA AGENDA DE IMPLEMENTACION DEL INDICADOR
D11: =IF(E10="SI APLICA","¿El indicador no se reporta por limitaciones de información disponible? ","") -> ¿El indicador no se reporta por limitaciones de información disponible? | E11: NO SE REPORTA
D12: =IF(E11="SI SE REPORTA","¿Qué programas o proyectos del Plan de Acción están asociados al indicador? ","") | E12: 5.2
D13: Observaciones
B15: Metodología de cálculo | D15: Para su cálculo, se reporta la siguiente información: | K15: Etapa | L15: Descripción | M15: Ponderación | N15: Ponderación acumulada
C16: N | D16: Variable | E16: Total | K16: Preparación | L16: Definición de la unidad objeto de ordenación forestal Asignación de recursos Inicio del proceso pre y contractual Conformación del equipo de trabajo | M16: 0.05 | N16: 0.05
C17: A | D17: Superficie cubierta en el Plan de Ordenación Forestal adoptado a 31/12/2019 (ha) | E17: 2290500 | K17: Aprestamiento | L17: Consulta, validación y digitalización de información secundaria Procesamiento e interpretación de imágenes satelitales Generación de información cartográfica preliminar Definición de metodología para levantamiento de información primaria | M17: 0.15 | N17: =+M17+N16 -> 0.2
C18: B | D18: Meta de nuevas hectáreas forestales a ser ordenadas en el Plan de Ordenación Forestal en el cuatrienio (ha) | E18: 0 | K18: Logística | L18: Socialización y acuerdos con actores regionales y locales Chequeo cartografía en campo Desarrollo del premuestreo, ajuste y realización del inventario forestal Desarrollo del componente fauna Desarrollo del componente socieconomico Desarrollo del componente suelos | M18: 0.15 | N18: =+M18+N17 -> 0.35
C19: C | D19: Meta de hectáreas forestales a ser actualizadas en el Plan de Ordenación Forestal en el cuatrienio (ha) -si aplica- | E19: 0 | K19: Oficina | L19: Procesamiento y análisis de información primaria Propuesta zonificación inicial de la UOF Propuesta de zonificación de las áreas forestales que componen la UOF Formulación del POF para cada área forestal de la UOF | M19: 0.2 | N19: =+M19+N18 -> 0.55
C20: D | D20: Meta: hectáreas forestales sujeto de ordenación en el cuatrienio (ha) (B+C) | E20: =+E18+E19 -> 0 | K20: Formulación | L20: Socialización versión premiminar de los POF Armonización de los POF con actores locales y regionales Edición y ajustes de los POF | M20: 0.2 | N20: =+M20+N19 -> 0.75
C21: E | D21: Superficie total del Plan de Ordenación Forestal a 31/12/2023 (ha) | E21: 2290500 | K21: Aprobación | L21: Aprobación de los POF por el Consejo Directivo de la autoridad ambiental competente | M21: 0.25 | N21: =+M21+N20 -> 1 | R21: Actividades de referencia en el proceso de formulación, implementación y seguimiento del Plan de Ordenación Forestal
K22: Total | M22: =SUM(M16:M21) -> 1
D23: Superficie a ser ordenada en el Plan de Ordenación Forestal (*)
D24: Variable | E24: Año 1 | F24: Año 2 | G24: Año 3 | H24: Año 4 | I24: Total | K24: Etapa | L24: Avance (Ponderación acumulada) | M24: Año 1 | N24: Año 2 | O24: Año 3 | P24: Año 4
D25: Meta: hectáreas forestales sujeto de ordenación (a) | E25: 0 | I25: =Formulas!$I$15 -> 0
D26: Sin iniciar | K26: =+D26 -> Sin iniciar | M26: =+$L26*E26 -> 0
D27: En formulación | K27: =+D27 -> En formulación | M27: =+$L27*E27 -> 0
D28: En actualización | K28: =+D28 -> En actualización | M28: =+$L28*E28 -> 0
D29: Plan forestal adoptado | K29: =+D29 -> Plan forestal adoptado | M29: =+$L29*E29 -> 0
D30: Total | E30: =Formulas!D15 -> 0 | F30: =Formulas!E15 -> 0 | G30: =Formulas!F15 -> 0 | H30: =Formulas!G15 -> 0 | L30: Superfice de avance anual (ha) | M30: =SUM(M26:M29) -> 0
D31: (*) Ubique cada superficie sólo en la última etapa que se encuentre | L31: Avance Cuatrienal (%) | M31: =+M30/$I$25 -> #DIV/0!
D32: La suma de la superficie de las áreas en proceso de ordenación debe ser igual a la meta de hectáreas forestales a ser ordenadas. | L32: Meta de avance anual (%) | M32: =+M45 -> #DIV/0!
D33: Relación de áreas a ser ordenadas en el Plan de Ordenación Forestal | L33: Meta de avance anual (ha) | M33: =+M46 -> 0
D34: Nombre del área a ser ordenada | E34: Municipios donde se ubica | F34: Superficie (ha) | G34: Estado de avance (a) | H34: Acto administrativo de adopción | L34: Porcentaje de avance en la formulación del Plan de Ordenación Forestal | M34: =+M30/M33 -> #DIV/0!
L37: Determinación de la Meta de Avance Anual
K39: Ponderador acumulado esperado en cada fase | L39: Hectareas | M39: Avance esperado (Ponderación acumulada)
K41: =+K26 -> Sin iniciar | M41: 0
K42: =+K27 -> En formulación
D43: (a) en formulación, en actualización, en adopción, adoptado. Si está adoptado, escriba el número del acto administrativo correspondiente. | K43: =+K28 -> En actualización
B44: Interpretación | D44: Cuanto más cercano a cien por ciento, mayor es el cumplimiento de las metas establecidas por la Corporación en materia de ordenación de las áreas forestales. | K44: =+K29 -> Plan forestal adoptado
B45: Restricciones o Limitaciones | D45: Se pueden presentar situaciones de orden operativo, financiero, político y social que pueden afectar los presupuestos y los cronogramas definidos en el Plan de Acción de la Corporación. | K45: Total | L45: =SUM(L41:L44) -> 0 | M45: =+M46/L45 -> #DIV/0!
L46: Meta de avance anual ponderada (ha) | M46: =+L41*M41+L42*M42+L43*M43+L44*M44 -> 0
B47: Responsable del reporte de las variables del indicador
B48: 1 | D48: Entidad
D49: Dependencia
D50: Nombre del funcionario
D51: Cargo
D52: Correo electrónico
D53: Teléfono
D54: Dirección
B56: Responsable del cálculo del indicador
B57: 1 | D57: Entidad | E57: Ministerio de Ambiente y Desarrollo Sostenible MADS
D58: Dependencia | E58: Dirección de Ordenamiento Territorial y Coordinación del Sistema Ambiental - SINA
D59: Nombre del funcionario
D60: Cargo
D61: Correo electrónico
D62: Teléfono
D63: Dirección
B65: Observaciones.
B69: Información sobre la Hoja Metodológica
B70: Fecha | C70: Versión | D70: Datos del autor o de quien ajustó la hoja metodológica | E70: Descripción de los ajustes
B71: 42401 | C71: 0.01 | D71: Hoja Metodológica de referencia: MADS (2016). Hoja metodológica Porcentaje de avance en la formulación del Plan de Ordenación Forestal (Versión 1.0). Ministerio de Ambiente y Desarrollo Sostenible MADS, DGOAT-SINA y DBBSE.
B74: Descripción del Indicador
B75: Definición | D75: Es el porcentaje de avance en la formulación del Plan de Ordenación Forestal, con respecto a la meta de Ordenación Forestal definida en el Plan de Acción de la Corporación.
B76: Pertinencia | D76: Finalidad / Propósito:
D77: Mide el avance del Plan de Ordenación Forestal, con respecto a la meta de Ordenación Forestal definida en el Plan de Acción de la Corporación. De esta manera, el indicador busca hacer seguimiento a la contribución de las CAR a la Política Nacional de Gestión Integral de la Biodiversidad y sus Servicios Ecosistémicos, así como a los instrumentos de política relacionados con el recurso forestal.
D78: Normatividad de soporte:
D79: · Ley 2ª de 1959
D80: · Ley 99 de 1993
D81: · Decreto-Ley 2811 de 1974.
D82: · Decreto 1076 de 2015.
D83: Documentos de referencia:
D84: Política Nacional de Gestión Integral de la Biodiversidad y sus Servicios Ecosistémicos.
B85: Metas / Estándares
B87: Marco conceptual | D87: Los artículos 8°, 79 y 80 de la Constitución Política de Colombia, señalan que es deber del Estado proteger la diversidad e integridad del ambiente, conservar las áreas de especial importancia ecológica, fomentar la educación para el logro de estos fines, planificar el manejo y aprovechamiento de los recursos naturales para garantizar su desarrollo sostenible, su conservación, restauración o sustitución.
D88: El Plan de ordenación forestal es el estudio elaborado por las Corporaciones que, fundamentado en la descripción de los aspectos bióticos, abióticos, sociales y económicos, tiene por objeto asegurar que el interesado en utilizar el recurso en un área forestal productora, desarrolle su actividad en forma planificada para así garantizar el manejo adecuado y el aprovechamiento sostenible del recurso
B89: Fórmula de cálculo | D89: Porcentaje de avance en la formulación del Plan de Ordenación Forestal
D91: Donde:
D92: PAPOF t = Porcentaje de avance en la formulación del Plan de Ordenación Forestal, en el tiempo t.
D93: APOF it = Superficie de avance en la formulación del Plan de Ordenación Forestal (ha), en el tiempo t.
D94: MAPOF it = Meta de avance en la formulación del Plan de Ordenación Forestal (ha), en el tiempo t.

Sheet 12PlanesAP
A2: ='Datos Generales'!C5 -> 0
A3: ANEXO NO. 3. MATRIZ DE REPORTE DE AVANCE DE INDICADORES MÍNIMOS DE GESTIÓN INCORPORADOS EN LA RESOLUCIÓN 667 DE 2016
A4: PERIODO REPORTADO: | E4: ='Datos Generales'!C6 -> 0
A5: Porcentaje de áreas protegidas con planes de manejo en ejecución
B6: (Hoja metodológica versión 1,00) | F6: Datos reportados por la Corporación
F7: Datos establecidos por el MADS
B8: Año | C8: 2020 | D8: =IF(E10="NO APLICA","NO APLICA",IF(E11="NO SE REPORTA","SIN INFORMACION",+G20)) -> 1 | F8: Datos calculados por el sistema
B9: VOLVER AL INDICE
B10: ¿El Indicador aplica por las especificades ambientales regionales? | E10: SI APLICA | F10: =IF(E10="NO APLICA"," ESCRIBA EL NÚMERO DEL ACUERDO DEL CONSEJO DIRECTIVO EN EL CUAL DECIDE LA NO PROCEDENCIA DE LA APLICACIÓN DEL INDICADOR",IF(E11="NO SE REPORTA"," ESCRIBA EL NÚMERO DEL ACUERDO DEL CONSEJO DIRECTIVO EN LA CUAL SE APRUEBA LA AGENDA DE IMPLEMENTACION DEL INDICADOR",""))
D11: =IF(E10="SI APLICA","¿El indicador no se reporta por limitaciones de información disponible? ","") -> ¿El indicador no se reporta por limitaciones de información disponible? | E11: SI SE REPORTA
D12: =IF(E11="SI SE REPORTA","¿Qué programas o proyectos del Plan de Acción están asociados al indicador? ","") -> ¿Qué programas o proyectos del Plan de Acción están asociados al indicador? | E12: 5.4
D13: Observaciones
B15: Metodología de cálculo | D15: Para su cálculo, se reporta la siguiente información:
D16: VARIABLE | E16: CONTINENTALES | F16: MARINAS, COSTERAS E INSULARES | G16: TOTAL
D17: Número de áreas protegidas cuya administración es responsabilidad de la Corporación Autónoma Regional | E17: 4 | G17: =+E17+F17 -> 4
D18: Número de áreas protegidas con plan de manejo adoptado | E18: 2 | G18: =+E18+F18 -> 2
D19: Número de áreas protegidas con plan de manejo en ejecución | E19: 2 | G19: =+E19+F19 -> 2
D20: Porcentaje de áreas protegidas con planes de manejo en ejecución | E20: =IFERROR(E19/E18,"N.A.") -> 1 | F20: =IFERROR(F19/F18,"N.A.") -> N.A. | G20: =IFERROR(G19/G18,0) -> 1
D22: Indicador complementario:
D23: Inversión asociada a la ejecución de los planes de manejo de áreas protegidas (Millones de $)
D24: (*) Adicione tantas filas cuantas sean necesarias.
C25: N | D25: Nombre de acción / proyecto (*) | E25: Nombre de AP | F25: Tipo (continental, marina, costera, insular) | G25: Categoría de AP | H25: Ppto. | I25: Presupuesto | J25: Compromisos | K25: Pagos | L25: Observaciones
H26: Inicial | I26: Definitivo
D27: Acciones de limpieza, guardarrayado Besotes | E27: Los Besotes | F27: Continental | G27: Regional
D40: Total | H40: =SUM(H27:H39) -> 0 | I40: =SUM(I27:I39) -> 0 | J40: =SUM(J27:J39) -> 0 | K40: =SUM(K27:K39) -> 0
B41: Interpretación | D41: Cuanto más cercano a cien por ciento, mayores son las acciones que la autoridad ambiental realiza para la ejecución de los planes de manejo de las áreas protegidas que están a cargo de la Corporación Autónoma Regional.
B42: Restricciones o Limitaciones | D42: Se pueden presentar situaciones de orden operativo, financiero, político y social que pueden afectar los presupuestos y los cronogramas definidos en el Plan de Acción de la Corporación.
B44: Responsable del reporte de las variables del indicador
B45: 1 | D45: Entidad | E45: Corporación Autónoma Regional del Cesar- Corpocesar
D46: Dependencia | E46: Subdirección General Área Gestión Ambiental
D47: Nombre del funcionario | E47: Wilson Marquez Daza
D48: Cargo | E48: Profesional Universitario
D49: Correo electrónico | E49: recursosnaturales@corpocesar.gov.co
D50: Teléfono | E50: 5748960
D51: Dirección | E51: Carrera 9 No 9-88
B53: Responsable del cálculo del indicador
B54: 1 | D54: Entidad | E54: Ministerio de Ambiente y Desarrollo Sostenible MADS
D55: Dependencia | E55: Dirección de Ordenamiento Territorial y Coordinación del Sistema Ambiental – SINA
D56: Nombre del funcionario
D57: Cargo
D58: Correo electrónico
D59: Teléfono
D60: Dirección
B62: Información sobre la Hoja Metodológica
B63: Fecha | C63: Versión | D63: Datos del autor o de quien ajustó la hoja metodológica | E63: Descripción de los ajustes
B64: 42401 | C64: 0.01 | D64: Hoja Metodológica de referencia: MADS (2016). Hoja metodológica Porcentaje de áreas protegidas con planes de manejo en ejecución (Versión 1.0). Ministerio de Ambiente y Desarrollo Sostenible y Parques Nacionales Naturales.
B66: Observaciones
B67: Se recomienda a las autoridades ambientales que una vez el plan de manejo ya esté aprobado y soportado bajo acto administrativo este sea cargado en la Plataforma del RUNAP. http://runap.parquesnacionales.gov.co)
B71: Descripción del Indicador
B72: Definición | D72: Es la relación entre el número de áreas protegidas con planes de manejo en ejecución y el número de áreas protegidas regionales en jurisdicción de la Corporación registradas en el RUNAP, cuya administración es responsabilidad de la autoridad ambiental. Comprende áreas protegidas tanto continentales como marinas, costeras e insulares.
B73: Pertinencia | D73: Finalidad / Propósito:
D74: El indicador mide que la autoridad ambiental realice acciones dirigidas a la implementación de los planes de manejo de las áreas protegidas, cuya administración es responsabilidad de la autoridad ambiental. De esta manera, la Corporación contribuye a la ejecución a nivel regional de la Política Nacional de Gestión de la Biodiversidad y sus Servicios Ecosistémicos.
D75: Normatividad de soporte:
D76: Decreto 1076 de 2015.
D77: Documentos de referencia:
D78: Política Nacional de Gestión Integral de la Biodiversidad y sus Servicios Ecosistémicos
B79: Metas / Estándares
B81: Marco conceptual | D81: El Convenio sobre Diversidad Biológica, aprobado por la Ley 165 de 1994, señala que los objetivos de conservación de la biodiversidad que se persiguen son: la conservación de la diversidad, la utilización sostenible de sus componentes y la participación justa y equitativa en los beneficios que se deriven del uso de recursos genéticos.
D82: La Decisión VII.28 de la Séptima Conferencia de las Partes -COP 7- del Convenio sobre Diversidad Biológica, aprobó el Programa Temático de Áreas Protegidas que confirma que es indispensable hacer esfuerzos para establecer y mantener sistemas de áreas protegidas, aplicando el enfoque ecosistémico con el objetivo de establecer y mantener sistemas completos, eficazmente manejados y ecológicamente representativos de áreas protegidas.
D83: En tal sentido, el Decreto 1076 de 2015 define un área protegida como una superficie definida geográficamente que haya sido designada, regulada y administrada a fin de alcanzar objetivos específicos de conservación.
D84: El mencionado Decreto, establece las categorías de áreas protegidas nacionales y regionales.
D85: Adicionalmente, el Decreto ibídem, establece que cada una de las áreas protegidas que integran el SINAP contarán con un plan de manejo que será el principal instrumento de planificación que orienta su gestión de conservación para un periodo de cinco (5) años de manera que se evidencien resultados frente al logro de los objetivos de conservación que motivaron su designación y su contribución al desarrollo del SINAP. Este plan deberá formularse dentro del año siguiente a la declaratoria o en el caso de las áreas existentes que se integren al SINAP dentro del año siguiente al registro.
B86: Fórmula de cálculo | D86: Indicador Porcentaje de áreas protegidas con planes de manejo en ejecución
D88: Donde:
D89: PAPME t = Porcentaje de áreas protegidas con planes de manejo en ejecución, en el tiempo t.
D90: APME it = Número de áreas protegidas i con planes de manejo en ejecución, en el tiempo t.
D91: APCAR it = Número de áreas protegidas i cuya administración es responsabilidad de la Corporación Autónoma Regional, en el tiempo t.
D92: Indicador complementario:
D93: Inversión asociada a la ejecución de los planes de manejo de áreas protegidas
D95: Donde:
D96: IPMAP t = Inversión asociada a la ejecución de los planes de manejo de las áreas protegidas a cargo de la Corporación Autónoma Regional, en el año t.
D97: PDAP i = Presupuesto definitivo asociado a la ejecución del plan de manejo del área protegida i, en el año t.

Sheet 13Amenaz
A2: ='Datos Generales'!C5 -> 0
A3: ANEXO NO. 3. MATRIZ DE REPORTE DE AVANCE DE INDICADORES MÍNIMOS DE GESTIÓN INCORPORADOS EN LA RESOLUCIÓN 667 DE 2016
A4: PERIODO REPORTADO: | E4: ='Datos Generales'!C6 -> 0
A5: Porcentaje de especies amenazadas con medidas de conservación y manejo en ejecución
B6: (Hoja metodológica versión 1,00) | F6: Datos reportados por la Corporación
F7: Datos establecidos por el MADS
B8: Año | C8: 2020 | D8: =IF(E10="NO APLICA","NO APLICA",IF(E11="NO SE REPORTA","SIN INFORMACION",+Q22)) -> 1 | F8: Datos calculados por el sistema
B9: VOLVER AL INDICE
B10: ¿El Indicador aplica por las especificades ambientales regionales? | E10: SI APLICA | F10: =IF(E10="NO APLICA"," ESCRIBA EL NÚMERO DEL ACUERDO DEL CONSEJO DIRECTIVO EN EL CUAL DECIDE LA NO PROCEDENCIA DE LA APLICACIÓN DEL INDICADOR",IF(E11="NO SE REPORTA"," ESCRIBA EL NÚMERO DEL ACUERDO DEL CONSEJO DIRECTIVO EN LA CUAL SE APRUEBA LA AGENDA DE IMPLEMENTACION DEL INDICADOR",""))
D11: =IF(E10="SI APLICA","¿El indicador no se reporta por limitaciones de información disponible? ","") -> ¿El indicador no se reporta por limitaciones de información disponible? | E11: SI SE REPORTA
D12: =IF(E11="SI SE REPORTA","¿Qué programas o proyectos del Plan de Acción están asociados al indicador? ","") -> ¿Qué programas o proyectos del Plan de Acción están asociados al indicador?
D13: Observaciones
B15: Metodología de cálculo | D15: Para su cálculo, se reporta la siguiente información: | Q15: Total
D16: Variable | E16: ESPECIES AMENAZADAS CONTINENTALES | K16: ESPECIES AMENAZADAS MARINAS
E17: FLORA | H17: FAUNA | K17: FLORA | N17: FAUNA
E18: CR | F18: EN | G18: VU | H18: CR | I18: EN | J18: VU | K18: CR | L18: EN | M18: VU | N18: CR | O18: EN | P18: VU
D19: Número de especies amenazadas presentes en la jurisdicción | F19: 4 | G19: 1 | H19: 4 | I19: 3 | J19: 9 | Q19: =SUM(E19:P19) -> 21
D20: Número de especies amenazadas con medidas de conservación y manejo formulado | F20: 0 | G20: 0 | H20: 1 | I20: 1 | J20: 1 | Q20: =SUM(E20:P20) -> 3
D21: Número de especies amenazadas con medidas de conservación y manejo en ejecución | F21: 0 | G21: 0 | H21: 1 | I21: 1 | J21: 1 | Q21: =SUM(E21:P21) -> 3
D22: Porcentaje de especies amenazadas con medidas de conservación y manejo en ejecución | E22: =IFERROR(E21/E20,"N.A.") -> N.A. | F22: =IFERROR(F21/F20,"N.A.") -> N.A. | G22: =IFERROR(G21/G20,"N.A.") -> N.A. | H22: =IFERROR(H21/H20,"N.A.") -> 1 | I22: =IFERROR(I21/I20,"N.A.") -> 1 | J22: =IFERROR(J21/J20,"N.A.") -> 1 | K22: =IFERROR(K21/K20,"N.A.") -> N.A. | L22: =IFERROR(L21/L20,"N.A.") -> N.A. | ... Q22: =IFERROR(Q21/Q20,"N.A.") -> 1
D23: (CR) Especie en peligro crítico
D24: (EN) Especie en peligro
D25: (VU) Especie vulnerable
D26: Indicador complementario:
D27: Inversión asociada a la ejecución de las medidas de conservación y manejo de especies amenazadas (Millones de $)
D28: (*) Adicione tantas filas cuantas sean necesarias.
C29: N | D29: Nombre de acción / proyecto (*) | E29: Tipo (Continental o marina) | F29: Tipo (Flora o fauna) | G29: Nombre (común y/o científico) | H29: Ppto. | I29: Presupuesto | J29: Compromisos | K29: Pagos | L29: Observaciones
H30: Inicial | I30: Definitivo
D31: Implementación de medidas de manejo | E31: Continental | F31: Oso de anteojos | G31: Tremarctos ornatus
D32: Implementación de medidas de manejo | E32: Continental | F32: Paujil Copete de Piedra | G32: Crax Alberti
D33: Implementación de medidas de manejo | E33: Continental | F33: Condor Andino | G33: Vultur gryphus
D34: Implementación de medidas de manejo | E34: Continental | F34: Jaguar | G34: Panthera Onca
D40: Total | H40: =SUM(H31:H39) -> 0 | I40: =SUM(I31:I39) -> 0 | J40: =SUM(J31:J39) -> 0 | K40: =SUM(K31:K39) -> 0
B41: Interpretación | D41: Cuanto más cercano a cien por ciento, mayores son las acciones que la autoridad ambiental realiza para la ejecución de las medidas de conservación y manejo de las especies amenazadas que cuentan con plan de manejo, dadas las prioridades regionales que se han definido en este campo.
B42: Restricciones o Limitaciones | D42: Se pueden presentar situaciones de orden operativo, financiero, político y social que pueden afectar los presupuestos y los cronogramas definidos en el Plan de Acción de la Corporación.
B44: Responsable del reporte de las variables del indicador
B45: 1 | D45: Entidad
D46: Dependencia | E46: Corporación Autónoma Regional del Cesar- Corpocesar
D47: Nombre del funcionario | E47: Subdirección General Área Gestión Ambiental
D48: Cargo | E48: Julio Fernandez Lascarro
D49: Correo electrónico | E49: Subdirector
D50: Teléfono | E50: subdirector.ambiental@corpocesar.gov.co
D51: Dirección | E51: 5748960
E52: Km 1 Vía a La Paz UIC Casa e Campo Frente a la Feria Ganadera
B53: Responsable del cálculo del indicador
B54: 1 | D54: Entidad | E54: Ministerio de Ambiente y Desarrollo Sostenible - MADS
D55: Dependencia | E55: Dirección de Ordenamiento Territorial y Coordinación del Sistema Ambiental – SINA
D56: Nombre del funcionario
D57: Cargo
D58: Correo electrónico
D59: Teléfono
D60: Dirección
B63: Información sobre la Hoja Metodológica
B64: Fecha | C64: Versión | D64: Datos del autor o de quien ajustó la hoja metodológica | E64: Descripción de los ajustes
B65: 42401 | C65: 0.01 | D65: Hoja Metodológica de referencia: MADS (2016). Hoja metodológica Porcentaje de especies amenazadas con medidas de manejo en ejecución (Versión 1.0). Ministerio de Ambiente y Desarrollo Sostenible MADS, DGOAT-SINA, DBBSE y DAMCRA.
B67: Observaciones
B68: - La formulación de las medidas de conservación y manejo estaran a cargo del MADS y/o de las CARs.
